Workbook

Sheet TOC
E1: დანართი №5.5
A2: სარჩევი | D2: ლიცენზიის ტიპი | H2: განაწილება, მიწოდება
A4: ფინანსური ანგარიშები
A7: ცხრილი 1 | B7: შემოსავლის განაცხადი რეგულირების მიზნებისთვის
A8: ცხრილი 2 | B8: ფინანსური მდგომარეობის განაცხადი რეგულირების მიზნებისთვის
A9: ცხრილი 3 | B9: ძრითადი საშუალებების მოძრაობა
A10: ცხრილი 4 | B10: რეგულირებადი ხარჯების ჩამონათვალი ტიპის მიხედვით
A11: ცხრილი 5 | B11: ძირითადი საშუალებების ჩამონათვალი სადგურის დანიშნულების მიხედვით
A12: ცხრილი 6 | B12: სავარაუდო ბალანსი
A13: ცხრილი 7 | B13: კაპიტალური დანახარჯების ფორმა
A17: არაფინანსური ანგარიში
A19: ცხრილი 8 | B19: არ ვრცელდება მიწოდების განაწილებაზე
A20: ცხრილი 9 | B20: ელექტროენერგიის წარმოების შესახებ ინფორმაცია - არ ვრცელდება მიწოდების განაწილებაზე
A21: ცხრილი 10 | B21: ორგანიზაციული გეგმა
A22: ცხრილი11 | B22: პერსონალის შესახებ ინფორმაციის ფორმა
A23: ცხრილი 12 | B23: ანგარიში გამყიდველის შესახებ
A24: ცხრილი 13 | B24: ანგარიში დაკავშირებული პირების ტრანზაქციების შესახებ

Sheet Table 1
A1: Statement | B1: Income statement
A2: Entry/Cum | B2: entry account
A3: Activity (1) | B3: (Multiple Items)
F5: წინა პერიოდის შედეგები | G5: საანგარიშგებო პერიოდის შედეგები
A6: 6 საოპერაციო შემოსავალი
B7: 61 საოპერაციო შემოსავალი
C8: 6100 საოპერაციო შემოსავალი
D9: 6100.1 შემოსავალი: რეგულირებადი ელექტროენერგეტიკული საქმიანობა განაწილება(მიწოდება)
E10: 6100.14 შემოსავალი: ელექტროენერგეტიკული საქმიანობა, განაწილება(მიწოდება)
C11: 6110 შემოსავალი რეალიზაციიდან
D12: " "
E13: " "
C14: 6120 გაყიდული საქონელის დაბრუნება და ფასდათმობა
D15: " "
E16: " "
C17: 6190 სხვა საოპერაციო ხარჯი
D18: " "
E19: " "
A20: 7 საოპერაციო ხარჯები
B21: 71 გაყიდული პროდუქტის ღირებულება (საქონლის მწარმოებელი და მომსახურების გამწევი მრეწველობები)
C22: 7110 მასალები / შეძენილი
D23: " "
E24: " "
C25: 7120 პირდაპირი ხელფასი
D26: " "
E27: " "
C28: 7130 პირდაპირი შრომის გადასახადები და სოციალური დაზღვევა
D29: " "
E30: " "
C31: 7140 არაპირდაპირი მასალები (შესყიდული)
D32: " "
E33: " "
C34: 7150 არაპირდაპირი შრომა
D35: " "
E36: " "
C37: 7160 არაპირდაპირი შრომის გადასახადების და სარგებლის ხარჯები
D38: " "
E39: " "
C40: 7170 ცვეთა და ამორტიზაცია
D41: " "
E42: " "
C43: 7180 შეკეთებისა და შენახვის ხარჯები
D44: " "
E45: " "
C46: 7185 სასაქონლო მატერიალური მარაგის კორექტირება
D47: " "
E48: " "
C49: 7190 სხვა საოპერაციო ხარჯები
D50: " "
E51: " "
B52: 72 გაყიდული საქონლის ღირებულება (სავაჭრო დაწესებულებები)
C53: 7210 გაყიდული/შეძენილი საქონელი
D54: " "
E55: " "
C56: 7220 გაყიდული საქონლის დაბრუნება/ფასდათმობა
D57: " "
E58: " "
C59: 7290 მარაგების კორექტირება
D60: " "
E61: " "
B62: 73 გაყიდვის ხარჯები
C63: 7310 რეკლამის ხარჯები
D64: " "
E65: " "
C66: 7320 შრომის ანაზღაურების და საკომისიოს ხარჯები
D67: " "
E68: " "
C69: 7330 დანარიცხი ხელფასზე
D70: " "
E71: " "
C72: 7340 ტრანსპორტირებისა და შენახვის ხარჯები
D73: " "
E74: " "
C75: 7390 გაყიდვასთან დაკავშირებული სხვა ხარჯები
D76: " "
E77: " "
B78: 74 ზოგადი და ადმინისტრციული ხარჯები
C79: 7410 სახელფასო ხარჯები
D80: " "
E81: " "
C82: 7415 სოციალური დაზღვევის ხარჯები
D83: " "
E84: " "
C85: 7420 საოპერაციო ლიზინგი
D86: " "
E87: " "
C88: 7425 ოფისის მარაგები
D89: " "
E90: " "
C91: 7430 საკომუნიკაციო ხარჯები
D92: " "
E93: " "
C94: 7435 დაზღვევა
D95: " "
E96: " "
C97: 7440 შეკეთება
D98: " "
E99: " "
C100: 7445 კომპიუტერული ხარჯები
D101: " "
...

Sheet Table 2
A1: Statement | B1: Balance Sheet
A2: Entry/Cum | B2: entry account
A3: Activity (1) | B3: (Multiple Items)
F5: პერიოდის საწყისი ბალანსი | G5: პერიოდის საბოლოო ბალანსი
A6: 1 მიმდინარე აქტივები
B7: 11 ნაღდი ფული სალაროში
C8: 1110 ნაღდი ფული ეროვნულ ვალუტაში
D9: " "
E10: " "
C11: 1120 ნაღდი ფული უცხოურ ვალუტაში
D12: " "
E13: " "
B14: 12 ფული საბანკო ანგარიშზე
C15: 1210 ეროვნული ვალუტა რეზიდენტ ბანკში
D16: " "
E17: " "
C18: 1220 უცხოური ვალუტა რეზიდენტ ბანკში
D19: " "
E20: " "
C21: 1230 უცხოური ვალუტა არარეზიდენტ ბანკში
D22: " "
E23: " "
C24: 1290 ფული სხვა საბანკო ანგარიშზე
D25: " "
E26: " "
B27: 13 მოკლევადიანი ინვესტიციები
C28: 1310 საწარმოს ფასიანი ქაღალდები
D29: " "
E30: " "
C31: 1320 სახელმწიფოს ფასიანი ქაღალდები
D32: " "
E33: " "
C34: 1330 გრძელვადიანი ინვესტიციების მიმდინარე ნაწილი
D35: " "
E36: " "
C37: 1390 სხვა მოკლევადიანი ინვესტიციები
D38: " "
E39: " "
B40: 14 მოკლევადიანი მოთხოვნები
C41: 1410 მოთხოვნები მიწოდებიდან და მომსახურებიდან
D42: 1410.1 მოთხოვნები რეგულირებადი საქმიანობიდან
E43: 1410.14 მოთხოვნები რეგულირებადი განაწილების (მიწოდება) მომსახურებიდან
D44: 1410.2 მოთხოვნები არარეგულირებადი საქმიანობიდან
E45: " "
C46: 1415 საეჭვო მოთხოვნების კორექტირება
D47: " "
E48: " "
C49: 1420 მოთხოვნები შვილობილი საწარმოს მიმართ
D50: " "
E51: " "
C52: 1430 მოთხოვნები საწარმოს პერსონალის მიმართ
D53: " "
E54: " "
C55: 1440 მოთხოვნები ხელმძღვანელების და სამეთვალყურეო ორგანოს წევრების მიმართ
D56: " "
E57: " "
C58: 1450 მოთხოვნები გაცემული სესხიდან
D59: " "
E60: " "
C61: 1460 მოთხოვნები პარტნიორთა შენატანზე
D62: " "
E63: " "
C64: 1470 გრძელვადიანი მოთხოვნების მიმდინარე ნაწილი
D65: " "
E66: " "
C67: 1480 მიმწოდებლისთვის გადახდილი ავანსი
D68: " "
E69: " "
C70: 1485საბაჟოზე გადახდილი ავანსი
D71: " "
E72: " "
C73: 1490 სხვა მოკლევადიანი მოთხოვნები
D74: " "
E75: " "
B76: 15 მოკლევადიანი სათამასუქო მოთხოვნები
C77: 1510ერთი წლის განმავლობაში ასანაზღაურებელი სათამასუქო მოთხოვნები
D78: " "
E79: " "
C80: 1520 გრძელვადიანი მოთხოვნების მიმდინარე ნაწილი
D81: " "
E82: " "
B83: 16 ინვენტარი
C84: 1610 საქონელი
D85: " "
E86: " "
C87: 1620 ნედლეული და მასალები
D88: " "
E89: " "
C90: 1630 დაუმთავრებელი წარმოება
D91: " "
E92: " "
C93: 1635 შუალედური ანგარიში
D94: " "
E95: " "
C96: 1640 მზა პროდუქცია
D97: " "
E98: " "
C99: 1690 სხვა ინვენტარი (საწვავი, ტარა)
D100: " "
E101: " "
...

Sheet Table 3
A1: კომპანიის სახელწოდება | C1: ანგარიშგების პერიოდი | G1: წარსადგენი ვერსია
A3: ძირითადი საშუალებების საბუღალტრო კოდი (ოთხნიშნა) | B3: ჯგუფის სახელწოდება | C3: პერიოდის დასაწყისისთვის ისტორიული ხარჯი | D3: პერიოდის დასაწყისისთვის აკუმულირებული ცვეთა | E3: ნებისმიერი სხვა მოძრაობა პერიოდის დასაწყისისთვის | F3: ნარჩენი საბალანსო ღირებულება პერიოდის დასაწყისში | G3: დამატებები | H3: ამოღება | I3: ზარალიt | J3: ცვეთის რაოდენობა | K3: საანგარიშგებო პერიოდისთვის ცვეთის დანახარჯი | L3: პერიოდის დასასრულისთვის ნარჩენი საბალანსო ღირებულება | O3: ცვეთის კოეფიციენტი | P3: სალიკვიდაციო ღირებულება | Q3: ცვეთის მეთოდი | R3: ჯგუფის საშუალო ასაკი
A4: 1 | B4: 2 | C4: 3 | D4: 4 | E4: 5 | F4: 6 | G4: 7 | H4: 8 | I4: 9 | J4: 10 | K4: 11 | L4: 12 | O4: 13 | P4: 14 | Q4: 15 | R4: 16
A5: 2110 | B5: მიწა
A6: 2120 | B6: დაუმთავრებელი მშენებლობები
A7: 2130 | B7: შენობები
A8: 2140 | B8: ნაგებობები
A9: 2150 | B9: მანქანა-დანადგარები
A10: 2155 | B10: გადამცემი საშუალებები
A11: 2157 | B11: შენატანები და გრანტები
A12: 2160 | B12: ოფისის აღჭურვილობა
A13: 2170 | B13: ავეჯი და სხვა საშუალებები
A14: 2180 | B14: სატრანსპორტო საშუალებები
A15: 2185 | B15: ინსტრუმენტები და სხვა გამოყენებული ძრითადი საშუალებები
A16: 2190 | B16: საიჯარო ქონების გაუმჯობესებანი
... A22: 2590 | B22: სხვა არამატერიალური საშუალებები
B23: ჯამი

Sheet Table 4
A1: Statement | B1: Managerial Accounting
A2: Entry/Cum | B2: entry account
A3: Activity (1) | B3: (Multiple Items)
I5: Prior Period Results | J5: Reporting Period Results
A6: 7 საოპერაციო ხარჯები
B7: 71 გაყიდული პროდუქტის ხარჯი (წარმოებისა და მომსახურების მრეწველობა)
C8: 7100 გაყიდული პროდუქტის ხარჯი (წარმოებისა და მომსახურების მრეწველობა)
D9: 7100.1 ელექტროენერგიის/რეგულირებადი საქმიანობის როდუქციის(მომსახურების) ღირებულება
E10: 7100.14 რეგულირებადი ელექტროენერგიის განაწილების(მიწოდების)საქმიანობის ხარჯები
F11: 7100.141 აქტიური ელექტროენერგიის მიწოდების ხარჯი
G12: 7100.1411 ელექტროენერგიის შეძენის ხარჯი
H13: 7100.14111 გასაყიდად შეძენილი აქტიური ელექტროენერგიის ხარჯი
G14: 7100.1412 საოპერაციო და შენახვის ხარჯები
H15: 7100.14128 გამოყენებული განაწილების(მიწოდების) საშუალებების ცვეთის ხარჯი
H16: 7100.14129 სხვა განაწილების(მიწოდების) საოპერაციო და შენახვის ხარჯები
H17: 7100.14121პერსონალზე გაწეული განაწილების (მიწოდების) საოპერაციო და შენახვის ხარჯები
H18: 7100.14122 მასალაზე გაწეული განაწილების (მიწოდების) საოპერაციო და შენახვის ხარჯები
H19: 7100.14123 აუთსორსინგზე გაწეული განაწილების (მიწოდების) საოპერაციო და შენახვის ხარჯები
H20: 7100.14124 მოხმარებულ ელექტროენერგიასა და სხვა კომუნალურ მომსახურებაზე გაწეული განაწილების (მიწოდების) საოპერაციო და შენახვის ხარჯები
H21: 7100.14125 საოპერაციო იჯარაზე გაწეული განაწილების (მიწოდების) საოპერაციო და შენახვის ხარჯები
G22: 7100.1413 აქტიური ელექტროენერგიის ზარალის ხარჯი
H23: " "
G24: 7100.1419 აქტიური ელექტროენერგიის ზარალის სხვა ხარჯები
H25: " "
F26: 7100.149 სხვა განაწილების(მიწოდების) საქმიანობის ხარჯი
G27: " "
B28: 74 ზოგადი და ადმინისტრაციული დანახარჯები
C29: 7400 ზოგადი და ადმინისტრაციული დანახარჯები
D30: 7400.1 რეგულირებადი ელექტროენერგეტიკული საქმიანობის ზოგადი და ადმინისტრაციული დანახარჯები
E31: 7400.14რეგულირებადი ელექტროენერგეტიკული განაწილების(მიწოდების) საქმიანობის ზოგადი და ადმინისტრაციული ხარჯები
F32: 7400.141 რეგულირებადი ელექტროენერგეტიკული (განაწილების)საქმიანობის ადმინისტრაციული ხარჯები
G33: 7400.1411 ადმინიტრაციის სახელფასო ხარჯები
H34: " "
G35: 7400.1412 საოპერაციო იჯარა
H36: " "
G37: 7400.1413 ოფისის მარაგი
H38: " "
G39: 7400.1414 კომუნიკაცია
G40: 7400.1415 კომუნალური მომსახურებები
G41: 7400.1416 რემონტი
H42: " "
G43: 7400.1417 წარმომადგენლობითი ხარჯები
H44: " "
G45: 7400.1418 ცვეთა
H46: " "
G47: 7400.1419 სხვა რეგულირებადი ელექტროენერგეტიკული ადმინისტრაციის დანახარჯები
F48: 7400.142 რეგულირებადი ელექტროენერგეტიკული განაწილების(მიწოდების) საქმიანობის ძირითადი ხარჯები
G49: 7400.1421 დაზღვევა
H50: " "
G51: 7400.1422 კონსულტაცია და აუდიტი
H52: " "
G53: 7400.1423 ტრეინინგი
G54: 7400.1424 ბანკის გადასახადები და საფასურები
G55: 7400.1425 საქმიანი ვიზიტი
H56: " "
G57: 7400.1426 უიმედო ვალი
H58: " "
G59: 7400.1427 სხვა გადასახადები და ველდებულებები
G60: 7400.1428 ჯარიმები და გადასახადები
H61: " "
G62: 7400.1429 სხვა რეგულირებადი ელექტროენერგიის ზოგადი დანახარჯები
H63: " "

Sheet Table 5
A1: Entry/Cum | B1: entry account
A2: Statement | B2: Balance Sheet
A3: 2hN | B3: (Multiple Items)
A4: Activity (1) | B4: (Multiple Items)
D6: პერიოდის საწყისი ბალანსი | E6: პერიოდის საბოლოო ბალანსი
A7: განაწილება (მიწოდება) / ძირითადი სადგური
B8: 24 | C8: 2110.14 მიწა: რეგულირებადი ელექტროენერგეტიკული საქმიანობა: განაწილება(მიწოდება)
B10: 66 | C10: 2130.14 შენობა: რეგულირებადი ელექტროენერგეტიკული საქმიანობა: განაწილება(მიწოდება)
C11: 2230.14 შენობის აკუმულირებული ცვეთა: რეგულირებადი ელექტროენერგეტიკული საქმიანობა: განაწილება(მიწოდება)
B13: 99 | C13: 2140.14 ნაგებობა: რეგულირებადი ელექტროენერგეტიკული საქმიანობა: განაწილება(მიწოდება)
C14: 2240.14 ნაგებობის აკუმულირებული ცვეთა : რეგულირებადი ელექტროენერგეტიკული საქმიანობა: განაწილება(მიწოდება)
B16: 207 | C16: 2150.14 მანქანა-დანადგარები: რეგულირებადი ელექტროენერგეტიკული საქმიანობა: განაწილება(მიწოდება)
C17: 2250.14 მანქანა-დანადგარების აკუმულირებული ცვეთა: რეგულირებადი ელექტროენერგეტიკული საქმიანობა: განაწილება(მიწოდება)
B19: 325 | C19: 2155.14 გადამცემი საშუალებები: რეგულირებადი ელექტროენერგეტიკული საქმიანობა: განაწილება(მიწოდება)
C20: 2255.14 გადამცემი საშუალებების აკუმულირებული ცვეთა: რეგულირებადი ელექტროენერგეტიკული საქმიანობა: განაწილება(მიწოდება)
B22: 362 | C22: 2157.1411 მესამე მხარის მიერ დაფინანსებული განაწილების (მიწოდების) საშუალებები: საწყისი ღირებულება(მესამე მხარის მიერ დაფინანსებული ღირებულება)
C23: 2257.1411 მესამე მხარის მიერ დაფინანსებული განაწილების (მიწოდების)საშუალებების აკუმულირებული ცვეთა :საწყისი ღირებულება(მესამე მხარის მიერ დაფინანსებული ღირებულება)
B25: 363 | C25: 2157.1412 მესამე მხარის მიერ დაფინანსებული განაწილების(მიწოდების) საშუალებები: საწყისი ღირებულება(მომხმარებლის მიერ გადახდილი ღირებულება)
C26: 2257.1412 მესამე მხარის მიერ დაფინანსებული განაწილების(მიწოდების) საშუალებების აკუმულირებული ცვეთა: საწყისი ღირებულება(მომხმარებლის მიერ გადახდილი ღირებულება)
B28: 364 | C28: 2157.1413 მესამე მხარის მიერ დაფინანსებული განაწილების(მიწოდების) საშუალებები: საწყისი ღირებულება(კომპანიის მიერ გადახდილი ღირებულება)
C29: 2257.1413 მესამე მხარის მიერ დაფინანსებული განაწილების(მიწოდების) საშუალებები: საწყისი ღირებულება(კომპანიის მიერ გადახდილი ღირებულება)
B31: 365 | C31: 2157.1414 მესამე მხარის მიერ დაფინანსებული განაწილების(მიწოდების) საშუალებები : რემონტი, გადაკეთებ და სხვა გაუმჯობესებანი
C32: 2257.1414 მესამე მხარის მიერ დაფინანსებული განაწილების(მიწოდების) საშუალებების აკუმულირებული ცვეთა : რემონტი, გადაკეთებ და სხვა გაუმჯობესებანი
B34: 389 | C34: 2160.141 ოფისის აღჭურვილობა: რეგულირებადი ელექტროენერგეტიკული საქმიანობა, განწილება(მიწოდება),კომპიუტერები და პერიფერული აღჭურვილობა
C35: 2260.141 ოფისის აღჭურვილობის აკუმულირებული ცვეთა: რეგულირებადი ელექტროენერგეტიკული საქმიანობა, განწილება(მიწოდება),კომპიუტერები და პერიფერული აღჭურვილობა
B37: 390 | C37: 2160.142 ოფისის აღჭურვილობა: რეგულირებადი ელექტროენერგეტიკული საქმიანობა, განაწილება(მიწოდება), საკომუნიკაციო აღჭურვილობა და მოწყობილობები
C38: 2260.142 ოფისის აღჭურვილობის აკუმულირებული ცვეთა:რეგულირებადი ელექტროენერგეტიკული საქმიანობა,განაწილება(მიწოდება), საკომუნიკაციო აღჭურვილობა და მოწყობილობები
B40: 391 | C40: 2160.149 ოფისის აღჭურვილობა: რეგულირებადი ელექტროენერგეტიკული საქმიანობა, განაწილება(მიწოდება),სხვა
C41: 2260.149 ოფისის აღჭურვილობის ცვეთა: რეგულირებადი ელექტროენერგეტიკული საქმიანობა, განაწილება(მიწოდება),სხვა
B43: 403 | C43: 2170.14 ავეჯი და სხვა მოწყობილობები: რეგულირებადი ელექტროენერგეტიკული საქმიანობა,განაწილება(ქსელი)
C44: 2270.14 ავეჯი და სხვა მოწყობილობების აკუმულირებული ცვეთა: რეგულირებადი ელექტროენერგეტიკული საქმიანობა,განაწილება(ქსელი)
B46: 424 | C46: 2180.14სატრანსპორტო საშუალებები: რეგულირებადი ელექტროენერგეტიკული საქმიანობა,განაწილება(ქსელი)
C47: 2280.14 სატრანსპორტო საშუალებების აკუმულირებული ცვეთა: რეგულირებადი ელექტროენერგეტიკული საქმიანობა,განაწილება(ქსელი)
B49: 437 | C49: 2185.14 გამოყენებული ინსტრუმენტები და სხვა გრძელვადიანი მატერიალური აქტივები: რეგულირებადი ელექტროენერგეტიკული საქმიანობა,განაწილება(ქსელი)
C50: 2285.14 გამოყენებული ინსტრუმენტებისა და სხვა გრძელვადიანი მატერიალური აქტივების აკუმულირებული ცვეთა: რეგულირებადი ელექტროენერგეტიკული საქმიანობა,განაწილება(ქსელი)
B52: 446 | C52: 2190.14 იჯარით აღებული ქონების გაუმჯობესებანი: რეგულირებადი ელექტროენერგეტიკული საქმიანობა, განაწილება(მიწოდება)
C53: 2290.14 იჯარით აღებული ქონების გაუმჯობესებების აკუმულირებული ცვეთა: რეგულირებადი ელექტროენერგეტიკული საქმიანობა, განაწილება(მიწოდება)
A55: განაწილება(მიწოდება) რეგულირებადი ძირითადი საშუალებები, სამომავალო გამოყენებისთვის
B56: 455 | C56: 2195.14 გამოუყენებელი გრძელვადიანი მატერიალური აქტივები საწყობში:რეგულირებადი ელექტროენერგეტიკული საქმიანობა, განაწილება(მიწოდება)
A58: დაუმთავრებელი მშენებლობის განაწილება(მიწოდება)
B59: 40 | C59: 2120.14 დაუმთავრებელი მშენებლობები: რეგულირებადი ელექტროენერგეტიკული საქმიანობა, განაწილება(მიწოდება)
A61: არარეგულირებადი საქმიანობა
B62: 34 | C62: 2110.9 მიწა: არარეგულირებადი საქმიანობა
B64: 43 | C64: 2120.9 დაუმთავრებელი მშენებლობა: არარეგულირებადი საქმიანობა
B66: 76 | C66: 2130.9 შენობები: არარეგულირებადი საქმიანობა
C67: 2230.9 შენობების აკუმულირებული ცვეთა: არარეგულირებადი საქმიანობა
B69: 112 | C69: 2140.9 ნაგებობები: არარეგულირებადი საქმიანობა
C70: 2240.9 ნაგებობების აკუმულირებული ცვეთა: არარეგულირებადი საქმიანობა
B72: 244 | C72: 2150.9 მანქანა-დანადგარები: არარეგულირებადი საქმიანობა
C73: 2250.9 მანქანა-დანადგარების აკუმულირებული ცვეთა: არარეგულირებადი საქმიანობა
B75: 335 | C75: 2155.9 გადამცემი საშუალებები: არარეგულირებადი საქმიანობა
C76: 2255.9 გადამცემი საშალებების აკუმულირებული ცვეთა: არარეგულირებადი საქმიანობა
B78: 373 | C78: 2157.9 შენატანები და გრანტები: არარეგულირებადი საქმიანობა
C79: 2257.9 შენატანების და გრანტების აკუმულირებული ცვეთა: არარეგულირებადი საქმიანობა
B81: 397 | C81: 2160.9 ოფისის აღჭურვილობა: არარეგულირებადი საქმიანობა
C82: 2260.9 ოფისის აღჭურვილობის აკუმულირებული ცვეთა: არარეგულირებადი საქმიანობა
B84: 406 | C84: 2170.9არარეგულირებადი საქმიანობისთვის გამოყენებული ავეჯი და სხვა მოწყობილობები
C85: 2270.9არარეგულირებადი საქმიანობისთვის გამოყენებული ავეჯისა და სხვა საშუალებების აკუმულირებული ცვეთა
B87: 431 | C87: 2180.9 არარეგულირებადი საქმიანობისთვის გამოყენებული სატრანსპორტო საშუალებები
C88: 2280.9 არარეგულირებადი საქმიანობისთვის გამოყენებული სატრანსპორტო საშუალებების აკუმულირებული ცვეთა
B90: 440 | C90: 2185.9 გამოყენებული ინსტრუმენტები და სხვა გრძელვადიანი მატერიალური აქტივები: არარეგულირებადი საქმიანობა
C91: 2285.9 ინსტრუმენტებისა და სხვა გრძელვადიანი მატერიალური საშუალებების აკუმულირებული ცვეთა: არარეგულირებადი საქმიანობა
B93: 449 | C93: 2190.9 იჯარით აღებული ქონების გაუმჯობესებანი: არარეგულირებადი საქმიანობა
C94: 2290.9 იჯარით აღებული ქონების გაუმჯობესებების აკუმულირებული ცვეთა : არარეგულირებადი საქმიანობა
B96: 458 | C96: 2195.9 გამოუყენებელი გრძელვადიანი მატერიალური აქტივები საწყობში: არარეგულირებადი საქმიანობა

Sheet Table 6
A1: Entry/Cum | B1: entry account
A2: Activity (1) | B2: (Multiple Items)
A4: Statement | B4: ერთიანი საბუღალტრო სააღრიცხვო სისტემის ანგარიში | C4: პერიოდის საწყისი ბალანსი | D4: პერიოდის დებეტის მოძრაობა | E4: პერიოდის კრედიტის მოძრაობა | F4: პერიოდის საბოლოო ბალანსი
A5: სავარაუდო ბალანსი
B6: 1110 ნაღდი ფული ანგარიშზე ეროვნულ ვალუტაში
B7: 1120 ნაღდი ფული ანგარიშზე უცხოურ ვალუტაში
B8: 1210 ეროვნული ვალუტა რეზიდენტ ბანკში
B9: 1220 უცხოური ვალუტა რეზიდენტ ბანკში
B10: 1230 უცხოური ვალუტა არარეზიდენტ ბანკში
B11: 1290 ფული სხვა საბანკო ანგარიშზე
B12: 1310 საწარმოს ფასიანი ქაღალდები
B13: 1320 სახელმწიფო ფასიანი ქაღალდები
B14: 1330 გრძელვადიანი ინვესტიციების მიმდინარე ნაწილი
B15: 1390 სხვა მოკლევადიანი ინვესტიციები
B16: 1410.14 მოთხოვნები რეგულირებადი განაწილების(მიწოდება) საქმიანობიდან
B17: 1410.19 მოთხოვნები რეგულირებადი საქმიანობიდან
... B206: 5490 სხვა რეზერვები და დაფინანსება
A207: შემოსავლის ანგარიში
B208: 6100.1411შემოსავალი
B209: 6100.1412 კორექტირება
B210: 6100.19 შემოსავალი: რეგულირებადი ელექტროენერგეტიკული საქმიანობა, სხვა
B211: 6110 შემოსავალი ვაჭრობიდან
B212: 6120 გაყიდული საქონლის უკან დაბრუნება და ფასდათმობა
B213: 6190 სხვა საოპერაციო შემოსავალი
B214: 7110 მასალები/ შეძენილი
B215: 7120 პირდაპირი გადასახადი
B216: 7130 პირდაპირი შრომის გადასახადები და სოციალური დაზღვევა
B217: 7140 არაპირდაპირი მასსალები(შეძენილი)
B218: 7150 არაპირდაპირი შრომა
B219: 7160 სოციალური დანარიცხები არაპირდაპირ ხელფასზე
... B294: 9210მოგების გადასახადი
A295: მენეჯერული ანგარიშები
B296: 7100.14111 გასაყიდად შეძენილი აქტიური ელექტროენერგიის ხარჯი
B297: 7100.14121 პერსონალზე გაწეული განაწილების (მიწოდების) საოპერაციო და შენახვის ხარჯი
B298: 7100.14122 მასალაზე გაწეული განაწილების (მიწოდების) საოპერაციო და შენახვის ხარჯი
B299: 7100.14123 აუთსორსინგზე გაწეული განაწილების (მიწოდების) საოპერაციო და შენახვის ხარჯი
B300: 7100.14124 მოხმარებულ ელექტროენერგიასა და სხვა კომუნალურ მომსახურებაზე გაწეული განაწილების (მიწოდების) საოპერაციო და შენახვის ხარჯი
B301: 7100.14125 საოპერაციო იჯარაზე გაწეული განაწილების (მიწოდების) საოპერაციო და შენახვის ხარჯი
B302: 7100.14128 გამოყენებული განაწილების(მიწოდების) საშუალებების ცვეთის ხარჯი
B303: 7100.14129 სხვა საქმიანობაზე გაწეული განაწილების (მიწოდების) საოპერაციო და შენახვის ხარჯი
B304: 7100.1413აქტიური ელექტროენერგიის ზარალის ხარჯი
B305: 7100.1419 სხვა აქტიური ელექტროენერგიის ზარალის ხარჯი
B306: 7100.149 განაწილების(მიწოდების) საქმიანობის ხარჯი
B307: 7100.19 სხვა რეგულირებადი ელექტროენერგეტიკული საქმიანობის წარმოების(მომსახურების) ხარჯი
... B326: 7400.19 სხვა რეგულირებადი ელექტროენერგეტიკული საქმიანობის ზოგადი და ადმინისტრაციული ხარჯები
A327: ტრანზიტი
B328: 7700.41 ახალი ძირითადი საშუალებების მშენებლობა(წარმოება) , განაწილება(მიწოდება)
B329: 7700.42 ძირითადი საშუალებების მონტაჟს ხარჯები, განაწილება(მიწოდება)
B330: 7700.43 გამოყენებულ ძირითად საშუალებებზე გაწეული ხარჯები, განაწილება(მიწოდება)
B331: 7700.44 ახალი არამატერიალური გრძალვადიანი აქტივების განვითარება(წარმოება), განაწილება(მიწოდება)
B332: 7700.45 გამოყენებულ არამატერიალურ გრძალვადიანი აქტივებზე გაწეული ხარჯები, განაწილება(მიწოდება)
B333: 7700.91 ახალი ძირითადი საშუალებების აგება(წარმოება) , სხვა
B334: 7700.92 ძირითადი საშუალებების მონტაჟის ხარჯები, სხვა
B335: 7700.93 გამოყენებულ ძირითად საშუალებებზე გაწეული ხარჯები, სხვა
B336: 7700.94 ახალი არამატერიალური გრძელვადიანი აქტივების განვითარება(წარმოება), სხვა
B337: 7700.95 გამოყენებულ არამატერიალურ გრძელვადიან საშუალებებზე გაწეული ხარჯები, სხვა

Sheet heading tables
A1: 1000 | B1: Current Assets (ST Assets) | C1: 1Headings
A2: 1100 | B2: Cash on Hand | C2: 2Headings
A3: 1110 | B3: Cash on Hand Local Currency | C3: Heading & Entry Account | G3: 4 | H3: M
A4: 1120 | B4: Cash on Hand Foreign Currency | C4: Heading & Entry Account | G4: 6 | H4: L1
A5: 1200 | B5: Cash in Bank | C5: 2Headings | G5: 7 | H5: L2
A6: 1210 | B6: Bank - national currency (resident banks) | C6: Heading & Entry Account | G6: 8 | H6: L3
A7: 1220 | B7: Bank - foreign currency (resident banks) | C7: Heading & Entry Account | G7: 9 | H7: L4
A8: 1230 | B8: International Bank-foreign currency | C8: Heading & Entry Account | G8: 10 | H8: L5
A9: 1290 | B9: Cash on other bank account | C9: Heading & Entry Account | G9: 16 | H9: L5
A10: 1300 | B10: ST Investments | C10: 2Headings
A11: 1310 | B11: Marketable securities | C11: Heading & Entry Account
A12: 1320 | B12: Government securities | C12: Heading & Entry Account
A13: 1330 | B13: Current portion of long-term investments | C13: Heading & Entry Account
A14: 1390 | B14: Other short-term investments | C14: Heading & Entry Account
A15: 1400 | B15: ST Receivables | C15: 2Headings
A16: 1410 | B16: Accounts receivable - trade | C16: Head accounts
A17: 1415 | B17: Allowance for doubtful debts | C17: Heading & Entry Account
A18: 1420 | B18: AR from subsidiaries | C18: Heading & Entry Account
A19: 1430 | B19: AR - employees | C19: Heading & Entry Account
A20: 1440 | B20: AR - officers and directors | C20: Heading & Entry Account
A21: 1450 | B21: AR - partn. on the loans issued | C21: Heading & Entry Account
... A217: 9210 | B217: Profit Tax | C217: Heading & Entry Account
A222: =LEFT(C222,1) -> 1 | B222: Current Assets | C222: 1000
A223: =LEFT(C223,1) -> 2 | B223: Non-current Assets | C223: 2000
A224: =LEFT(C224,1) -> 3 | B224: Current Liabilities | C224: 3000
A225: =LEFT(C225,1) -> 4 | B225: Non-current Liabilities | C225: 4000
A226: =LEFT(C226,1) -> 5 | B226: Equity | C226: 5000
A227: =LEFT(C227,1) -> 6 | B227: Operating Income | C227: 6000
A228: =LEFT(C228,1) -> 7 | B228: Operating Expenses | C228: 7000
A229: =LEFT(C229,1) -> 8 | B229: Non-Operating Income and Expense | C229: 8000
A230: =LEFT(C230,1) -> 9 | B230: Extraordinary Gains or Losses | C230: 9000
A233: =LEFT(C233,2) -> 11 | B233: Cash on Hand | C233: 1100
A234: =LEFT(C234,2) -> 12 | B234: Cash in Bank | C234: 1200
A235: =LEFT(C235,2) -> 13 | B235: ST Investments | C235: 1300
A236: =LEFT(C236,2) -> 14 | B236: ST Receivables | C236: 1400
A237: =LEFT(C237,2) -> 15 | B237: ST Notes Receivable | C237: 1500
A238: =LEFT(C238,2) -> 16 | B238: Inventory | C238: 1600
A239: =LEFT(C239,2) -> 17 | B239: Prepaid expenses | C239: 1700
A240: =LEFT(C240,2) -> 18 | B240: Accrued receivables | C240: 1800
A241: =LEFT(C241,2) -> 19 | B241: Other Current Assets | C241: 1900
A242: =LEFT(C242,2) -> 21 | B242: Fixed Assets | C242: 2100
A243: =LEFT(C243,2) -> 22 | B243: Depreciation of Fixed Assets | C243: 2200
A244: =LEFT(C244,2) -> 23 | B244: Long-Term Receivables | C244: 2300
... A270: =LEFT(C270,2) -> 92 | B270: Other Expenses | C270: 9200

Sheet Capital expenditure form

Sheet Table 7 
A1: კომპანიის სახელწოდება | C1: ანგარიშგების პერიოდი | G1: წარსადგენი ვერსია
A3: ეს ფორმაში შეიტანება საანგარიშგებო პერიოდში აშენებული და/ან შექმნილი და ამოქმედებული ყველა კაპიტალური აქტივი - 20 000 ლარზე ზევით
A5: აქტივის საბუღალტრო-სააღრიცხვო კოდი | B5: ძირითადი საშუალებების კოდი | C5: აქტივის სახელწოდება | D5: მიზანი | E5: საკუთარი სახსრებით მშენებლობა / გარე კონტრაქტორი
A9: გთხოვთ მიუთითოთ აქტივების ზოგადი აღწერილობა და მისი მახასიათებლები
A18: ხარჯების ჩამონათვალი ფუნქციის მიხედვით | B18: შრომა | D18: მასალები და მარაგები | F18: საწვავი | H18: სხვა ხარჯები | I18: საერთო ჯამი
B19: რაოდენობა და მოცულობა | C19: საერთო ჯამი | D19: რაოდენობა და მოცულობა | E19: საერთო ჯამი | F19: რაოდენობა და მოცულობა | G19: საერთო ჯამი
A26: ჯამი

Sheet Table 8
A1: Company Name | D1: Reporting Period | G1: Submission Version
A4: km of lines - underground
A8: Km of underground lines by voltage
A9: -
A10: -
A11: -
A12: -
A13: -
A14: -
A16: Km of overhead lines
A17: -
A18: -
A19: -
... A25: Number of Power transformers (companies are encouraged to give farther subgroups if they wish to do so)

Sheet Table 9 
A2: ='Table 8'!A1 -> Company Name | D2: ='Table 8'!D1 -> Reporting Period | G2: ='Table 8'!G1 -> Submission Version
A5: Type of Generation Plant
A6: Installed Capacity
B11: Quantity | C11: GEL Amount | D11: Fuel Type and dimension
A12: Fuel Purchases
B14: Quantity | E14: Quantity
A15: Electricity Produced | D15: Electricity Self Consumption
B17: Quantity | C17: GEL Amount
A18: Electricity Sold

Sheet Table 10
A3: ლიცენზიანტებმა უნდა წარმოადგინონ ორგანიზაციული გეგმა ამ ფორმაში.

Sheet Table 11
A2: კომპანიის სახელწოდება | C2: ანგარიშგების პერიოდი | G2: წარსადგენი ვერსია
A4: ფორმას აქვს სტატისტიკური, შედარებითი და ჯვარედინი შემოწმების ფუნქცია
A7: ადმინისტრაციული დაწესებულების სახელწოდება | B7: ფუნქციები | C7: დაქირავებულთა რაოდენობა | D7: მინიმალური ხელფასი | E7: მაქსიმალური ხელფასი | F7: საშუალო ხელფასი | G7: საბუღალტრო აღრიცხვის პერიოდში გადარიცხული ხელფასის საერთო ჯამი | H7: კაპიტალური დანახარჯებისთვის განაწილებული ხელფასის საერთო ჯამი
A21: ჯამი
A23: დირექტორთა საბჭოს თაობაზე ინფორმაცია
A24: თანამდებობის დასახელება | B24: ხელფასი | C24: სხვა დანარჩენი სარგებელი | D24: ანაზღაურების ჯამი
A38: Total

Sheet Table 12
A1: ='[1]table 13'!A1 -> კომპანიის სახელწოდება | D1: ='[1]table 13'!C1 -> ანგარიშგების პერიოდი | G1: ='[1]table 13'!G1 -> წარსადგენი ვერსია
A4: ეს ფორმა უნდა შეივსოს პროდუქტის/სერვისის 20 საუკეთესო მიმწოდებელთან დაკავშირებით.
A7: გამყიდველის სახელი | B7: დაკავშირებული მხარეY/N | C7: კონტრაქტის აღწერილობა | D7: კონტრაქტის ღირებულება (მსგავსი კონტრაქტები) | E7: გამყიდველის შერჩევის ფორმა | F7: პროდუქტის მიწოდების/მომსახურების გაწევის თარიღი | G7: შენიშვნები

Sheet Table 13
A1: კომპანიის სახელწოდება | C1: ანგარიშგების პერიოდი | G1: წარსადგენი ვერსია
A4: ეს ფორმა უნდა შეივსოს ნებისმიერი ღონისძიებისას, როდესაც პროდუქტის/სერვისის მიმწოდებელი იყო დაკავშრებული პირი *
A5: * (კომპანიებმა იმის განსასაზღვრად თუ ვინ არის დაკავშირებული პირი უნდა გამოიყენონ საქართველოს საგადასახადო კოდექსის განმარტება)
A10: გამყიდველის სახელი | B10: ურთიერთობა | C10: კონტრაქტის აღწერილობა | D10: კონტრაქტის ღირებულება (მსგავსი კონტრაქტები) | E10: გამყიდველის შერჩევის ფორმა | F10: პროდუქტის მიწოდების/მომსახურების გაწევის თარიღი | G10: დაარსების წელი | H10: შენიშვნები

Sheet coa-database
A1: USOA Acc | B1: Acc Name | C1: Usoa acc # & Name) | D1: Activity (1) | E1: Gnerc L1 | F1: Gnerc L2 | G1: Sub account/entry account | H1: Level | I1: len | J1: Statement | K1: quant | L1: ending | M1: 1H | N1: 2H | O1: 4H | P1: 1Hn | Q1: 2hN | R1: 4HN | S1: 2H for balance sheet | T1: 4H for balance sheet | U1: 2HB | V1: 4HB | W1: 6 | X1: 7 | Y1: 8 | Z1: 9 | AA1: 10 | AB1: 6 name | AC1: 7name | AD1: 8 name | AE1: 9 name | AF1: 10 name | AG1: Reporting Level 1 | AH1: Reporting Level 2 | AI1: Long Names | AJ1: Entry/Cum | AK1: KV | AL1: Plant Number | AM1: Pl Ass. For Reporting Purposes | AN1: Starting Balance of the Period | AO1: Period Debit Movement | AP1: Period Credit Movement | AQ1: Prior Period Results | AR1: Reporting Period Results | AS1: Ending Balance of the Period | AT1: Plant assignment | AZ1: " "
A2: 1000 | B2: Current Assets (ST Assets) | C2: =CONCATENATE(A2," ",B2) -> 1000 Current Assets (ST Assets) | D2: General | E2: 09 Current assets - other | F2: 0 | G2: 1Headings | H2: =VLOOKUP(I2,'heading tables'!$G$3:$H$9,2,FALSE) -> M | I2: =LEN(A2) -> 4 | J2: =IF(ABS(M2)>5,"Income statement","Balance Sheet") -> Balance Sheet | K2: =COUNTIF(O:O,O2) -> 42 | L2: =RIGHT(A2,2) -> 00 | M2: =LEFT($A2,1) -> 1 | N2: =LEFT($A2,2) -> 10 | O2: Not include | P2: =CONCATENATE(M2," ",VLOOKUP(M2,'heading tables'!$A:$C,2,FALSE)) -> 1 Current Assets | Q2: not include | R2: Not include | S2: =N2 -> 10 | T2: =O2 -> Not include | U2: Not Include | V2: Not Include | W2: =IF(LEFT($A2,W$1)=O2,$AZ$1,LEFT($A2,W$1)) -> 1000 | X2: =IF(OR(LEFT($A2,X$1)=W2,W2=$AZ$1),$AZ$1,LEFT($A2,X$1)) -> " " | Y2: =IF(OR(LEFT($A2,Y$1)=X2,X2=$AZ$1),$AZ$1,LEFT($A2,Y$1)) -> " " | Z2: =IF(OR(LEFT($A2,Z$1)=Y2,Y2=$AZ$1),$AZ$1,LEFT($A2,Z$1)) -> " " | AA2: =IF(OR(LEFT($A2,AA$1)=Z2,Z2=$AZ$1),$AZ$1,LEFT($A2,AA$1)) -> " " | AB2: =IFERROR(VLOOKUP(ABS(W2),$A:$C,3,FALSE),$AZ$1) -> 1000 Current Assets (ST Assets) | AC2: =IFERROR(VLOOKUP(ABS(X2),$A:$C,3,FALSE),$AZ$1) -> " " | AD2: =IFERROR(VLOOKUP(ABS(Y2),$A:$C,3,FALSE),$AZ$1) -> " " | AE2: =IFERROR(VLOOKUP(ABS(Z2),$A:$C,3,FALSE),$AZ$1) -> " " | AF2: =IFERROR(VLOOKUP(ABS(AA2),$A:$C,3,FALSE),$AZ$1) -> " " | AI2: Current Assets (ST Assets) | AJ2: Main | AV2: Current Assets (ST Assets) | AW2: =LEN(AV2) -> 26
A3: 1100 | B3: Cash on Hand | C3: =CONCATENATE(A3," ",B3) -> 1100 Cash on Hand | D3: General | E3: 01 Cash on Hand | F3: 0 | G3: 2Headings | H3: =VLOOKUP(I3,'heading tables'!$G$3:$H$9,2,FALSE) -> M | I3: =LEN(A3) -> 4 | J3: =IF(ABS(M3)>5,"Income statement","Balance Sheet") -> Balance Sheet | K3: =COUNTIF(O:O,O3) -> 42 | L3: =RIGHT(A3,2) -> 00 | M3: =LEFT($A3,1) -> 1 | N3: =LEFT($A3,2) -> 11 | O3: Not include | P3: =CONCATENATE(M3," ",VLOOKUP(M3,'heading tables'!$A:$C,2,FALSE)) -> 1 Current Assets | Q3: =CONCATENATE(N3," ",VLOOKUP(N3,'heading tables'!$A:$C,2,FALSE)) -> 11 Cash on Hand | R3: Not include | S3: =N3 -> 11 | T3: =O3 -> Not include | U3: =CONCATENATE(S3," ",VLOOKUP(S3,'heading tables'!$A:$C,2,FALSE)) -> 11 Cash on Hand | V3: Not Include | W3: =IF(LEFT($A3,W$1)=O3,$AZ$1,LEFT($A3,W$1)) -> 1100 | X3: =IF(OR(LEFT($A3,X$1)=W3,W3=$AZ$1),$AZ$1,LEFT($A3,X$1)) -> " " | Y3: =IF(OR(LEFT($A3,Y$1)=X3,X3=$AZ$1),$AZ$1,LEFT($A3,Y$1)) -> " " | Z3: =IF(OR(LEFT($A3,Z$1)=Y3,Y3=$AZ$1),$AZ$1,LEFT($A3,Z$1)) -> " " | AA3: =IF(OR(LEFT($A3,AA$1)=Z3,Z3=$AZ$1),$AZ$1,LEFT($A3,AA$1)) -> " " | AB3: =IFERROR(VLOOKUP(ABS(W3),$A:$C,3,FALSE),$AZ$1) -> 1100 Cash on Hand | AC3: =IFERROR(VLOOKUP(ABS(X3),$A:$C,3,FALSE),$AZ$1) -> " " | AD3: =IFERROR(VLOOKUP(ABS(Y3),$A:$C,3,FALSE),$AZ$1) -> " " | AE3: =IFERROR(VLOOKUP(ABS(Z3),$A:$C,3,FALSE),$AZ$1) -> " " | AF3: =IFERROR(VLOOKUP(ABS(AA3),$A:$C,3,FALSE),$AZ$1) -> " " | AI3: Cash on Hand | AJ3: Main | AV3: Cash on Hand | AW3: =LEN(AV3) -> 12
A4: 1110 | B4: Cash on Hand Local Currency | C4: =CONCATENATE(A4," ",B4) -> 1110 Cash on Hand Local Currency | D4: General | E4: 01 Cash on Hand | F4: 1110 Cash on Hand Local Currency | G4: Heading & Entry Account | H4: =VLOOKUP(I4,'heading tables'!$G$3:$H$9,2,FALSE) -> M | I4: =LEN(A4) -> 4 | J4: =IF(ABS(M4)>5,"Income statement","Balance Sheet") -> Balance Sheet | K4: =COUNTIF(O:O,O4) -> 1 | L4: =RIGHT(A4,2) -> 10 | M4: =LEFT($A4,1) -> 1 | N4: =LEFT($A4,2) -> 11 | O4: =LEFT($A4,4) -> 1110 | P4: =CONCATENATE(M4," ",VLOOKUP(M4,'heading tables'!$A:$C,2,FALSE)) -> 1 Current Assets | Q4: =CONCATENATE(N4," ",VLOOKUP(N4,'heading tables'!$A:$C,2,FALSE)) -> 11 Cash on Hand | R4: =CONCATENATE(O4," ",VLOOKUP(ABS(O4),'heading tables'!$A:$C,2,FALSE)) -> 1110 Cash on Hand Local Currency | S4: =N4 -> 11 | T4: =O4 -> 1110 | U4: =CONCATENATE(S4," ",VLOOKUP(S4,'heading tables'!$A:$C,2,FALSE)) -> 11 Cash on Hand | V4: =CONCATENATE(T4," ",VLOOKUP(ABS(T4),'heading tables'!$A:$C,2,FALSE)) -> 1110 Cash on Hand Local Currency | W4: =IF(LEFT($A4,W$1)=O4,$AZ$1,LEFT($A4,W$1)) -> " " | X4: =IF(OR(LEFT($A4,X$1)=W4,W4=$AZ$1),$AZ$1,LEFT($A4,X$1)) -> " " | Y4: =IF(OR(LEFT($A4,Y$1)=X4,X4=$AZ$1),$AZ$1,LEFT($A4,Y$1)) -> " " | Z4: =IF(OR(LEFT($A4,Z$1)=Y4,Y4=$AZ$1),$AZ$1,LEFT($A4,Z$1)) -> " " | AA4: =IF(OR(LEFT($A4,AA$1)=Z4,Z4=$AZ$1),$AZ$1,LEFT($A4,AA$1)) -> " " | AB4: =IFERROR(VLOOKUP(ABS(W4),$A:$C,3,FALSE),$AZ$1) -> " " | AC4: =IFERROR(VLOOKUP(ABS(X4),$A:$C,3,FALSE),$AZ$1) -> " " | AD4: =IFERROR(VLOOKUP(ABS(Y4),$A:$C,3,FALSE),$AZ$1) -> " " | AE4: =IFERROR(VLOOKUP(ABS(Z4),$A:$C,3,FALSE),$AZ$1) -> " " | AF4: =IFERROR(VLOOKUP(ABS(AA4),$A:$C,3,FALSE),$AZ$1) -> " " | AI4: Cash on Hand Local Currency | AJ4: entry account | AV4: Cash on Hand Local Currency | AW4: =LEN(AV4) -> 27
A5: 1120 | B5: Cash on Hand Foreign Currency | C5: =CONCATENATE(A5," ",B5) -> 1120 Cash on Hand Foreign Currency | D5: General | E5: 01 Cash on Hand | F5: 1120 Cash on Hand Foreign Currency | G5: Heading & Entry Account | H5: =VLOOKUP(I5,'heading tables'!$G$3:$H$9,2,FALSE) -> M | I5: =LEN(A5) -> 4 | J5: =IF(ABS(M5)>5,"Income statement","Balance Sheet") -> Balance Sheet | K5: =COUNTIF(O:O,O5) -> 1 | L5: =RIGHT(A5,2) -> 20 | M5: =LEFT($A5,1) -> 1 | N5: =LEFT($A5,2) -> 11 | O5: =LEFT($A5,4) -> 1120 | P5: =CONCATENATE(M5," ",VLOOKUP(M5,'heading tables'!$A:$C,2,FALSE)) -> 1 Current Assets | Q5: =CONCATENATE(N5," ",VLOOKUP(N5,'heading tables'!$A:$C,2,FALSE)) -> 11 Cash on Hand | R5: =CONCATENATE(O5," ",VLOOKUP(ABS(O5),'heading tables'!$A:$C,2,FALSE)) -> 1120 Cash on Hand Foreign Currency | S5: =N5 -> 11 | T5: =O5 -> 1120 | U5: =CONCATENATE(S5," ",VLOOKUP(S5,'heading tables'!$A:$C,2,FALSE)) -> 11 Cash on Hand | V5: =CONCATENATE(T5," ",VLOOKUP(ABS(T5),'heading tables'!$A:$C,2,FALSE)) -> 1120 Cash on Hand Foreign Currency | W5: =IF(LEFT($A5,W$1)=O5,$AZ$1,LEFT($A5,W$1)) -> " " | X5: =IF(OR(LEFT($A5,X$1)=W5,W5=$AZ$1),$AZ$1,LEFT($A5,X$1)) -> " " | Y5: =IF(OR(LEFT($A5,Y$1)=X5,X5=$AZ$1),$AZ$1,LEFT($A5,Y$1)) -> " " | Z5: =IF(OR(LEFT($A5,Z$1)=Y5,Y5=$AZ$1),$AZ$1,LEFT($A5,Z$1)) -> " " | AA5: =IF(OR(LEFT($A5,AA$1)=Z5,Z5=$AZ$1),$AZ$1,LEFT($A5,AA$1)) -> " " | AB5: =IFERROR(VLOOKUP(ABS(W5),$A:$C,3,FALSE),$AZ$1) -> " " | AC5: =IFERROR(VLOOKUP(ABS(X5),$A:$C,3,FALSE),$AZ$1) -> " " | AD5: =IFERROR(VLOOKUP(ABS(Y5),$A:$C,3,FALSE),$AZ$1) -> " " | AE5: =IFERROR(VLOOKUP(ABS(Z5),$A:$C,3,FALSE),$AZ$1) -> " " | AF5: =IFERROR(VLOOKUP(ABS(AA5),$A:$C,3,FALSE),$AZ$1) -> " " | AI5: Cash on Hand Foreign Currency | AJ5: entry account | AV5: Cash on Hand Foreign Currency | AW5: =LEN(AV5) -> 29
A6: 1200 | B6: Cash in Bank | C6: =CONCATENATE(A6," ",B6) -> 1200 Cash in Bank | D6: General | E6: 02 Cash in Bank | F6: 0 | G6: 2Headings | H6: =VLOOKUP(I6,'heading tables'!$G$3:$H$9,2,FALSE) -> M | I6: =LEN(A6) -> 4 | J6: =IF(ABS(M6)>5,"Income statement","Balance Sheet") -> Balance Sheet | K6: =COUNTIF(O:O,O6) -> 42 | L6: =RIGHT(A6,2) -> 00 | M6: =LEFT($A6,1) -> 1 | N6: =LEFT($A6,2) -> 12 | O6: Not include | P6: =CONCATENATE(M6," ",VLOOKUP(M6,'heading tables'!$A:$C,2,FALSE)) -> 1 Current Assets | Q6: =CONCATENATE(N6," ",VLOOKUP(N6,'heading tables'!$A:$C,2,FALSE)) -> 12 Cash in Bank | R6: Not include | S6: =N6 -> 12 | T6: =O6 -> Not include | U6: =CONCATENATE(S6," ",VLOOKUP(S6,'heading tables'!$A:$C,2,FALSE)) -> 12 Cash in Bank | V6: Not Include | W6: =IF(LEFT($A6,W$1)=O6,$AZ$1,LEFT($A6,W$1)) -> 1200 | X6: =IF(OR(LEFT($A6,X$1)=W6,W6=$AZ$1),$AZ$1,LEFT($A6,X$1)) -> " " | Y6: =IF(OR(LEFT($A6,Y$1)=X6,X6=$AZ$1),$AZ$1,LEFT($A6,Y$1)) -> " " | Z6: =IF(OR(LEFT($A6,Z$1)=Y6,Y6=$AZ$1),$AZ$1,LEFT($A6,Z$1)) -> " " | AA6: =IF(OR(LEFT($A6,AA$1)=Z6,Z6=$AZ$1),$AZ$1,LEFT($A6,AA$1)) -> " " | AB6: =IFERROR(VLOOKUP(ABS(W6),$A:$C,3,FALSE),$AZ$1) -> 1200 Cash in Bank | AC6: =IFERROR(VLOOKUP(ABS(X6),$A:$C,3,FALSE),$AZ$1) -> " " | AD6: =IFERROR(VLOOKUP(ABS(Y6),$A:$C,3,FALSE),$AZ$1) -> " " | AE6: =IFERROR(VLOOKUP(ABS(Z6),$A:$C,3,FALSE),$AZ$1) -> " " | AF6: =IFERROR(VLOOKUP(ABS(AA6),$A:$C,3,FALSE),$AZ$1) -> " " | AI6: Cash in Bank | AJ6: Main | AV6: Cash in Bank | AW6: =LEN(AV6) -> 12
A7: 1210 | B7: Bank - national currency (resident banks) | C7: =CONCATENATE(A7," ",B7) -> 1210 Bank - national currency (resident banks) | D7: General | E7: 02 Cash in Bank | F7: 1210 Bank - national currency (resident banks) | G7: Heading & Entry Account | H7: =VLOOKUP(I7,'heading tables'!$G$3:$H$9,2,FALSE) -> M | I7: =LEN(A7) -> 4 | J7: =IF(ABS(M7)>5,"Income statement","Balance Sheet") -> Balance Sheet | K7: =COUNTIF(O:O,O7) -> 1 | L7: =RIGHT(A7,2) -> 10 | M7: =LEFT($A7,1) -> 1 | N7: =LEFT($A7,2) -> 12 | O7: =LEFT($A7,4) -> 1210 | P7: =CONCATENATE(M7," ",VLOOKUP(M7,'heading tables'!$A:$C,2,FALSE)) -> 1 Current Assets | Q7: =CONCATENATE(N7," ",VLOOKUP(N7,'heading tables'!$A:$C,2,FALSE)) -> 12 Cash in Bank | R7: =CONCATENATE(O7," ",VLOOKUP(ABS(O7),'heading tables'!$A:$C,2,FALSE)) -> 1210 Bank - national currency (resident banks) | S7: =N7 -> 12 | T7: =O7 -> 1210 | U7: =CONCATENATE(S7," ",VLOOKUP(S7,'heading tables'!$A:$C,2,FALSE)) -> 12 Cash in Bank | V7: =CONCATENATE(T7," ",VLOOKUP(ABS(T7),'heading tables'!$A:$C,2,FALSE)) -> 1210 Bank - national currency (resident banks) | W7: =IF(LEFT($A7,W$1)=O7,$AZ$1,LEFT($A7,W$1)) -> " " | X7: =IF(OR(LEFT($A7,X$1)=W7,W7=$AZ$1),$AZ$1,LEFT($A7,X$1)) -> " " | Y7: =IF(OR(LEFT($A7,Y$1)=X7,X7=$AZ$1),$AZ$1,LEFT($A7,Y$1)) -> " " | Z7: =IF(OR(LEFT($A7,Z$1)=Y7,Y7=$AZ$1),$AZ$1,LEFT($A7,Z$1)) -> " " | AA7: =IF(OR(LEFT($A7,AA$1)=Z7,Z7=$AZ$1),$AZ$1,LEFT($A7,AA$1)) -> " " | AB7: =IFERROR(VLOOKUP(ABS(W7),$A:$C,3,FALSE),$AZ$1) -> " " | AC7: =IFERROR(VLOOKUP(ABS(X7),$A:$C,3,FALSE),$AZ$1) -> " " | AD7: =IFERROR(VLOOKUP(ABS(Y7),$A:$C,3,FALSE),$AZ$1) -> " " | AE7: =IFERROR(VLOOKUP(ABS(Z7),$A:$C,3,FALSE),$AZ$1) -> " " | AF7: =IFERROR(VLOOKUP(ABS(AA7),$A:$C,3,FALSE),$AZ$1) -> " " | AI7: Bank - national currency (resident banks) | AJ7: entry account | AV7: Bank - national currency (resident banks) | AW7: =LEN(AV7) -> 41
A8: 1220 | B8: Bank - foreign currency (resident banks) | C8: =CONCATENATE(A8," ",B8) -> 1220 Bank - foreign currency (resident banks) | D8: General | E8: 02 Cash in Bank | F8: 1220 Bank - foreign currency (resident banks) | G8: Heading & Entry Account | H8: =VLOOKUP(I8,'heading tables'!$G$3:$H$9,2,FALSE) -> M | I8: =LEN(A8) -> 4 | J8: =IF(ABS(M8)>5,"Income statement","Balance Sheet") -> Balance Sheet | K8: =COUNTIF(O:O,O8) -> 1 | L8: =RIGHT(A8,2) -> 20 | M8: =LEFT($A8,1) -> 1 | N8: =LEFT($A8,2) -> 12 | O8: =LEFT($A8,4) -> 1220 | P8: =CONCATENATE(M8," ",VLOOKUP(M8,'heading tables'!$A:$C,2,FALSE)) -> 1 Current Assets | Q8: =CONCATENATE(N8," ",VLOOKUP(N8,'heading tables'!$A:$C,2,FALSE)) -> 12 Cash in Bank | R8: =CONCATENATE(O8," ",VLOOKUP(ABS(O8),'heading tables'!$A:$C,2,FALSE)) -> 1220 Bank - foreign currency (resident banks) | S8: =N8 -> 12 | T8: =O8 -> 1220 | U8: =CONCATENATE(S8," ",VLOOKUP(S8,'heading tables'!$A:$C,2,FALSE)) -> 12 Cash in Bank | V8: =CONCATENATE(T8," ",VLOOKUP(ABS(T8),'heading tables'!$A:$C,2,FALSE)) -> 1220 Bank - foreign currency (resident banks) | W8: =IF(LEFT($A8,W$1)=O8,$AZ$1,LEFT($A8,W$1)) -> " " | X8: =IF(OR(LEFT($A8,X$1)=W8,W8=$AZ$1),$AZ$1,LEFT($A8,X$1)) -> " " | Y8: =IF(OR(LEFT($A8,Y$1)=X8,X8=$AZ$1),$AZ$1,LEFT($A8,Y$1)) -> " " | Z8: =IF(OR(LEFT($A8,Z$1)=Y8,Y8=$AZ$1),$AZ$1,LEFT($A8,Z$1)) -> " " | AA8: =IF(OR(LEFT($A8,AA$1)=Z8,Z8=$AZ$1),$AZ$1,LEFT($A8,AA$1)) -> " " | AB8: =IFERROR(VLOOKUP(ABS(W8),$A:$C,3,FALSE),$AZ$1) -> " " | AC8: =IFERROR(VLOOKUP(ABS(X8),$A:$C,3,FALSE),$AZ$1) -> " " | AD8: =IFERROR(VLOOKUP(ABS(Y8),$A:$C,3,FALSE),$AZ$1) -> " " | AE8: =IFERROR(VLOOKUP(ABS(Z8),$A:$C,3,FALSE),$AZ$1) -> " " | AF8: =IFERROR(VLOOKUP(ABS(AA8),$A:$C,3,FALSE),$AZ$1) -> " " | AI8: Bank - foreign currency (resident banks) | AJ8: entry account | AV8: Bank - foreign currency (resident banks) | AW8: =LEN(AV8) -> 40
A9: 1230 | B9: International Bank-foreign currency | C9: =CONCATENATE(A9," ",B9) -> 1230 International Bank-foreign currency | D9: General | E9: 02 Cash in Bank | F9: 1230 International Bank-foreign currency | G9: Heading & Entry Account | H9: =VLOOKUP(I9,'heading tables'!$G$3:$H$9,2,FALSE) -> M | I9: =LEN(A9) -> 4 | J9: =IF(ABS(M9)>5,"Income statement","Balance Sheet") -> Balance Sheet | K9: =COUNTIF(O:O,O9) -> 1 | L9: =RIGHT(A9,2) -> 30 | M9: =LEFT($A9,1) -> 1 | N9: =LEFT($A9,2) -> 12 | O9: =LEFT($A9,4) -> 1230 | P9: =CONCATENATE(M9," ",VLOOKUP(M9,'heading tables'!$A:$C,2,FALSE)) -> 1 Current Assets | Q9: =CONCATENATE(N9," ",VLOOKUP(N9,'heading tables'!$A:$C,2,FALSE)) -> 12 Cash in Bank | R9: =CONCATENATE(O9," ",VLOOKUP(ABS(O9),'heading tables'!$A:$C,2,FALSE)) -> 1230 International Bank-foreign currency | S9: =N9 -> 12 | T9: =O9 -> 1230 | U9: =CONCATENATE(S9," ",VLOOKUP(S9,'heading tables'!$A:$C,2,FALSE)) -> 12 Cash in Bank | V9: =CONCATENATE(T9," ",VLOOKUP(ABS(T9),'heading tables'!$A:$C,2,FALSE)) -> 1230 International Bank-foreign currency | W9: =IF(LEFT($A9,W$1)=O9,$AZ$1,LEFT($A9,W$1)) -> " " | X9: =IF(OR(LEFT($A9,X$1)=W9,W9=$AZ$1),$AZ$1,LEFT($A9,X$1)) -> " " | Y9: =IF(OR(LEFT($A9,Y$1)=X9,X9=$AZ$1),$AZ$1,LEFT($A9,Y$1)) -> " " | Z9: =IF(OR(LEFT($A9,Z$1)=Y9,Y9=$AZ$1),$AZ$1,LEFT($A9,Z$1)) -> " " | AA9: =IF(OR(LEFT($A9,AA$1)=Z9,Z9=$AZ$1),$AZ$1,LEFT($A9,AA$1)) -> " " | AB9: =IFERROR(VLOOKUP(ABS(W9),$A:$C,3,FALSE),$AZ$1) -> " " | AC9: =IFERROR(VLOOKUP(ABS(X9),$A:$C,3,FALSE),$AZ$1) -> " " | AD9: =IFERROR(VLOOKUP(ABS(Y9),$A:$C,3,FALSE),$AZ$1) -> " " | AE9: =IFERROR(VLOOKUP(ABS(Z9),$A:$C,3,FALSE),$AZ$1) -> " " | AF9: =IFERROR(VLOOKUP(ABS(AA9),$A:$C,3,FALSE),$AZ$1) -> " " | AI9: International Bank-foreign currency | AJ9: entry account | AV9: International Bank-foreign currency | AW9: =LEN(AV9) -> 35
A10: 1290 | B10: Cash on other bank account | C10: =CONCATENATE(A10," ",B10) -> 1290 Cash on other bank account | D10: General | E10: 02 Cash in Bank | F10: 1290 Cash on other bank account | G10: Heading & Entry Account | H10: =VLOOKUP(I10,'heading tables'!$G$3:$H$9,2,FALSE) -> M | I10: =LEN(A10) -> 4 | J10: =IF(ABS(M10)>5,"Income statement","Balance Sheet") -> Balance Sheet | K10: =COUNTIF(O:O,O10) -> 1 | L10: =RIGHT(A10,2) -> 90 | M10: =LEFT($A10,1) -> 1 | N10: =LEFT($A10,2) -> 12 | O10: =LEFT($A10,4) -> 1290 | P10: =CONCATENATE(M10," ",VLOOKUP(M10,'heading tables'!$A:$C,2,FALSE)) -> 1 Current Assets | Q10: =CONCATENATE(N10," ",VLOOKUP(N10,'heading tables'!$A:$C,2,FALSE)) -> 12 Cash in Bank | R10: =CONCATENATE(O10," ",VLOOKUP(ABS(O10),'heading tables'!$A:$C,2,FALSE)) -> 1290 Cash on other bank account | S10: =N10 -> 12 | T10: =O10 -> 1290 | U10: =CONCATENATE(S10," ",VLOOKUP(S10,'heading tables'!$A:$C,2,FALSE)) -> 12 Cash in Bank | V10: =CONCATENATE(T10," ",VLOOKUP(ABS(T10),'heading tables'!$A:$C,2,FALSE)) -> 1290 Cash on other bank account | W10: =IF(LEFT($A10,W$1)=O10,$AZ$1,LEFT($A10,W$1)) -> " " | X10: =IF(OR(LEFT($A10,X$1)=W10,W10=$AZ$1),$AZ$1,LEFT($A10,X$1)) -> " " | Y10: =IF(OR(LEFT($A10,Y$1)=X10,X10=$AZ$1),$AZ$1,LEFT($A10,Y$1)) -> " " | Z10: =IF(OR(LEFT($A10,Z$1)=Y10,Y10=$AZ$1),$AZ$1,LEFT($A10,Z$1)) -> " " | AA10: =IF(OR(LEFT($A10,AA$1)=Z10,Z10=$AZ$1),$AZ$1,LEFT($A10,AA$1)) -> " " | AB10: =IFERROR(VLOOKUP(ABS(W10),$A:$C,3,FALSE),$AZ$1) -> " " | AC10: =IFERROR(VLOOKUP(ABS(X10),$A:$C,3,FALSE),$AZ$1) -> " " | AD10: =IFERROR(VLOOKUP(ABS(Y10),$A:$C,3,FALSE),$AZ$1) -> " " | AE10: =IFERROR(VLOOKUP(ABS(Z10),$A:$C,3,FALSE),$AZ$1) -> " " | AF10: =IFERROR(VLOOKUP(ABS(AA10),$A:$C,3,FALSE),$AZ$1) -> " " | AI10: Cash on other bank account | AJ10: entry account | AV10: Cash on other bank account | AW10: =LEN(AV10) -> 26
A11: 1300 | B11: ST Investments | C11: =CONCATENATE(A11," ",B11) -> 1300 ST Investments | D11: General | E11: 03 Short - term Investments | F11: 0 | G11: 2Headings | H11: =VLOOKUP(I11,'heading tables'!$G$3:$H$9,2,FALSE) -> M | I11: =LEN(A11) -> 4 | J11: =IF(ABS(M11)>5,"Income statement","Balance Sheet") -> Balance Sheet | K11: =COUNTIF(O:O,O11) -> 42 | L11: =RIGHT(A11,2) -> 00 | M11: =LEFT($A11,1) -> 1 | N11: =LEFT($A11,2) -> 13 | O11: Not include | P11: =CONCATENATE(M11," ",VLOOKUP(M11,'heading tables'!$A:$C,2,FALSE)) -> 1 Current Assets | Q11: =CONCATENATE(N11," ",VLOOKUP(N11,'heading tables'!$A:$C,2,FALSE)) -> 13 ST Investments | R11: Not include | S11: =N11 -> 13 | T11: =O11 -> Not include | U11: =CONCATENATE(S11," ",VLOOKUP(S11,'heading tables'!$A:$C,2,FALSE)) -> 13 ST Investments | V11: Not Include | W11: =IF(LEFT($A11,W$1)=O11,$AZ$1,LEFT($A11,W$1)) -> 1300 | X11: =IF(OR(LEFT($A11,X$1)=W11,W11=$AZ$1),$AZ$1,LEFT($A11,X$1)) -> " " | Y11: =IF(OR(LEFT($A11,Y$1)=X11,X11=$AZ$1),$AZ$1,LEFT($A11,Y$1)) -> " " | Z11: =IF(OR(LEFT($A11,Z$1)=Y11,Y11=$AZ$1),$AZ$1,LEFT($A11,Z$1)) -> " " | AA11: =IF(OR(LEFT($A11,AA$1)=Z11,Z11=$AZ$1),$AZ$1,LEFT($A11,AA$1)) -> " " | AB11: =IFERROR(VLOOKUP(ABS(W11),$A:$C,3,FALSE),$AZ$1) -> 1300 ST Investments | AC11: =IFERROR(VLOOKUP(ABS(X11),$A:$C,3,FALSE),$AZ$1) -> " " | AD11: =IFERROR(VLOOKUP(ABS(Y11),$A:$C,3,FALSE),$AZ$1) -> " " | AE11: =IFERROR(VLOOKUP(ABS(Z11),$A:$C,3,FALSE),$AZ$1) -> " " | AF11: =IFERROR(VLOOKUP(ABS(AA11),$A:$C,3,FALSE),$AZ$1) -> " " | AI11: ST Investments | AJ11: Main | AV11: ST Investments | AW11: =LEN(AV11) -> 14
A12: 1310 | B12: Marketable securities | C12: =CONCATENATE(A12," ",B12) -> 1310 Marketable securities | D12: General | E12: 03 Short - term Investments | F12: 1310 Marketable securities | G12: Heading & Entry Account | H12: =VLOOKUP(I12,'heading tables'!$G$3:$H$9,2,FALSE) -> M | I12: =LEN(A12) -> 4 | J12: =IF(ABS(M12)>5,"Income statement","Balance Sheet") -> Balance Sheet | K12: =COUNTIF(O:O,O12) -> 1 | L12: =RIGHT(A12,2) -> 10 | M12: =LEFT($A12,1) -> 1 | N12: =LEFT($A12,2) -> 13 | O12: =LEFT($A12,4) -> 1310 | P12: =CONCATENATE(M12," ",VLOOKUP(M12,'heading tables'!$A:$C,2,FALSE)) -> 1 Current Assets | Q12: =CONCATENATE(N12," ",VLOOKUP(N12,'heading tables'!$A:$C,2,FALSE)) -> 13 ST Investments | R12: =CONCATENATE(O12," ",VLOOKUP(ABS(O12),'heading tables'!$A:$C,2,FALSE)) -> 1310 Marketable securities | S12: =N12 -> 13 | T12: =O12 -> 1310 | U12: =CONCATENATE(S12," ",VLOOKUP(S12,'heading tables'!$A:$C,2,FALSE)) -> 13 ST Investments | V12: =CONCATENATE(T12," ",VLOOKUP(ABS(T12),'heading tables'!$A:$C,2,FALSE)) -> 1310 Marketable securities | W12: =IF(LEFT($A12,W$1)=O12,$AZ$1,LEFT($A12,W$1)) -> " " | X12: =IF(OR(LEFT($A12,X$1)=W12,W12=$AZ$1),$AZ$1,LEFT($A12,X$1)) -> " " | Y12: =IF(OR(LEFT($A12,Y$1)=X12,X12=$AZ$1),$AZ$1,LEFT($A12,Y$1)) -> " " | Z12: =IF(OR(LEFT($A12,Z$1)=Y12,Y12=$AZ$1),$AZ$1,LEFT($A12,Z$1)) -> " " | AA12: =IF(OR(LEFT($A12,AA$1)=Z12,Z12=$AZ$1),$AZ$1,LEFT($A12,AA$1)) -> " " | AB12: =IFERROR(VLOOKUP(ABS(W12),$A:$C,3,FALSE),$AZ$1) -> " " | AC12: =IFERROR(VLOOKUP(ABS(X12),$A:$C,3,FALSE),$AZ$1) -> " " | AD12: =IFERROR(VLOOKUP(ABS(Y12),$A:$C,3,FALSE),$AZ$1) -> " " | AE12: =IFERROR(VLOOKUP(ABS(Z12),$A:$C,3,FALSE),$AZ$1) -> " " | AF12: =IFERROR(VLOOKUP(ABS(AA12),$A:$C,3,FALSE),$AZ$1) -> " " | AI12: Marketable securities | AJ12: entry account | AV12: Marketable securities | AW12: =LEN(AV12) -> 21
A13: 1320 | B13: Government securities | C13: =CONCATENATE(A13," ",B13) -> 1320 Government securities | D13: General | E13: 03 Short - term Investments | F13: 1320 Government securities | G13: Heading & Entry Account | H13: =VLOOKUP(I13,'heading tables'!$G$3:$H$9,2,FALSE) -> M | I13: =LEN(A13) -> 4 | J13: =IF(ABS(M13)>5,"Income statement","Balance Sheet") -> Balance Sheet | K13: =COUNTIF(O:O,O13) -> 1 | L13: =RIGHT(A13,2) -> 20 | M13: =LEFT($A13,1) -> 1 | N13: =LEFT($A13,2) -> 13 | O13: =LEFT($A13,4) -> 1320 | P13: =CONCATENATE(M13," ",VLOOKUP(M13,'heading tables'!$A:$C,2,FALSE)) -> 1 Current Assets | Q13: =CONCATENATE(N13," ",VLOOKUP(N13,'heading tables'!$A:$C,2,FALSE)) -> 13 ST Investments | R13: =CONCATENATE(O13," ",VLOOKUP(ABS(O13),'heading tables'!$A:$C,2,FALSE)) -> 1320 Government securities | S13: =N13 -> 13 | T13: =O13 -> 1320 | U13: =CONCATENATE(S13," ",VLOOKUP(S13,'heading tables'!$A:$C,2,FALSE)) -> 13 ST Investments | V13: =CONCATENATE(T13," ",VLOOKUP(ABS(T13),'heading tables'!$A:$C,2,FALSE)) -> 1320 Government securities | W13: =IF(LEFT($A13,W$1)=O13,$AZ$1,LEFT($A13,W$1)) -> " " | X13: =IF(OR(LEFT($A13,X$1)=W13,W13=$AZ$1),$AZ$1,LEFT($A13,X$1)) -> " " | Y13: =IF(OR(LEFT($A13,Y$1)=X13,X13=$AZ$1),$AZ$1,LEFT($A13,Y$1)) -> " " | Z13: =IF(OR(LEFT($A13,Z$1)=Y13,Y13=$AZ$1),$AZ$1,LEFT($A13,Z$1)) -> " " | AA13: =IF(OR(LEFT($A13,AA$1)=Z13,Z13=$AZ$1),$AZ$1,LEFT($A13,AA$1)) -> " " | AB13: =IFERROR(VLOOKUP(ABS(W13),$A:$C,3,FALSE),$AZ$1) -> " " | AC13: =IFERROR(VLOOKUP(ABS(X13),$A:$C,3,FALSE),$AZ$1) -> " " | AD13: =IFERROR(VLOOKUP(ABS(Y13),$A:$C,3,FALSE),$AZ$1) -> " " | AE13: =IFERROR(VLOOKUP(ABS(Z13),$A:$C,3,FALSE),$AZ$1) -> " " | AF13: =IFERROR(VLOOKUP(ABS(AA13),$A:$C,3,FALSE),$AZ$1) -> " " | AI13: Government securities | AJ13: entry account | AV13: Government securities | AW13: =LEN(AV13) -> 21
A14: 1330 | B14: Current portion of long-term investments | C14: =CONCATENATE(A14," ",B14) -> 1330 Current portion of long-term investments | D14: General | E14: 03 Short - term Investments | F14: 1330 Current portion of long-term investments | G14: Heading & Entry Account | H14: =VLOOKUP(I14,'heading tables'!$G$3:$H$9,2,FALSE) -> M | I14: =LEN(A14) -> 4 | J14: =IF(ABS(M14)>5,"Income statement","Balance Sheet") -> Balance Sheet | K14: =COUNTIF(O:O,O14) -> 1 | L14: =RIGHT(A14,2) -> 30 | M14: =LEFT($A14,1) -> 1 | N14: =LEFT($A14,2) -> 13 | O14: =LEFT($A14,4) -> 1330 | P14: =CONCATENATE(M14," ",VLOOKUP(M14,'heading tables'!$A:$C,2,FALSE)) -> 1 Current Assets | Q14: =CONCATENATE(N14," ",VLOOKUP(N14,'heading tables'!$A:$C,2,FALSE)) -> 13 ST Investments | R14: =CONCATENATE(O14," ",VLOOKUP(ABS(O14),'heading tables'!$A:$C,2,FALSE)) -> 1330 Current portion of long-term investments | S14: =N14 -> 13 | T14: =O14 -> 1330 | U14: =CONCATENATE(S14," ",VLOOKUP(S14,'heading tables'!$A:$C,2,FALSE)) -> 13 ST Investments | V14: =CONCATENATE(T14," ",VLOOKUP(ABS(T14),'heading tables'!$A:$C,2,FALSE)) -> 1330 Current portion of long-term investments | W14: =IF(LEFT($A14,W$1)=O14,$AZ$1,LEFT($A14,W$1)) -> " " | X14: =IF(OR(LEFT($A14,X$1)=W14,W14=$AZ$1),$AZ$1,LEFT($A14,X$1)) -> " " | Y14: =IF(OR(LEFT($A14,Y$1)=X14,X14=$AZ$1),$AZ$1,LEFT($A14,Y$1)) -> " " | Z14: =IF(OR(LEFT($A14,Z$1)=Y14,Y14=$AZ$1),$AZ$1,LEFT($A14,Z$1)) -> " " | AA14: =IF(OR(LEFT($A14,AA$1)=Z14,Z14=$AZ$1),$AZ$1,LEFT($A14,AA$1)) -> " " | AB14: =IFERROR(VLOOKUP(ABS(W14),$A:$C,3,FALSE),$AZ$1) -> " " | AC14: =IFERROR(VLOOKUP(ABS(X14),$A:$C,3,FALSE),$AZ$1) -> " " | AD14: =IFERROR(VLOOKUP(ABS(Y14),$A:$C,3,FALSE),$AZ$1) -> " " | AE14: =IFERROR(VLOOKUP(ABS(Z14),$A:$C,3,FALSE),$AZ$1) -> " " | AF14: =IFERROR(VLOOKUP(ABS(AA14),$A:$C,3,FALSE),$AZ$1) -> " " | AI14: Current portion of long-term investments | AJ14: entry account | AV14: Current portion of long-term investments | AW14: =LEN(AV14) -> 40
A15: 1390 | B15: Other short-term investments | C15: =CONCATENATE(A15," ",B15) -> 1390 Other short-term investments | D15: General | E15: 03 Short - term Investments | F15: 1340 Other short-term investments | G15: Heading & Entry Account | H15: =VLOOKUP(I15,'heading tables'!$G$3:$H$9,2,FALSE) -> M | I15: =LEN(A15) -> 4 | J15: =IF(ABS(M15)>5,"Income statement","Balance Sheet") -> Balance Sheet | K15: =COUNTIF(O:O,O15) -> 1 | L15: =RIGHT(A15,2) -> 90 | M15: =LEFT($A15,1) -> 1 | N15: =LEFT($A15,2) -> 13 | O15: =LEFT($A15,4) -> 1390 | P15: =CONCATENATE(M15," ",VLOOKUP(M15,'heading tables'!$A:$C,2,FALSE)) -> 1 Current Assets | Q15: =CONCATENATE(N15," ",VLOOKUP(N15,'heading tables'!$A:$C,2,FALSE)) -> 13 ST Investments | R15: =CONCATENATE(O15," ",VLOOKUP(ABS(O15),'heading tables'!$A:$C,2,FALSE)) -> 1390 Other short-term investments | S15: =N15 -> 13 | T15: =O15 -> 1390 | U15: =CONCATENATE(S15," ",VLOOKUP(S15,'heading tables'!$A:$C,2,FALSE)) -> 13 ST Investments | V15: =CONCATENATE(T15," ",VLOOKUP(ABS(T15),'heading tables'!$A:$C,2,FALSE)) -> 1390 Other short-term investments | W15: =IF(LEFT($A15,W$1)=O15,$AZ$1,LEFT($A15,W$1)) -> " " | X15: =IF(OR(LEFT($A15,X$1)=W15,W15=$AZ$1),$AZ$1,LEFT($A15,X$1)) -> " " | Y15: =IF(OR(LEFT($A15,Y$1)=X15,X15=$AZ$1),$AZ$1,LEFT($A15,Y$1)) -> " " | Z15: =IF(OR(LEFT($A15,Z$1)=Y15,Y15=$AZ$1),$AZ$1,LEFT($A15,Z$1)) -> " " | AA15: =IF(OR(LEFT($A15,AA$1)=Z15,Z15=$AZ$1),$AZ$1,LEFT($A15,AA$1)) -> " " | AB15: =IFERROR(VLOOKUP(ABS(W15),$A:$C,3,FALSE),$AZ$1) -> " " | AC15: =IFERROR(VLOOKUP(ABS(X15),$A:$C,3,FALSE),$AZ$1) -> " " | AD15: =IFERROR(VLOOKUP(ABS(Y15),$A:$C,3,FALSE),$AZ$1) -> " " | AE15: =IFERROR(VLOOKUP(ABS(Z15),$A:$C,3,FALSE),$AZ$1) -> " " | AF15: =IFERROR(VLOOKUP(ABS(AA15),$A:$C,3,FALSE),$AZ$1) -> " " | AI15: Other short-term investments | AJ15: entry account | AV15: Other short-term investments | AW15: =LEN(AV15) -> 28
A16: 1400 | B16: ST Receivables | C16: =CONCATENATE(A16," ",B16) -> 1400 ST Receivables | D16: General | E16: 04 Receivables | F16: 0 | G16: 2Headings | H16: =VLOOKUP(I16,'heading tables'!$G$3:$H$9,2,FALSE) -> M | I16: =LEN(A16) -> 4 | J16: =IF(ABS(M16)>5,"Income statement","Balance Sheet") -> Balance Sheet | K16: =COUNTIF(O:O,O16) -> 42 | L16: =RIGHT(A16,2) -> 00 | M16: =LEFT($A16,1) -> 1 | N16: =LEFT($A16,2) -> 14 | O16: Not include | P16: =CONCATENATE(M16," ",VLOOKUP(M16,'heading tables'!$A:$C,2,FALSE)) -> 1 Current Assets | Q16: =CONCATENATE(N16," ",VLOOKUP(N16,'heading tables'!$A:$C,2,FALSE)) -> 14 ST Receivables | R16: Not include | S16: =N16 -> 14 | T16: =O16 -> Not include | U16: =CONCATENATE(S16," ",VLOOKUP(S16,'heading tables'!$A:$C,2,FALSE)) -> 14 ST Receivables | V16: Not Include | W16: =IF(LEFT($A16,W$1)=O16,$AZ$1,LEFT($A16,W$1)) -> 1400 | X16: =IF(OR(LEFT($A16,X$1)=W16,W16=$AZ$1),$AZ$1,LEFT($A16,X$1)) -> " " | Y16: =IF(OR(LEFT($A16,Y$1)=X16,X16=$AZ$1),$AZ$1,LEFT($A16,Y$1)) -> " " | Z16: =IF(OR(LEFT($A16,Z$1)=Y16,Y16=$AZ$1),$AZ$1,LEFT($A16,Z$1)) -> " " | AA16: =IF(OR(LEFT($A16,AA$1)=Z16,Z16=$AZ$1),$AZ$1,LEFT($A16,AA$1)) -> " " | AB16: =IFERROR(VLOOKUP(ABS(W16),$A:$C,3,FALSE),$AZ$1) -> 1400 ST Receivables | AC16: =IFERROR(VLOOKUP(ABS(X16),$A:$C,3,FALSE),$AZ$1) -> " " | AD16: =IFERROR(VLOOKUP(ABS(Y16),$A:$C,3,FALSE),$AZ$1) -> " " | AE16: =IFERROR(VLOOKUP(ABS(Z16),$A:$C,3,FALSE),$AZ$1) -> " " | AF16: =IFERROR(VLOOKUP(ABS(AA16),$A:$C,3,FALSE),$AZ$1) -> " " | AI16: ST Receivables | AJ16: Main | AV16: ST Receivables | AW16: =LEN(AV16) -> 14
A17: 1410 | B17: Accounts receivable - trade | C17: =CONCATENATE(A17," ",B17) -> 1410 Accounts receivable - trade | D17: General | E17: 04 Receivables | F17: 0 | G17: Head accounts | H17: =VLOOKUP(I17,'heading tables'!$G$3:$H$9,2,FALSE) -> M | I17: =LEN(A17) -> 4 | J17: =IF(ABS(M17)>5,"Income statement","Balance Sheet") -> Balance Sheet | K17: =COUNTIF(O:O,O17) -> 9 | L17: =RIGHT(A17,2) -> 10 | M17: =LEFT($A17,1) -> 1 | N17: =LEFT($A17,2) -> 14 | O17: =LEFT($A17,4) -> 1410 | P17: =CONCATENATE(M17," ",VLOOKUP(M17,'heading tables'!$A:$C,2,FALSE)) -> 1 Current Assets | Q17: =CONCATENATE(N17," ",VLOOKUP(N17,'heading tables'!$A:$C,2,FALSE)) -> 14 ST Receivables | R17: =CONCATENATE(O17," ",VLOOKUP(ABS(O17),'heading tables'!$A:$C,2,FALSE)) -> 1410 Accounts receivable - trade | S17: =N17 -> 14 | T17: =O17 -> 1410 | U17: =CONCATENATE(S17," ",VLOOKUP(S17,'heading tables'!$A:$C,2,FALSE)) -> 14 ST Receivables | V17: =CONCATENATE(T17," ",VLOOKUP(ABS(T17),'heading tables'!$A:$C,2,FALSE)) -> 1410 Accounts receivable - trade | W17: =IF(LEFT($A17,W$1)=O17,$AZ$1,LEFT($A17,W$1)) -> " " | X17: =IF(OR(LEFT($A17,X$1)=W17,W17=$AZ$1),$AZ$1,LEFT($A17,X$1)) -> " " | Y17: =IF(OR(LEFT($A17,Y$1)=X17,X17=$AZ$1),$AZ$1,LEFT($A17,Y$1)) -> " " | Z17: =IF(OR(LEFT($A17,Z$1)=Y17,Y17=$AZ$1),$AZ$1,LEFT($A17,Z$1)) -> " " | AA17: =IF(OR(LEFT($A17,AA$1)=Z17,Z17=$AZ$1),$AZ$1,LEFT($A17,AA$1)) -> " " | AB17: =IFERROR(VLOOKUP(ABS(W17),$A:$C,3,FALSE),$AZ$1) -> " " | AC17: =IFERROR(VLOOKUP(ABS(X17),$A:$C,3,FALSE),$AZ$1) -> " " | AD17: =IFERROR(VLOOKUP(ABS(Y17),$A:$C,3,FALSE),$AZ$1) -> " " | AE17: =IFERROR(VLOOKUP(ABS(Z17),$A:$C,3,FALSE),$AZ$1) -> " " | AF17: =IFERROR(VLOOKUP(ABS(AA17),$A:$C,3,FALSE),$AZ$1) -> " " | AI17: Accounts receivable - trade | AJ17: cumulative | AV17: Accounts receivable - trade | AW17: =LEN(AV17) -> 27
A18: 1410.1 | B18: Receivables for Regulated Activity | C18: =CONCATENATE(A18," ",B18) -> 1410.1 Receivables for Regulated Activity | D18: R.A. | E18: 04 Receivables | F18: 0 | G18: L1 cap account | H18: =VLOOKUP(I18,'heading tables'!$G$3:$H$9,2,FALSE) -> L1 | I18: =LEN(A18) -> 6 | J18: =IF(ABS(M18)>5,"Income statement","Balance Sheet") -> Balance Sheet | K18: =COUNTIF(O:O,O18) -> 9 | L18: =RIGHT(A18,2) -> .1 | M18: =LEFT($A18,1) -> 1 | N18: =LEFT($A18,2) -> 14 | O18: =LEFT($A18,4) -> 1410 | P18: =CONCATENATE(M18," ",VLOOKUP(M18,'heading tables'!$A:$C,2,FALSE)) -> 1 Current Assets | Q18: =CONCATENATE(N18," ",VLOOKUP(N18,'heading tables'!$A:$C,2,FALSE)) -> 14 ST Receivables | R18: =CONCATENATE(O18," ",VLOOKUP(ABS(O18),'heading tables'!$A:$C,2,FALSE)) -> 1410 Accounts receivable - trade | S18: =N18 -> 14 | T18: =O18 -> 1410 | U18: =CONCATENATE(S18," ",VLOOKUP(S18,'heading tables'!$A:$C,2,FALSE)) -> 14 ST Receivables | V18: =CONCATENATE(T18," ",VLOOKUP(ABS(T18),'heading tables'!$A:$C,2,FALSE)) -> 1410 Accounts receivable - trade | W18: =IF(LEFT($A18,W$1)=O18,$AZ$1,LEFT($A18,W$1)) -> 1410.1 | X18: =IF(OR(LEFT($A18,X$1)=W18,W18=$AZ$1),$AZ$1,LEFT($A18,X$1)) -> " " | Y18: =IF(OR(LEFT($A18,Y$1)=X18,X18=$AZ$1),$AZ$1,LEFT($A18,Y$1)) -> " " | Z18: =IF(OR(LEFT($A18,Z$1)=Y18,Y18=$AZ$1),$AZ$1,LEFT($A18,Z$1)) -> " " | AA18: =IF(OR(LEFT($A18,AA$1)=Z18,Z18=$AZ$1),$AZ$1,LEFT($A18,AA$1)) -> " " | AB18: =IFERROR(VLOOKUP(ABS(W18),$A:$C,3,FALSE),$AZ$1) -> 1410.1 Receivables for Regulated Activity | AC18: =IFERROR(VLOOKUP(ABS(X18),$A:$C,3,FALSE),$AZ$1) -> " " | AD18: =IFERROR(VLOOKUP(ABS(Y18),$A:$C,3,FALSE),$AZ$1) -> " " | AE18: =IFERROR(VLOOKUP(ABS(Z18),$A:$C,3,FALSE),$AZ$1) -> " " | AF18: =IFERROR(VLOOKUP(ABS(AA18),$A:$C,3,FALSE),$AZ$1) -> " " | AI18: Receivables for Regulated Activity | AJ18: cumulative | AV18: Receivables for Regulated Activity | AW18: =LEN(AV18) -> 34
A19: 1410.11 | B19: Receivables for Regulated Dispatch Services | C19: =CONCATENATE(A19," ",B19) -> 1410.11 Receivables for Regulated Dispatch Services | D19: Dispatch | E19: 04 Receivables | F19: 1410 Accounts receivable - trade | G19: entry account l2 | H19: =VLOOKUP(I19,'heading tables'!$G$3:$H$9,2,FALSE) -> L2 | I19: =LEN(A19) -> 7 | J19: =IF(ABS(M19)>5,"Income statement","Balance Sheet") -> Balance Sheet | K19: =COUNTIF(O:O,O19) -> 9 | L19: =RIGHT(A19,2) -> 11 | M19: =LEFT($A19,1) -> 1 | N19: =LEFT($A19,2) -> 14 | O19: =LEFT($A19,4) -> 1410 | P19: =CONCATENATE(M19," ",VLOOKUP(M19,'heading tables'!$A:$C,2,FALSE)) -> 1 Current Assets | Q19: =CONCATENATE(N19," ",VLOOKUP(N19,'heading tables'!$A:$C,2,FALSE)) -> 14 ST Receivables | R19: =CONCATENATE(O19," ",VLOOKUP(ABS(O19),'heading tables'!$A:$C,2,FALSE)) -> 1410 Accounts receivable - trade | S19: =N19 -> 14 | T19: =O19 -> 1410 | U19: =CONCATENATE(S19," ",VLOOKUP(S19,'heading tables'!$A:$C,2,FALSE)) -> 14 ST Receivables | V19: =CONCATENATE(T19," ",VLOOKUP(ABS(T19),'heading tables'!$A:$C,2,FALSE)) -> 1410 Accounts receivable - trade | W19: =IF(LEFT($A19,W$1)=O19,$AZ$1,LEFT($A19,W$1)) -> 1410.1 | X19: =IF(OR(LEFT($A19,X$1)=W19,W19=$AZ$1),$AZ$1,LEFT($A19,X$1)) -> 1410.11 | Y19: =IF(OR(LEFT($A19,Y$1)=X19,X19=$AZ$1),$AZ$1,LEFT($A19,Y$1)) -> " " | Z19: =IF(OR(LEFT($A19,Z$1)=Y19,Y19=$AZ$1),$AZ$1,LEFT($A19,Z$1)) -> " " | AA19: =IF(OR(LEFT($A19,AA$1)=Z19,Z19=$AZ$1),$AZ$1,LEFT($A19,AA$1)) -> " " | AB19: =IFERROR(VLOOKUP(ABS(W19),$A:$C,3,FALSE),$AZ$1) -> 1410.1 Receivables for Regulated Activity | AC19: =IFERROR(VLOOKUP(ABS(X19),$A:$C,3,FALSE),$AZ$1) -> 1410.11 Receivables for Regulated Dispatch Services | AD19: =IFERROR(VLOOKUP(ABS(Y19),$A:$C,3,FALSE),$AZ$1) -> " " | AE19: =IFERROR(VLOOKUP(ABS(Z19),$A:$C,3,FALSE),$AZ$1) -> " " | AF19: =IFERROR(VLOOKUP(ABS(AA19),$A:$C,3,FALSE),$AZ$1) -> " " | AI19: Receivables for Regulated Dispatch Services | AJ19: entry account | AV19: Receivables for Regulated Dispatch Services | AW19: =LEN(AV19) -> 43
A20: 1410.12 | B20: Receivables for Regulated Transmission Services | C20: =CONCATENATE(A20," ",B20) -> 1410.12 Receivables for Regulated Transmission Services | D20: TR. | E20: 04 Receivables | F20: 1410 Accounts receivable - trade | G20: entry account l2 | H20: =VLOOKUP(I20,'heading tables'!$G$3:$H$9,2,FALSE) -> L2 | I20: =LEN(A20) -> 7 | J20: =IF(ABS(M20)>5,"Income statement","Balance Sheet") -> Balance Sheet | K20: =COUNTIF(O:O,O20) -> 9 | L20: =RIGHT(A20,2) -> 12 | M20: =LEFT($A20,1) -> 1 | N20: =LEFT($A20,2) -> 14 | O20: =LEFT($A20,4) -> 1410 | P20: =CONCATENATE(M20," ",VLOOKUP(M20,'heading tables'!$A:$C,2,FALSE)) -> 1 Current Assets | Q20: =CONCATENATE(N20," ",VLOOKUP(N20,'heading tables'!$A:$C,2,FALSE)) -> 14 ST Receivables | R20: =CONCATENATE(O20," ",VLOOKUP(ABS(O20),'heading tables'!$A:$C,2,FALSE)) -> 1410 Accounts receivable - trade | S20: =N20 -> 14 | T20: =O20 -> 1410 | U20: =CONCATENATE(S20," ",VLOOKUP(S20,'heading tables'!$A:$C,2,FALSE)) -> 14 ST Receivables | V20: =CONCATENATE(T20," ",VLOOKUP(ABS(T20),'heading tables'!$A:$C,2,FALSE)) -> 1410 Accounts receivable - trade | W20: =IF(LEFT($A20,W$1)=O20,$AZ$1,LEFT($A20,W$1)) -> 1410.1 | X20: =IF(OR(LEFT($A20,X$1)=W20,W20=$AZ$1),$AZ$1,LEFT($A20,X$1)) -> 1410.12 | Y20: =IF(OR(LEFT($A20,Y$1)=X20,X20=$AZ$1),$AZ$1,LEFT($A20,Y$1)) -> " " | Z20: =IF(OR(LEFT($A20,Z$1)=Y20,Y20=$AZ$1),$AZ$1,LEFT($A20,Z$1)) -> " " | AA20: =IF(OR(LEFT($A20,AA$1)=Z20,Z20=$AZ$1),$AZ$1,LEFT($A20,AA$1)) -> " " | AB20: =IFERROR(VLOOKUP(ABS(W20),$A:$C,3,FALSE),$AZ$1) -> 1410.1 Receivables for Regulated Activity | AC20: =IFERROR(VLOOKUP(ABS(X20),$A:$C,3,FALSE),$AZ$1) -> 1410.12 Receivables for Regulated Transmission Services | AD20: =IFERROR(VLOOKUP(ABS(Y20),$A:$C,3,FALSE),$AZ$1) -> " " | AE20: =IFERROR(VLOOKUP(ABS(Z20),$A:$C,3,FALSE),$AZ$1) -> " " | AF20: =IFERROR(VLOOKUP(ABS(AA20),$A:$C,3,FALSE),$AZ$1) -> " " | AI20: Receivables for Regulated Transmission Services | AJ20: entry account | AV20: Receivables for Regulated Transmission Services | AW20: =LEN(AV20) -> 47
A21: 1410.13 | B21: Receivables for Regulated Distribution (Network) Services | C21: =CONCATENATE(A21," ",B21) -> 1410.13 Receivables for Regulated Distribution (Network) Services | D21: DIS. Network | E21: 04 Receivables | F21: 1410 Accounts receivable - trade | G21: entry account l2 | H21: =VLOOKUP(I21,'heading tables'!$G$3:$H$9,2,FALSE) -> L2 | I21: =LEN(A21) -> 7 | J21: =IF(ABS(M21)>5,"Income statement","Balance Sheet") -> Balance Sheet | K21: =COUNTIF(O:O,O21) -> 9 | L21: =RIGHT(A21,2) -> 13 | M21: =LEFT($A21,1) -> 1 | N21: =LEFT($A21,2) -> 14 | O21: =LEFT($A21,4) -> 1410 | P21: =CONCATENATE(M21," ",VLOOKUP(M21,'heading tables'!$A:$C,2,FALSE)) -> 1 Current Assets | Q21: =CONCATENATE(N21," ",VLOOKUP(N21,'heading tables'!$A:$C,2,FALSE)) -> 14 ST Receivables | R21: =CONCATENATE(O21," ",VLOOKUP(ABS(O21),'heading tables'!$A:$C,2,FALSE)) -> 1410 Accounts receivable - trade | S21: =N21 -> 14 | T21: =O21 -> 1410 | U21: =CONCATENATE(S21," ",VLOOKUP(S21,'heading tables'!$A:$C,2,FALSE)) -> 14 ST Receivables | V21: =CONCATENATE(T21," ",VLOOKUP(ABS(T21),'heading tables'!$A:$C,2,FALSE)) -> 1410 Accounts receivable - trade | W21: =IF(LEFT($A21,W$1)=O21,$AZ$1,LEFT($A21,W$1)) -> 1410.1 | X21: =IF(OR(LEFT($A21,X$1)=W21,W21=$AZ$1),$AZ$1,LEFT($A21,X$1)) -> 1410.13 | Y21: =IF(OR(LEFT($A21,Y$1)=X21,X21=$AZ$1),$AZ$1,LEFT($A21,Y$1)) -> " " | Z21: =IF(OR(LEFT($A21,Z$1)=Y21,Y21=$AZ$1),$AZ$1,LEFT($A21,Z$1)) -> " " | AA21: =IF(OR(LEFT($A21,AA$1)=Z21,Z21=$AZ$1),$AZ$1,LEFT($A21,AA$1)) -> " " | AB21: =IFERROR(VLOOKUP(ABS(W21),$A:$C,3,FALSE),$AZ$1) -> 1410.1 Receivables for Regulated Activity | AC21: =IFERROR(VLOOKUP(ABS(X21),$A:$C,3,FALSE),$AZ$1) -> 1410.13 Receivables for Regulated Distribution (Network) Services | AD21: =IFERROR(VLOOKUP(ABS(Y21),$A:$C,3,FALSE),$AZ$1) -> " " | AE21: =IFERROR(VLOOKUP(ABS(Z21),$A:$C,3,FALSE),$AZ$1) -> " " | AF21: =IFERROR(VLOOKUP(ABS(AA21),$A:$C,3,FALSE),$AZ$1) -> " " | AI21: Receivables for Regulated Distribution (Network) Services | AJ21: entry account | AV21: Receivables for Regulated Distribution (Network) Services | AW21: =LEN(AV21) -> 57
A22: 1410.14 | B22: Receivables for Regulated Distribution (Supply) Services | C22: =CONCATENATE(A22," ",B22) -> 1410.14 Receivables for Regulated Distribution (Supply) Services | D22: DIS. (supply) | E22: 04 Receivables | F22: 1410 Accounts receivable - trade | G22: entry account l2 | H22: =VLOOKUP(I22,'heading tables'!$G$3:$H$9,2,FALSE) -> L2 | I22: =LEN(A22) -> 7 | J22: =IF(ABS(M22)>5,"Income statement","Balance Sheet") -> Balance Sheet | K22: =COUNTIF(O:O,O22) -> 9 | L22: =RIGHT(A22,2) -> 14 | M22: =LEFT($A22,1) -> 1 | N22: =LEFT($A22,2) -> 14 | O22: =LEFT($A22,4) -> 1410 | P22: =CONCATENATE(M22," ",VLOOKUP(M22,'heading tables'!$A:$C,2,FALSE)) -> 1 Current Assets | Q22: =CONCATENATE(N22," ",VLOOKUP(N22,'heading tables'!$A:$C,2,FALSE)) -> 14 ST Receivables | R22: =CONCATENATE(O22," ",VLOOKUP(ABS(O22),'heading tables'!$A:$C,2,FALSE)) -> 1410 Accounts receivable - trade | S22: =N22 -> 14 | T22: =O22 -> 1410 | U22: =CONCATENATE(S22," ",VLOOKUP(S22,'heading tables'!$A:$C,2,FALSE)) -> 14 ST Receivables | V22: =CONCATENATE(T22," ",VLOOKUP(ABS(T22),'heading tables'!$A:$C,2,FALSE)) -> 1410 Accounts receivable - trade | W22: =IF(LEFT($A22,W$1)=O22,$AZ$1,LEFT($A22,W$1)) -> 1410.1 | X22: =IF(OR(LEFT($A22,X$1)=W22,W22=$AZ$1),$AZ$1,LEFT($A22,X$1)) -> 1410.14 | Y22: =IF(OR(LEFT($A22,Y$1)=X22,X22=$AZ$1),$AZ$1,LEFT($A22,Y$1)) -> " " | Z22: =IF(OR(LEFT($A22,Z$1)=Y22,Y22=$AZ$1),$AZ$1,LEFT($A22,Z$1)) -> " " | AA22: =IF(OR(LEFT($A22,AA$1)=Z22,Z22=$AZ$1),$AZ$1,LEFT($A22,AA$1)) -> " " | AB22: =IFERROR(VLOOKUP(ABS(W22),$A:$C,3,FALSE),$AZ$1) -> 1410.1 Receivables for Regulated Activity | AC22: =IFERROR(VLOOKUP(ABS(X22),$A:$C,3,FALSE),$AZ$1) -> 1410.14 Receivables for Regulated Distribution (Supply) Services | AD22: =IFERROR(VLOOKUP(ABS(Y22),$A:$C,3,FALSE),$AZ$1) -> " " | AE22: =IFERROR(VLOOKUP(ABS(Z22),$A:$C,3,FALSE),$AZ$1) -> " " | AF22: =IFERROR(VLOOKUP(ABS(AA22),$A:$C,3,FALSE),$AZ$1) -> " " | AI22: Receivables for Regulated Distribution (Supply) Services | AJ22: entry account | AV22: Receivables for Regulated Distribution (Supply) Services | AW22: =LEN(AV22) -> 56
A23: 1410.15 | B23: Receivables for Regulated Generation | C23: =CONCATENATE(A23," ",B23) -> 1410.15 Receivables for Regulated Generation | D23: Gen. | E23: 04 Receivables | F23: 1410 Accounts receivable - trade | G23: entry account l2 | H23: =VLOOKUP(I23,'heading tables'!$G$3:$H$9,2,FALSE) -> L2 | I23: =LEN(A23) -> 7 | J23: =IF(ABS(M23)>5,"Income statement","Balance Sheet") -> Balance Sheet | K23: =COUNTIF(O:O,O23) -> 9 | L23: =RIGHT(A23,2) -> 15 | M23: =LEFT($A23,1) -> 1 | N23: =LEFT($A23,2) -> 14 | O23: =LEFT($A23,4) -> 1410 | P23: =CONCATENATE(M23," ",VLOOKUP(M23,'heading tables'!$A:$C,2,FALSE)) -> 1 Current Assets | Q23: =CONCATENATE(N23," ",VLOOKUP(N23,'heading tables'!$A:$C,2,FALSE)) -> 14 ST Receivables | R23: =CONCATENATE(O23," ",VLOOKUP(ABS(O23),'heading tables'!$A:$C,2,FALSE)) -> 1410 Accounts receivable - trade | S23: =N23 -> 14 | T23: =O23 -> 1410 | U23: =CONCATENATE(S23," ",VLOOKUP(S23,'heading tables'!$A:$C,2,FALSE)) -> 14 ST Receivables | V23: =CONCATENATE(T23," ",VLOOKUP(ABS(T23),'heading tables'!$A:$C,2,FALSE)) -> 1410 Accounts receivable - trade | W23: =IF(LEFT($A23,W$1)=O23,$AZ$1,LEFT($A23,W$1)) -> 1410.1 | X23: =IF(OR(LEFT($A23,X$1)=W23,W23=$AZ$1),$AZ$1,LEFT($A23,X$1)) -> 1410.15 | Y23: =IF(OR(LEFT($A23,Y$1)=X23,X23=$AZ$1),$AZ$1,LEFT($A23,Y$1)) -> " " | Z23: =IF(OR(LEFT($A23,Z$1)=Y23,Y23=$AZ$1),$AZ$1,LEFT($A23,Z$1)) -> " " | AA23: =IF(OR(LEFT($A23,AA$1)=Z23,Z23=$AZ$1),$AZ$1,LEFT($A23,AA$1)) -> " " | AB23: =IFERROR(VLOOKUP(ABS(W23),$A:$C,3,FALSE),$AZ$1) -> 1410.1 Receivables for Regulated Activity | AC23: =IFERROR(VLOOKUP(ABS(X23),$A:$C,3,FALSE),$AZ$1) -> 1410.15 Receivables for Regulated Generation | AD23: =IFERROR(VLOOKUP(ABS(Y23),$A:$C,3,FALSE),$AZ$1) -> " " | AE23: =IFERROR(VLOOKUP(ABS(Z23),$A:$C,3,FALSE),$AZ$1) -> " " | AF23: =IFERROR(VLOOKUP(ABS(AA23),$A:$C,3,FALSE),$AZ$1) -> " " | AI23: Receivables for Regulated Generation | AJ23: entry account | AV23: Receivables for Regulated Generation | AW23: =LEN(AV23) -> 36
A24: 1410.19 | B24: Receivables for other regulated Services | C24: =CONCATENATE(A24," ",B24) -> 1410.19 Receivables for other regulated Services | D24: Other regulated activities | E24: not defined in gnerc form | F24: not defined in gnerc form | G24: entry account l2 | H24: =VLOOKUP(I24,'heading tables'!$G$3:$H$9,2,FALSE) -> L2 | I24: =LEN(A24) -> 7 | J24: =IF(ABS(M24)>5,"Income statement","Balance Sheet") -> Balance Sheet | K24: =COUNTIF(O:O,O24) -> 9 | L24: =RIGHT(A24,2) -> 19 | M24: =LEFT($A24,1) -> 1 | N24: =LEFT($A24,2) -> 14 | O24: =LEFT($A24,4) -> 1410 | P24: =CONCATENATE(M24," ",VLOOKUP(M24,'heading tables'!$A:$C,2,FALSE)) -> 1 Current Assets | Q24: =CONCATENATE(N24," ",VLOOKUP(N24,'heading tables'!$A:$C,2,FALSE)) -> 14 ST Receivables | R24: =CONCATENATE(O24," ",VLOOKUP(ABS(O24),'heading tables'!$A:$C,2,FALSE)) -> 1410 Accounts receivable - trade | S24: =N24 -> 14 | T24: =O24 -> 1410 | U24: =CONCATENATE(S24," ",VLOOKUP(S24,'heading tables'!$A:$C,2,FALSE)) -> 14 ST Receivables | V24: =CONCATENATE(T24," ",VLOOKUP(ABS(T24),'heading tables'!$A:$C,2,FALSE)) -> 1410 Accounts receivable - trade | W24: =IF(LEFT($A24,W$1)=O24,$AZ$1,LEFT($A24,W$1)) -> 1410.1 | X24: =IF(OR(LEFT($A24,X$1)=W24,W24=$AZ$1),$AZ$1,LEFT($A24,X$1)) -> 1410.19 | Y24: =IF(OR(LEFT($A24,Y$1)=X24,X24=$AZ$1),$AZ$1,LEFT($A24,Y$1)) -> " " | Z24: =IF(OR(LEFT($A24,Z$1)=Y24,Y24=$AZ$1),$AZ$1,LEFT($A24,Z$1)) -> " " | AA24: =IF(OR(LEFT($A24,AA$1)=Z24,Z24=$AZ$1),$AZ$1,LEFT($A24,AA$1)) -> " " | AB24: =IFERROR(VLOOKUP(ABS(W24),$A:$C,3,FALSE),$AZ$1) -> 1410.1 Receivables for Regulated Activity | AC24: =IFERROR(VLOOKUP(ABS(X24),$A:$C,3,FALSE),$AZ$1) -> 1410.19 Receivables for other regulated Services | AD24: =IFERROR(VLOOKUP(ABS(Y24),$A:$C,3,FALSE),$AZ$1) -> " " | AE24: =IFERROR(VLOOKUP(ABS(Z24),$A:$C,3,FALSE),$AZ$1) -> " " | AF24: =IFERROR(VLOOKUP(ABS(AA24),$A:$C,3,FALSE),$AZ$1) -> " " | AI24: Receivables for other regulated Services | AJ24: entry account | AV24: Receivables for other regulated Services | AW24: =LEN(AV24) -> 40
A25: 1410.2 | B25: Receivables for Non-Regulated Activity | C25: =CONCATENATE(A25," ",B25) -> 1410.2 Receivables for Non-Regulated Activity | D25: non R.A. | E25: not defined in gnerc form | F25: not defined in gnerc form | G25: entry account l1 | H25: =VLOOKUP(I25,'heading tables'!$G$3:$H$9,2,FALSE) -> L1 | I25: =LEN(A25) -> 6 | J25: =IF(ABS(M25)>5,"Income statement","Balance Sheet") -> Balance Sheet | K25: =COUNTIF(O:O,O25) -> 9 | L25: =RIGHT(A25,2) -> .2 | M25: =LEFT($A25,1) -> 1 | N25: =LEFT($A25,2) -> 14 | O25: =LEFT($A25,4) -> 1410 | P25: =CONCATENATE(M25," ",VLOOKUP(M25,'heading tables'!$A:$C,2,FALSE)) -> 1 Current Assets | Q25: =CONCATENATE(N25," ",VLOOKUP(N25,'heading tables'!$A:$C,2,FALSE)) -> 14 ST Receivables | R25: =CONCATENATE(O25," ",VLOOKUP(ABS(O25),'heading tables'!$A:$C,2,FALSE)) -> 1410 Accounts receivable - trade | S25: =N25 -> 14 | T25: =O25 -> 1410 | U25: =CONCATENATE(S25," ",VLOOKUP(S25,'heading tables'!$A:$C,2,FALSE)) -> 14 ST Receivables | V25: =CONCATENATE(T25," ",VLOOKUP(ABS(T25),'heading tables'!$A:$C,2,FALSE)) -> 1410 Accounts receivable - trade | W25: =IF(LEFT($A25,W$1)=O25,$AZ$1,LEFT($A25,W$1)) -> 1410.2 | X25: =IF(OR(LEFT($A25,X$1)=W25,W25=$AZ$1),$AZ$1,LEFT($A25,X$1)) -> " " | Y25: =IF(OR(LEFT($A25,Y$1)=X25,X25=$AZ$1),$AZ$1,LEFT($A25,Y$1)) -> " " | Z25: =IF(OR(LEFT($A25,Z$1)=Y25,Y25=$AZ$1),$AZ$1,LEFT($A25,Z$1)) -> " " | AA25: =IF(OR(LEFT($A25,AA$1)=Z25,Z25=$AZ$1),$AZ$1,LEFT($A25,AA$1)) -> " " | AB25: =IFERROR(VLOOKUP(ABS(W25),$A:$C,3,FALSE),$AZ$1) -> 1410.2 Receivables for Non-Regulated Activity | AC25: =IFERROR(VLOOKUP(ABS(X25),$A:$C,3,FALSE),$AZ$1) -> " " | AD25: =IFERROR(VLOOKUP(ABS(Y25),$A:$C,3,FALSE),$AZ$1) -> " " | AE25: =IFERROR(VLOOKUP(ABS(Z25),$A:$C,3,FALSE),$AZ$1) -> " " | AF25: =IFERROR(VLOOKUP(ABS(AA25),$A:$C,3,FALSE),$AZ$1) -> " " | AI25: Receivables for Non-Regulated Activity | AJ25: entry account | AV25: Receivables for Non-Regulated Activity | AW25: =LEN(AV25) -> 38
A26: 1415 | B26: Allowance for doubtful debts | C26: =CONCATENATE(A26," ",B26) -> 1415 Allowance for doubtful debts | D26: General | E26: 04 Receivables | F26: 1415 Allowance for doubtful debts | G26: Heading & Entry Account | H26: =VLOOKUP(I26,'heading tables'!$G$3:$H$9,2,FALSE) -> M | I26: =LEN(A26) -> 4 | J26: =IF(ABS(M26)>5,"Income statement","Balance Sheet") -> Balance Sheet | K26: =COUNTIF(O:O,O26) -> 1 | L26: =RIGHT(A26,2) -> 15 | M26: =LEFT($A26,1) -> 1 | N26: =LEFT($A26,2) -> 14 | O26: =LEFT($A26,4) -> 1415 | P26: =CONCATENATE(M26," ",VLOOKUP(M26,'heading tables'!$A:$C,2,FALSE)) -> 1 Current Assets | Q26: =CONCATENATE(N26," ",VLOOKUP(N26,'heading tables'!$A:$C,2,FALSE)) -> 14 ST Receivables | R26: =CONCATENATE(O26," ",VLOOKUP(ABS(O26),'heading tables'!$A:$C,2,FALSE)) -> 1415 Allowance for doubtful debts | S26: =N26 -> 14 | T26: =O26 -> 1415 | U26: =CONCATENATE(S26," ",VLOOKUP(S26,'heading tables'!$A:$C,2,FALSE)) -> 14 ST Receivables | V26: =CONCATENATE(T26," ",VLOOKUP(ABS(T26),'heading tables'!$A:$C,2,FALSE)) -> 1415 Allowance for doubtful debts | W26: =IF(LEFT($A26,W$1)=O26,$AZ$1,LEFT($A26,W$1)) -> " " | X26: =IF(OR(LEFT($A26,X$1)=W26,W26=$AZ$1),$AZ$1,LEFT($A26,X$1)) -> " " | Y26: =IF(OR(LEFT($A26,Y$1)=X26,X26=$AZ$1),$AZ$1,LEFT($A26,Y$1)) -> " " | Z26: =IF(OR(LEFT($A26,Z$1)=Y26,Y26=$AZ$1),$AZ$1,LEFT($A26,Z$1)) -> " " | AA26: =IF(OR(LEFT($A26,AA$1)=Z26,Z26=$AZ$1),$AZ$1,LEFT($A26,AA$1)) -> " " | AB26: =IFERROR(VLOOKUP(ABS(W26),$A:$C,3,FALSE),$AZ$1) -> " " | AC26: =IFERROR(VLOOKUP(ABS(X26),$A:$C,3,FALSE),$AZ$1) -> " " | AD26: =IFERROR(VLOOKUP(ABS(Y26),$A:$C,3,FALSE),$AZ$1) -> " " | AE26: =IFERROR(VLOOKUP(ABS(Z26),$A:$C,3,FALSE),$AZ$1) -> " " | AF26: =IFERROR(VLOOKUP(ABS(AA26),$A:$C,3,FALSE),$AZ$1) -> " " | AI26: Allowance for doubtful debts | AJ26: entry account | AV26: Allowance for doubtful debts | AW26: =LEN(AV26) -> 28
A27: 1420 | B27: AR from subsidiaries | C27: =CONCATENATE(A27," ",B27) -> 1420 AR from subsidiaries | D27: General | E27: 04 Receivables | F27: 1420 AR from subsidiaries | G27: Heading & Entry Account | H27: =VLOOKUP(I27,'heading tables'!$G$3:$H$9,2,FALSE) -> M | I27: =LEN(A27) -> 4 | J27: =IF(ABS(M27)>5,"Income statement","Balance Sheet") -> Balance Sheet | K27: =COUNTIF(O:O,O27) -> 1 | L27: =RIGHT(A27,2) -> 20 | M27: =LEFT($A27,1) -> 1 | N27: =LEFT($A27,2) -> 14 | O27: =LEFT($A27,4) -> 1420 | P27: =CONCATENATE(M27," ",VLOOKUP(M27,'heading tables'!$A:$C,2,FALSE)) -> 1 Current Assets | Q27: =CONCATENATE(N27," ",VLOOKUP(N27,'heading tables'!$A:$C,2,FALSE)) -> 14 ST Receivables | R27: =CONCATENATE(O27," ",VLOOKUP(ABS(O27),'heading tables'!$A:$C,2,FALSE)) -> 1420 AR from subsidiaries | S27: =N27 -> 14 | T27: =O27 -> 1420 | U27: =CONCATENATE(S27," ",VLOOKUP(S27,'heading tables'!$A:$C,2,FALSE)) -> 14 ST Receivables | V27: =CONCATENATE(T27," ",VLOOKUP(ABS(T27),'heading tables'!$A:$C,2,FALSE)) -> 1420 AR from subsidiaries | W27: =IF(LEFT($A27,W$1)=O27,$AZ$1,LEFT($A27,W$1)) -> " " | X27: =IF(OR(LEFT($A27,X$1)=W27,W27=$AZ$1),$AZ$1,LEFT($A27,X$1)) -> " " | Y27: =IF(OR(LEFT($A27,Y$1)=X27,X27=$AZ$1),$AZ$1,LEFT($A27,Y$1)) -> " " | Z27: =IF(OR(LEFT($A27,Z$1)=Y27,Y27=$AZ$1),$AZ$1,LEFT($A27,Z$1)) -> " " | AA27: =IF(OR(LEFT($A27,AA$1)=Z27,Z27=$AZ$1),$AZ$1,LEFT($A27,AA$1)) -> " " | AB27: =IFERROR(VLOOKUP(ABS(W27),$A:$C,3,FALSE),$AZ$1) -> " " | AC27: =IFERROR(VLOOKUP(ABS(X27),$A:$C,3,FALSE),$AZ$1) -> " " | AD27: =IFERROR(VLOOKUP(ABS(Y27),$A:$C,3,FALSE),$AZ$1) -> " " | AE27: =IFERROR(VLOOKUP(ABS(Z27),$A:$C,3,FALSE),$AZ$1) -> " " | AF27: =IFERROR(VLOOKUP(ABS(AA27),$A:$C,3,FALSE),$AZ$1) -> " " | AI27: AR from subsidiaries | AJ27: entry account | AV27: AR from subsidiaries | AW27: =LEN(AV27) -> 20
A28: 1430 | B28: AR - employees | C28: =CONCATENATE(A28," ",B28) -> 1430 AR - employees | D28: General | E28: 04 Receivables | F28: 1430 AR - employee | G28: Heading & Entry Account | H28: =VLOOKUP(I28,'heading tables'!$G$3:$H$9,2,FALSE) -> M | I28: =LEN(A28) -> 4 | J28: =IF(ABS(M28)>5,"Income statement","Balance Sheet") -> Balance Sheet | K28: =COUNTIF(O:O,O28) -> 1 | L28: =RIGHT(A28,2) -> 30 | M28: =LEFT($A28,1) -> 1 | N28: =LEFT($A28,2) -> 14 | O28: =LEFT($A28,4) -> 1430 | P28: =CONCATENATE(M28," ",VLOOKUP(M28,'heading tables'!$A:$C,2,FALSE)) -> 1 Current Assets | Q28: =CONCATENATE(N28," ",VLOOKUP(N28,'heading tables'!$A:$C,2,FALSE)) -> 14 ST Receivables | R28: =CONCATENATE(O28," ",VLOOKUP(ABS(O28),'heading tables'!$A:$C,2,FALSE)) -> 1430 AR - employees | S28: =N28 -> 14 | T28: =O28 -> 1430 | U28: =CONCATENATE(S28," ",VLOOKUP(S28,'heading tables'!$A:$C,2,FALSE)) -> 14 ST Receivables | V28: =CONCATENATE(T28," ",VLOOKUP(ABS(T28),'heading tables'!$A:$C,2,FALSE)) -> 1430 AR - employees | W28: =IF(LEFT($A28,W$1)=O28,$AZ$1,LEFT($A28,W$1)) -> " " | X28: =IF(OR(LEFT($A28,X$1)=W28,W28=$AZ$1),$AZ$1,LEFT($A28,X$1)) -> " " | Y28: =IF(OR(LEFT($A28,Y$1)=X28,X28=$AZ$1),$AZ$1,LEFT($A28,Y$1)) -> " " | Z28: =IF(OR(LEFT($A28,Z$1)=Y28,Y28=$AZ$1),$AZ$1,LEFT($A28,Z$1)) -> " " | AA28: =IF(OR(LEFT($A28,AA$1)=Z28,Z28=$AZ$1),$AZ$1,LEFT($A28,AA$1)) -> " " | AB28: =IFERROR(VLOOKUP(ABS(W28),$A:$C,3,FALSE),$AZ$1) -> " " | AC28: =IFERROR(VLOOKUP(ABS(X28),$A:$C,3,FALSE),$AZ$1) -> " " | AD28: =IFERROR(VLOOKUP(ABS(Y28),$A:$C,3,FALSE),$AZ$1) -> " " | AE28: =IFERROR(VLOOKUP(ABS(Z28),$A:$C,3,FALSE),$AZ$1) -> " " | AF28: =IFERROR(VLOOKUP(ABS(AA28),$A:$C,3,FALSE),$AZ$1) -> " " | AI28: AR - employees | AJ28: entry account | AV28: AR - employees | AW28: =LEN(AV28) -> 14
A29: 1440 | B29: AR - officers and directors | C29: =CONCATENATE(A29," ",B29) -> 1440 AR - officers and directors | D29: General | E29: 04 Receivables | F29: 1440 AR - officers and directors | G29: Heading & Entry Account | H29: =VLOOKUP(I29,'heading tables'!$G$3:$H$9,2,FALSE) -> M | I29: =LEN(A29) -> 4 | J29: =IF(ABS(M29)>5,"Income statement","Balance Sheet") -> Balance Sheet | K29: =COUNTIF(O:O,O29) -> 1 | L29: =RIGHT(A29,2) -> 40 | M29: =LEFT($A29,1) -> 1 | N29: =LEFT($A29,2) -> 14 | O29: =LEFT($A29,4) -> 1440 | P29: =CONCATENATE(M29," ",VLOOKUP(M29,'heading tables'!$A:$C,2,FALSE)) -> 1 Current Assets | Q29: =CONCATENATE(N29," ",VLOOKUP(N29,'heading tables'!$A:$C,2,FALSE)) -> 14 ST Receivables | R29: =CONCATENATE(O29," ",VLOOKUP(ABS(O29),'heading tables'!$A:$C,2,FALSE)) -> 1440 AR - officers and directors | S29: =N29 -> 14 | T29: =O29 -> 1440 | U29: =CONCATENATE(S29," ",VLOOKUP(S29,'heading tables'!$A:$C,2,FALSE)) -> 14 ST Receivables | V29: =CONCATENATE(T29," ",VLOOKUP(ABS(T29),'heading tables'!$A:$C,2,FALSE)) -> 1440 AR - officers and directors | W29: =IF(LEFT($A29,W$1)=O29,$AZ$1,LEFT($A29,W$1)) -> " " | X29: =IF(OR(LEFT($A29,X$1)=W29,W29=$AZ$1),$AZ$1,LEFT($A29,X$1)) -> " " | Y29: =IF(OR(LEFT($A29,Y$1)=X29,X29=$AZ$1),$AZ$1,LEFT($A29,Y$1)) -> " " | Z29: =IF(OR(LEFT($A29,Z$1)=Y29,Y29=$AZ$1),$AZ$1,LEFT($A29,Z$1)) -> " " | AA29: =IF(OR(LEFT($A29,AA$1)=Z29,Z29=$AZ$1),$AZ$1,LEFT($A29,AA$1)) -> " " | AB29: =IFERROR(VLOOKUP(ABS(W29),$A:$C,3,FALSE),$AZ$1) -> " " | AC29: =IFERROR(VLOOKUP(ABS(X29),$A:$C,3,FALSE),$AZ$1) -> " " | AD29: =IFERROR(VLOOKUP(ABS(Y29),$A:$C,3,FALSE),$AZ$1) -> " " | AE29: =IFERROR(VLOOKUP(ABS(Z29),$A:$C,3,FALSE),$AZ$1) -> " " | AF29: =IFERROR(VLOOKUP(ABS(AA29),$A:$C,3,FALSE),$AZ$1) -> " " | AI29: AR - officers and directors | AJ29: entry account | AV29: AR - officers and directors | AW29: =LEN(AV29) -> 27
A30: 1450 | B30: AR - partn. on the loans issued | C30: =CONCATENATE(A30," ",B30) -> 1450 AR - partn. on the loans issued | D30: General | E30: 04 Receivables | F30: 1450 AR - partner. on the loans issued | G30: Heading & Entry Account | H30: =VLOOKUP(I30,'heading tables'!$G$3:$H$9,2,FALSE) -> M | I30: =LEN(A30) -> 4 | J30: =IF(ABS(M30)>5,"Income statement","Balance Sheet") -> Balance Sheet | K30: =COUNTIF(O:O,O30) -> 1 | L30: =RIGHT(A30,2) -> 50 | M30: =LEFT($A30,1) -> 1 | N30: =LEFT($A30,2) -> 14 | O30: =LEFT($A30,4) -> 1450 | P30: =CONCATENATE(M30," ",VLOOKUP(M30,'heading tables'!$A:$C,2,FALSE)) -> 1 Current Assets | Q30: =CONCATENATE(N30," ",VLOOKUP(N30,'heading tables'!$A:$C,2,FALSE)) -> 14 ST Receivables | R30: =CONCATENATE(O30," ",VLOOKUP(ABS(O30),'heading tables'!$A:$C,2,FALSE)) -> 1450 AR - partn. on the loans issued | S30: =N30 -> 14 | T30: =O30 -> 1450 | U30: =CONCATENATE(S30," ",VLOOKUP(S30,'heading tables'!$A:$C,2,FALSE)) -> 14 ST Receivables | V30: =CONCATENATE(T30," ",VLOOKUP(ABS(T30),'heading tables'!$A:$C,2,FALSE)) -> 1450 AR - partn. on the loans issued | W30: =IF(LEFT($A30,W$1)=O30,$AZ$1,LEFT($A30,W$1)) -> " " | X30: =IF(OR(LEFT($A30,X$1)=W30,W30=$AZ$1),$AZ$1,LEFT($A30,X$1)) -> " " | Y30: =IF(OR(LEFT($A30,Y$1)=X30,X30=$AZ$1),$AZ$1,LEFT($A30,Y$1)) -> " " | Z30: =IF(OR(LEFT($A30,Z$1)=Y30,Y30=$AZ$1),$AZ$1,LEFT($A30,Z$1)) -> " " | AA30: =IF(OR(LEFT($A30,AA$1)=Z30,Z30=$AZ$1),$AZ$1,LEFT($A30,AA$1)) -> " " | AB30: =IFERROR(VLOOKUP(ABS(W30),$A:$C,3,FALSE),$AZ$1) -> " " | AC30: =IFERROR(VLOOKUP(ABS(X30),$A:$C,3,FALSE),$AZ$1) -> " " | AD30: =IFERROR(VLOOKUP(ABS(Y30),$A:$C,3,FALSE),$AZ$1) -> " " | AE30: =IFERROR(VLOOKUP(ABS(Z30),$A:$C,3,FALSE),$AZ$1) -> " " | AF30: =IFERROR(VLOOKUP(ABS(AA30),$A:$C,3,FALSE),$AZ$1) -> " " | AI30: AR - partn. on the loans issued | AJ30: entry account | AV30: AR - partn. on the loans issued | AW30: =LEN(AV30) -> 31
... A35: 1490 | B35: Other short term receivables | C35: =CONCATENATE(A35," ",B35) -> 1490 Other short term receivables | D35: General | E35: 04 Receivables | F35: 1490 Other short term receivables | G35: Heading & Entry Account | H35: =VLOOKUP(I35,'heading tables'!$G$3:$H$9,2,FALSE) -> M | I35: =LEN(A35) -> 4 | J35: =IF(ABS(M35)>5,"Income statement","Balance Sheet") -> Balance Sheet | K35: =COUNTIF(O:O,O35) -> 1 | L35: =RIGHT(A35,2) -> 90 | M35: =LEFT($A35,1) -> 1 | N35: =LEFT($A35,2) -> 14 | O35: =LEFT($A35,4) -> 1490 | P35: =CONCATENATE(M35," ",VLOOKUP(M35,'heading tables'!$A:$C,2,FALSE)) -> 1 Current Assets | Q35: =CONCATENATE(N35," ",VLOOKUP(N35,'heading tables'!$A:$C,2,FALSE)) -> 14 ST Receivables | R35: =CONCATENATE(O35," ",VLOOKUP(ABS(O35),'heading tables'!$A:$C,2,FALSE)) -> 1490 Other short term receivables | S35: =N35 -> 14 | T35: =O35 -> 1490 | U35: =CONCATENATE(S35," ",VLOOKUP(S35,'heading tables'!$A:$C,2,FALSE)) -> 14 ST Receivables | V35: =CONCATENATE(T35," ",VLOOKUP(ABS(T35),'heading tables'!$A:$C,2,FALSE)) -> 1490 Other short term receivables | W35: =IF(LEFT($A35,W$1)=O35,$AZ$1,LEFT($A35,W$1)) -> " " | X35: =IF(OR(LEFT($A35,X$1)=W35,W35=$AZ$1),$AZ$1,LEFT($A35,X$1)) -> " " | Y35: =IF(OR(LEFT($A35,Y$1)=X35,X35=$AZ$1),$AZ$1,LEFT($A35,Y$1)) -> " " | Z35: =IF(OR(LEFT($A35,Z$1)=Y35,Y35=$AZ$1),$AZ$1,LEFT($A35,Z$1)) -> " " | AA35: =IF(OR(LEFT($A35,AA$1)=Z35,Z35=$AZ$1),$AZ$1,LEFT($A35,AA$1)) -> " " | AB35: =IFERROR(VLOOKUP(ABS(W35),$A:$C,3,FALSE),$AZ$1) -> " " | AC35: =IFERROR(VLOOKUP(ABS(X35),$A:$C,3,FALSE),$AZ$1) -> " " | AD35: =IFERROR(VLOOKUP(ABS(Y35),$A:$C,3,FALSE),$AZ$1) -> " " | AE35: =IFERROR(VLOOKUP(ABS(Z35),$A:$C,3,FALSE),$AZ$1) -> " " | AF35: =IFERROR(VLOOKUP(ABS(AA35),$A:$C,3,FALSE),$AZ$1) -> " " | AI35: Other short term receivables | AJ35: entry account | AV35: Other short term receivables | AW35: =LEN(AV35) -> 28
A36: 1500 | B36: ST Notes Receivable | C36: =CONCATENATE(A36," ",B36) -> 1500 ST Notes Receivable | D36: General | E36: 05 Short-term notes receivables | F36: 0 | G36: 2Headings | H36: =VLOOKUP(I36,'heading tables'!$G$3:$H$9,2,FALSE) -> M | I36: =LEN(A36) -> 4 | J36: =IF(ABS(M36)>5,"Income statement","Balance Sheet") -> Balance Sheet | K36: =COUNTIF(O:O,O36) -> 42 | L36: =RIGHT(A36,2) -> 00 | M36: =LEFT($A36,1) -> 1 | N36: =LEFT($A36,2) -> 15 | O36: Not include | P36: =CONCATENATE(M36," ",VLOOKUP(M36,'heading tables'!$A:$C,2,FALSE)) -> 1 Current Assets | Q36: =CONCATENATE(N36," ",VLOOKUP(N36,'heading tables'!$A:$C,2,FALSE)) -> 15 ST Notes Receivable | R36: Not include | S36: =N36 -> 15 | T36: =O36 -> Not include | U36: =CONCATENATE(S36," ",VLOOKUP(S36,'heading tables'!$A:$C,2,FALSE)) -> 15 ST Notes Receivable | V36: Not Include | W36: =IF(LEFT($A36,W$1)=O36,$AZ$1,LEFT($A36,W$1)) -> 1500 | X36: =IF(OR(LEFT($A36,X$1)=W36,W36=$AZ$1),$AZ$1,LEFT($A36,X$1)) -> " " | Y36: =IF(OR(LEFT($A36,Y$1)=X36,X36=$AZ$1),$AZ$1,LEFT($A36,Y$1)) -> " " | Z36: =IF(OR(LEFT($A36,Z$1)=Y36,Y36=$AZ$1),$AZ$1,LEFT($A36,Z$1)) -> " " | AA36: =IF(OR(LEFT($A36,AA$1)=Z36,Z36=$AZ$1),$AZ$1,LEFT($A36,AA$1)) -> " " | AB36: =IFERROR(VLOOKUP(ABS(W36),$A:$C,3,FALSE),$AZ$1) -> 1500 ST Notes Receivable | AC36: =IFERROR(VLOOKUP(ABS(X36),$A:$C,3,FALSE),$AZ$1) -> " " | AD36: =IFERROR(VLOOKUP(ABS(Y36),$A:$C,3,FALSE),$AZ$1) -> " " | AE36: =IFERROR(VLOOKUP(ABS(Z36),$A:$C,3,FALSE),$AZ$1) -> " " | AF36: =IFERROR(VLOOKUP(ABS(AA36),$A:$C,3,FALSE),$AZ$1) -> " " | AI36: ST Notes Receivable | AJ36: Main | AV36: ST Notes Receivable | AW36: =LEN(AV36) -> 19
A37: 1510 | B37: Notes receivable due within one year | C37: =CONCATENATE(A37," ",B37) -> 1510 Notes receivable due within one year | D37: General | E37: 05 Short-term notes receivables | F37: 1510 Notes receivable due within one year | G37: Heading & Entry Account | H37: =VLOOKUP(I37,'heading tables'!$G$3:$H$9,2,FALSE) -> M | I37: =LEN(A37) -> 4 | J37: =IF(ABS(M37)>5,"Income statement","Balance Sheet") -> Balance Sheet | K37: =COUNTIF(O:O,O37) -> 1 | L37: =RIGHT(A37,2) -> 10 | M37: =LEFT($A37,1) -> 1 | N37: =LEFT($A37,2) -> 15 | O37: =LEFT($A37,4) -> 1510 | P37: =CONCATENATE(M37," ",VLOOKUP(M37,'heading tables'!$A:$C,2,FALSE)) -> 1 Current Assets | Q37: =CONCATENATE(N37," ",VLOOKUP(N37,'heading tables'!$A:$C,2,FALSE)) -> 15 ST Notes Receivable | R37: =CONCATENATE(O37," ",VLOOKUP(ABS(O37),'heading tables'!$A:$C,2,FALSE)) -> 1510 Notes receivable due within one year | S37: =N37 -> 15 | T37: =O37 -> 1510 | U37: =CONCATENATE(S37," ",VLOOKUP(S37,'heading tables'!$A:$C,2,FALSE)) -> 15 ST Notes Receivable | V37: =CONCATENATE(T37," ",VLOOKUP(ABS(T37),'heading tables'!$A:$C,2,FALSE)) -> 1510 Notes receivable due within one year | W37: =IF(LEFT($A37,W$1)=O37,$AZ$1,LEFT($A37,W$1)) -> " " | X37: =IF(OR(LEFT($A37,X$1)=W37,W37=$AZ$1),$AZ$1,LEFT($A37,X$1)) -> " " | Y37: =IF(OR(LEFT($A37,Y$1)=X37,X37=$AZ$1),$AZ$1,LEFT($A37,Y$1)) -> " " | Z37: =IF(OR(LEFT($A37,Z$1)=Y37,Y37=$AZ$1),$AZ$1,LEFT($A37,Z$1)) -> " " | AA37: =IF(OR(LEFT($A37,AA$1)=Z37,Z37=$AZ$1),$AZ$1,LEFT($A37,AA$1)) -> " " | AB37: =IFERROR(VLOOKUP(ABS(W37),$A:$C,3,FALSE),$AZ$1) -> " " | AC37: =IFERROR(VLOOKUP(ABS(X37),$A:$C,3,FALSE),$AZ$1) -> " " | AD37: =IFERROR(VLOOKUP(ABS(Y37),$A:$C,3,FALSE),$AZ$1) -> " " | AE37: =IFERROR(VLOOKUP(ABS(Z37),$A:$C,3,FALSE),$AZ$1) -> " " | AF37: =IFERROR(VLOOKUP(ABS(AA37),$A:$C,3,FALSE),$AZ$1) -> " " | AI37: Notes receivable due within one year | AJ37: entry account | AV37: Notes receivable due within one year | AW37: =LEN(AV37) -> 36
A38: 1520 | B38: The current portion of long-term notes | C38: =CONCATENATE(A38," ",B38) -> 1520 The current portion of long-term notes | D38: General | E38: 05 Short-term notes receivables | F38: 1520 The current portion of long-term notes | G38: Heading & Entry Account | H38: =VLOOKUP(I38,'heading tables'!$G$3:$H$9,2,FALSE) -> M | I38: =LEN(A38) -> 4 | J38: =IF(ABS(M38)>5,"Income statement","Balance Sheet") -> Balance Sheet | K38: =COUNTIF(O:O,O38) -> 1 | L38: =RIGHT(A38,2) -> 20 | M38: =LEFT($A38,1) -> 1 | N38: =LEFT($A38,2) -> 15 | O38: =LEFT($A38,4) -> 1520 | P38: =CONCATENATE(M38," ",VLOOKUP(M38,'heading tables'!$A:$C,2,FALSE)) -> 1 Current Assets | Q38: =CONCATENATE(N38," ",VLOOKUP(N38,'heading tables'!$A:$C,2,FALSE)) -> 15 ST Notes Receivable | R38: =CONCATENATE(O38," ",VLOOKUP(ABS(O38),'heading tables'!$A:$C,2,FALSE)) -> 1520 The current portion of long-term notes | S38: =N38 -> 15 | T38: =O38 -> 1520 | U38: =CONCATENATE(S38," ",VLOOKUP(S38,'heading tables'!$A:$C,2,FALSE)) -> 15 ST Notes Receivable | V38: =CONCATENATE(T38," ",VLOOKUP(ABS(T38),'heading tables'!$A:$C,2,FALSE)) -> 1520 The current portion of long-term notes | W38: =IF(LEFT($A38,W$1)=O38,$AZ$1,LEFT($A38,W$1)) -> " " | X38: =IF(OR(LEFT($A38,X$1)=W38,W38=$AZ$1),$AZ$1,LEFT($A38,X$1)) -> " " | Y38: =IF(OR(LEFT($A38,Y$1)=X38,X38=$AZ$1),$AZ$1,LEFT($A38,Y$1)) -> " " | Z38: =IF(OR(LEFT($A38,Z$1)=Y38,Y38=$AZ$1),$AZ$1,LEFT($A38,Z$1)) -> " " | AA38: =IF(OR(LEFT($A38,AA$1)=Z38,Z38=$AZ$1),$AZ$1,LEFT($A38,AA$1)) -> " " | AB38: =IFERROR(VLOOKUP(ABS(W38),$A:$C,3,FALSE),$AZ$1) -> " " | AC38: =IFERROR(VLOOKUP(ABS(X38),$A:$C,3,FALSE),$AZ$1) -> " " | AD38: =IFERROR(VLOOKUP(ABS(Y38),$A:$C,3,FALSE),$AZ$1) -> " " | AE38: =IFERROR(VLOOKUP(ABS(Z38),$A:$C,3,FALSE),$AZ$1) -> " " | AF38: =IFERROR(VLOOKUP(ABS(AA38),$A:$C,3,FALSE),$AZ$1) -> " " | AI38: The current portion of long-term notes | AJ38: entry account | AV38: The current portion of long-term notes | AW38: =LEN(AV38) -> 38
A39: 1600 | B39: Inventory | C39: =CONCATENATE(A39," ",B39) -> 1600 Inventory | D39: General | E39: 06 Inventory | F39: 0 | G39: 2Headings | H39: =VLOOKUP(I39,'heading tables'!$G$3:$H$9,2,FALSE) -> M | I39: =LEN(A39) -> 4 | J39: =IF(ABS(M39)>5,"Income statement","Balance Sheet") -> Balance Sheet | K39: =COUNTIF(O:O,O39) -> 42 | L39: =RIGHT(A39,2) -> 00 | M39: =LEFT($A39,1) -> 1 | N39: =LEFT($A39,2) -> 16 | O39: Not include | P39: =CONCATENATE(M39," ",VLOOKUP(M39,'heading tables'!$A:$C,2,FALSE)) -> 1 Current Assets | Q39: =CONCATENATE(N39," ",VLOOKUP(N39,'heading tables'!$A:$C,2,FALSE)) -> 16 Inventory | R39: Not include | S39: =N39 -> 16 | T39: =O39 -> Not include | U39: =CONCATENATE(S39," ",VLOOKUP(S39,'heading tables'!$A:$C,2,FALSE)) -> 16 Inventory | V39: Not Include | W39: =IF(LEFT($A39,W$1)=O39,$AZ$1,LEFT($A39,W$1)) -> 1600 | X39: =IF(OR(LEFT($A39,X$1)=W39,W39=$AZ$1),$AZ$1,LEFT($A39,X$1)) -> " " | Y39: =IF(OR(LEFT($A39,Y$1)=X39,X39=$AZ$1),$AZ$1,LEFT($A39,Y$1)) -> " " | Z39: =IF(OR(LEFT($A39,Z$1)=Y39,Y39=$AZ$1),$AZ$1,LEFT($A39,Z$1)) -> " " | AA39: =IF(OR(LEFT($A39,AA$1)=Z39,Z39=$AZ$1),$AZ$1,LEFT($A39,AA$1)) -> " " | AB39: =IFERROR(VLOOKUP(ABS(W39),$A:$C,3,FALSE),$AZ$1) -> 1600 Inventory | AC39: =IFERROR(VLOOKUP(ABS(X39),$A:$C,3,FALSE),$AZ$1) -> " " | AD39: =IFERROR(VLOOKUP(ABS(Y39),$A:$C,3,FALSE),$AZ$1) -> " " | AE39: =IFERROR(VLOOKUP(ABS(Z39),$A:$C,3,FALSE),$AZ$1) -> " " | AF39: =IFERROR(VLOOKUP(ABS(AA39),$A:$C,3,FALSE),$AZ$1) -> " " | AI39: Inventory | AJ39: Main | AV39: Inventory | AW39: =LEN(AV39) -> 9
A40: 1610 | B40: Goods | C40: =CONCATENATE(A40," ",B40) -> 1610 Goods | D40: General | E40: 06 Inventory | F40: 1610 Goods | G40: Heading & Entry Account | H40: =VLOOKUP(I40,'heading tables'!$G$3:$H$9,2,FALSE) -> M | I40: =LEN(A40) -> 4 | J40: =IF(ABS(M40)>5,"Income statement","Balance Sheet") -> Balance Sheet | K40: =COUNTIF(O:O,O40) -> 1 | L40: =RIGHT(A40,2) -> 10 | M40: =LEFT($A40,1) -> 1 | N40: =LEFT($A40,2) -> 16 | O40: =LEFT($A40,4) -> 1610 | P40: =CONCATENATE(M40," ",VLOOKUP(M40,'heading tables'!$A:$C,2,FALSE)) -> 1 Current Assets | Q40: =CONCATENATE(N40," ",VLOOKUP(N40,'heading tables'!$A:$C,2,FALSE)) -> 16 Inventory | R40: =CONCATENATE(O40," ",VLOOKUP(ABS(O40),'heading tables'!$A:$C,2,FALSE)) -> 1610 Goods | S40: =N40 -> 16 | T40: =O40 -> 1610 | U40: =CONCATENATE(S40," ",VLOOKUP(S40,'heading tables'!$A:$C,2,FALSE)) -> 16 Inventory | V40: =CONCATENATE(T40," ",VLOOKUP(ABS(T40),'heading tables'!$A:$C,2,FALSE)) -> 1610 Goods | W40: =IF(LEFT($A40,W$1)=O40,$AZ$1,LEFT($A40,W$1)) -> " " | X40: =IF(OR(LEFT($A40,X$1)=W40,W40=$AZ$1),$AZ$1,LEFT($A40,X$1)) -> " " | Y40: =IF(OR(LEFT($A40,Y$1)=X40,X40=$AZ$1),$AZ$1,LEFT($A40,Y$1)) -> " " | Z40: =IF(OR(LEFT($A40,Z$1)=Y40,Y40=$AZ$1),$AZ$1,LEFT($A40,Z$1)) -> " " | AA40: =IF(OR(LEFT($A40,AA$1)=Z40,Z40=$AZ$1),$AZ$1,LEFT($A40,AA$1)) -> " " | AB40: =IFERROR(VLOOKUP(ABS(W40),$A:$C,3,FALSE),$AZ$1) -> " " | AC40: =IFERROR(VLOOKUP(ABS(X40),$A:$C,3,FALSE),$AZ$1) -> " " | AD40: =IFERROR(VLOOKUP(ABS(Y40),$A:$C,3,FALSE),$AZ$1) -> " " | AE40: =IFERROR(VLOOKUP(ABS(Z40),$A:$C,3,FALSE),$AZ$1) -> " " | AF40: =IFERROR(VLOOKUP(ABS(AA40),$A:$C,3,FALSE),$AZ$1) -> " " | AI40: Goods | AJ40: entry account | AV40: Goods | AW40: =LEN(AV40) -> 5
A41: 1620 | B41: Materials and supplies | C41: =CONCATENATE(A41," ",B41) -> 1620 Materials and supplies | D41: General | E41: 06 Inventory | F41: 1620 Materials and supplies | G41: Heading & Entry Account | H41: =VLOOKUP(I41,'heading tables'!$G$3:$H$9,2,FALSE) -> M | I41: =LEN(A41) -> 4 | J41: =IF(ABS(M41)>5,"Income statement","Balance Sheet") -> Balance Sheet | K41: =COUNTIF(O:O,O41) -> 1 | L41: =RIGHT(A41,2) -> 20 | M41: =LEFT($A41,1) -> 1 | N41: =LEFT($A41,2) -> 16 | O41: =LEFT($A41,4) -> 1620 | P41: =CONCATENATE(M41," ",VLOOKUP(M41,'heading tables'!$A:$C,2,FALSE)) -> 1 Current Assets | Q41: =CONCATENATE(N41," ",VLOOKUP(N41,'heading tables'!$A:$C,2,FALSE)) -> 16 Inventory | R41: =CONCATENATE(O41," ",VLOOKUP(ABS(O41),'heading tables'!$A:$C,2,FALSE)) -> 1620 Materials and supplies | S41: =N41 -> 16 | T41: =O41 -> 1620 | U41: =CONCATENATE(S41," ",VLOOKUP(S41,'heading tables'!$A:$C,2,FALSE)) -> 16 Inventory | V41: =CONCATENATE(T41," ",VLOOKUP(ABS(T41),'heading tables'!$A:$C,2,FALSE)) -> 1620 Materials and supplies | W41: =IF(LEFT($A41,W$1)=O41,$AZ$1,LEFT($A41,W$1)) -> " " | X41: =IF(OR(LEFT($A41,X$1)=W41,W41=$AZ$1),$AZ$1,LEFT($A41,X$1)) -> " " | Y41: =IF(OR(LEFT($A41,Y$1)=X41,X41=$AZ$1),$AZ$1,LEFT($A41,Y$1)) -> " " | Z41: =IF(OR(LEFT($A41,Z$1)=Y41,Y41=$AZ$1),$AZ$1,LEFT($A41,Z$1)) -> " " | AA41: =IF(OR(LEFT($A41,AA$1)=Z41,Z41=$AZ$1),$AZ$1,LEFT($A41,AA$1)) -> " " | AB41: =IFERROR(VLOOKUP(ABS(W41),$A:$C,3,FALSE),$AZ$1) -> " " | AC41: =IFERROR(VLOOKUP(ABS(X41),$A:$C,3,FALSE),$AZ$1) -> " " | AD41: =IFERROR(VLOOKUP(ABS(Y41),$A:$C,3,FALSE),$AZ$1) -> " " | AE41: =IFERROR(VLOOKUP(ABS(Z41),$A:$C,3,FALSE),$AZ$1) -> " " | AF41: =IFERROR(VLOOKUP(ABS(AA41),$A:$C,3,FALSE),$AZ$1) -> " " | AI41: Materials and supplies | AJ41: entry account | AV41: Materials and supplies | AW41: =LEN(AV41) -> 22
A42: 1630 | B42: Semi-Products | C42: =CONCATENATE(A42," ",B42) -> 1630 Semi-Products | D42: General | E42: not defined in gnerc form | F42: not defined in gnerc form | G42: Heading & Entry Account | H42: =VLOOKUP(I42,'heading tables'!$G$3:$H$9,2,FALSE) -> M | I42: =LEN(A42) -> 4 | J42: =IF(ABS(M42)>5,"Income statement","Balance Sheet") -> Balance Sheet | K42: =COUNTIF(O:O,O42) -> 1 | L42: =RIGHT(A42,2) -> 30 | M42: =LEFT($A42,1) -> 1 | N42: =LEFT($A42,2) -> 16 | O42: =LEFT($A42,4) -> 1630 | P42: =CONCATENATE(M42," ",VLOOKUP(M42,'heading tables'!$A:$C,2,FALSE)) -> 1 Current Assets | Q42: =CONCATENATE(N42," ",VLOOKUP(N42,'heading tables'!$A:$C,2,FALSE)) -> 16 Inventory | R42: =CONCATENATE(O42," ",VLOOKUP(ABS(O42),'heading tables'!$A:$C,2,FALSE)) -> 1630 Semi-Products | S42: =N42 -> 16 | T42: =O42 -> 1630 | U42: =CONCATENATE(S42," ",VLOOKUP(S42,'heading tables'!$A:$C,2,FALSE)) -> 16 Inventory | V42: =CONCATENATE(T42," ",VLOOKUP(ABS(T42),'heading tables'!$A:$C,2,FALSE)) -> 1630 Semi-Products | W42: =IF(LEFT($A42,W$1)=O42,$AZ$1,LEFT($A42,W$1)) -> " " | X42: =IF(OR(LEFT($A42,X$1)=W42,W42=$AZ$1),$AZ$1,LEFT($A42,X$1)) -> " " | Y42: =IF(OR(LEFT($A42,Y$1)=X42,X42=$AZ$1),$AZ$1,LEFT($A42,Y$1)) -> " " | Z42: =IF(OR(LEFT($A42,Z$1)=Y42,Y42=$AZ$1),$AZ$1,LEFT($A42,Z$1)) -> " " | AA42: =IF(OR(LEFT($A42,AA$1)=Z42,Z42=$AZ$1),$AZ$1,LEFT($A42,AA$1)) -> " " | AB42: =IFERROR(VLOOKUP(ABS(W42),$A:$C,3,FALSE),$AZ$1) -> " " | AC42: =IFERROR(VLOOKUP(ABS(X42),$A:$C,3,FALSE),$AZ$1) -> " " | AD42: =IFERROR(VLOOKUP(ABS(Y42),$A:$C,3,FALSE),$AZ$1) -> " " | AE42: =IFERROR(VLOOKUP(ABS(Z42),$A:$C,3,FALSE),$AZ$1) -> " " | AF42: =IFERROR(VLOOKUP(ABS(AA42),$A:$C,3,FALSE),$AZ$1) -> " " | AI42: Semi-Products | AJ42: entry account | AV42: Semi-Products | AW42: =LEN(AV42) -> 13
A43: 1635 | B43: Interim account | C43: =CONCATENATE(A43," ",B43) -> 1635 Interim account | D43: General | E43: not defined in gnerc form | F43: not defined in gnerc form | G43: Heading & Entry Account | H43: =VLOOKUP(I43,'heading tables'!$G$3:$H$9,2,FALSE) -> M | I43: =LEN(A43) -> 4 | J43: =IF(ABS(M43)>5,"Income statement","Balance Sheet") -> Balance Sheet | K43: =COUNTIF(O:O,O43) -> 1 | L43: =RIGHT(A43,2) -> 35 | M43: =LEFT($A43,1) -> 1 | N43: =LEFT($A43,2) -> 16 | O43: =LEFT($A43,4) -> 1635 | P43: =CONCATENATE(M43," ",VLOOKUP(M43,'heading tables'!$A:$C,2,FALSE)) -> 1 Current Assets | Q43: =CONCATENATE(N43," ",VLOOKUP(N43,'heading tables'!$A:$C,2,FALSE)) -> 16 Inventory | R43: =CONCATENATE(O43," ",VLOOKUP(ABS(O43),'heading tables'!$A:$C,2,FALSE)) -> 1635 Interim account | S43: =N43 -> 16 | T43: =O43 -> 1635 | U43: =CONCATENATE(S43," ",VLOOKUP(S43,'heading tables'!$A:$C,2,FALSE)) -> 16 Inventory | V43: =CONCATENATE(T43," ",VLOOKUP(ABS(T43),'heading tables'!$A:$C,2,FALSE)) -> 1635 Interim account | W43: =IF(LEFT($A43,W$1)=O43,$AZ$1,LEFT($A43,W$1)) -> " " | X43: =IF(OR(LEFT($A43,X$1)=W43,W43=$AZ$1),$AZ$1,LEFT($A43,X$1)) -> " " | Y43: =IF(OR(LEFT($A43,Y$1)=X43,X43=$AZ$1),$AZ$1,LEFT($A43,Y$1)) -> " " | Z43: =IF(OR(LEFT($A43,Z$1)=Y43,Y43=$AZ$1),$AZ$1,LEFT($A43,Z$1)) -> " " | AA43: =IF(OR(LEFT($A43,AA$1)=Z43,Z43=$AZ$1),$AZ$1,LEFT($A43,AA$1)) -> " " | AB43: =IFERROR(VLOOKUP(ABS(W43),$A:$C,3,FALSE),$AZ$1) -> " " | AC43: =IFERROR(VLOOKUP(ABS(X43),$A:$C,3,FALSE),$AZ$1) -> " " | AD43: =IFERROR(VLOOKUP(ABS(Y43),$A:$C,3,FALSE),$AZ$1) -> " " | AE43: =IFERROR(VLOOKUP(ABS(Z43),$A:$C,3,FALSE),$AZ$1) -> " " | AF43: =IFERROR(VLOOKUP(ABS(AA43),$A:$C,3,FALSE),$AZ$1) -> " " | AI43: Interim account | AJ43: entry account | AV43: Interim account | AW43: =LEN(AV43) -> 15
A44: 1640 | B44: Finished products | C44: =CONCATENATE(A44," ",B44) -> 1640 Finished products | D44: General | E44: not defined in gnerc form | F44: not defined in gnerc form | G44: Heading & Entry Account | H44: =VLOOKUP(I44,'heading tables'!$G$3:$H$9,2,FALSE) -> M | I44: =LEN(A44) -> 4 | J44: =IF(ABS(M44)>5,"Income statement","Balance Sheet") -> Balance Sheet | K44: =COUNTIF(O:O,O44) -> 1 | L44: =RIGHT(A44,2) -> 40 | M44: =LEFT($A44,1) -> 1 | N44: =LEFT($A44,2) -> 16 | O44: =LEFT($A44,4) -> 1640 | P44: =CONCATENATE(M44," ",VLOOKUP(M44,'heading tables'!$A:$C,2,FALSE)) -> 1 Current Assets | Q44: =CONCATENATE(N44," ",VLOOKUP(N44,'heading tables'!$A:$C,2,FALSE)) -> 16 Inventory | R44: =CONCATENATE(O44," ",VLOOKUP(ABS(O44),'heading tables'!$A:$C,2,FALSE)) -> 1640 Finished products | S44: =N44 -> 16 | T44: =O44 -> 1640 | U44: =CONCATENATE(S44," ",VLOOKUP(S44,'heading tables'!$A:$C,2,FALSE)) -> 16 Inventory | V44: =CONCATENATE(T44," ",VLOOKUP(ABS(T44),'heading tables'!$A:$C,2,FALSE)) -> 1640 Finished products | W44: =IF(LEFT($A44,W$1)=O44,$AZ$1,LEFT($A44,W$1)) -> " " | X44: =IF(OR(LEFT($A44,X$1)=W44,W44=$AZ$1),$AZ$1,LEFT($A44,X$1)) -> " " | Y44: =IF(OR(LEFT($A44,Y$1)=X44,X44=$AZ$1),$AZ$1,LEFT($A44,Y$1)) -> " " | Z44: =IF(OR(LEFT($A44,Z$1)=Y44,Y44=$AZ$1),$AZ$1,LEFT($A44,Z$1)) -> " " | AA44: =IF(OR(LEFT($A44,AA$1)=Z44,Z44=$AZ$1),$AZ$1,LEFT($A44,AA$1)) -> " " | AB44: =IFERROR(VLOOKUP(ABS(W44),$A:$C,3,FALSE),$AZ$1) -> " " | AC44: =IFERROR(VLOOKUP(ABS(X44),$A:$C,3,FALSE),$AZ$1) -> " " | AD44: =IFERROR(VLOOKUP(ABS(Y44),$A:$C,3,FALSE),$AZ$1) -> " " | AE44: =IFERROR(VLOOKUP(ABS(Z44),$A:$C,3,FALSE),$AZ$1) -> " " | AF44: =IFERROR(VLOOKUP(ABS(AA44),$A:$C,3,FALSE),$AZ$1) -> " " | AI44: Finished products | AJ44: entry account | AV44: Finished products | AW44: =LEN(AV44) -> 17
A45: 1690 | B45: Other inventory (fuel, tare) | C45: =CONCATENATE(A45," ",B45) -> 1690 Other inventory (fuel, tare) | D45: General | E45: 06 Inventory | F45: 1690 Other inventory (fuel, tare) | G45: Heading & Entry Account | H45: =VLOOKUP(I45,'heading tables'!$G$3:$H$9,2,FALSE) -> M | I45: =LEN(A45) -> 4 | J45: =IF(ABS(M45)>5,"Income statement","Balance Sheet") -> Balance Sheet | K45: =COUNTIF(O:O,O45) -> 1 | L45: =RIGHT(A45,2) -> 90 | M45: =LEFT($A45,1) -> 1 | N45: =LEFT($A45,2) -> 16 | O45: =LEFT($A45,4) -> 1690 | P45: =CONCATENATE(M45," ",VLOOKUP(M45,'heading tables'!$A:$C,2,FALSE)) -> 1 Current Assets | Q45: =CONCATENATE(N45," ",VLOOKUP(N45,'heading tables'!$A:$C,2,FALSE)) -> 16 Inventory | R45: =CONCATENATE(O45," ",VLOOKUP(ABS(O45),'heading tables'!$A:$C,2,FALSE)) -> 1690 Other inventory (fuel, tare) | S45: =N45 -> 16 | T45: =O45 -> 1690 | U45: =CONCATENATE(S45," ",VLOOKUP(S45,'heading tables'!$A:$C,2,FALSE)) -> 16 Inventory | V45: =CONCATENATE(T45," ",VLOOKUP(ABS(T45),'heading tables'!$A:$C,2,FALSE)) -> 1690 Other inventory (fuel, tare) | W45: =IF(LEFT($A45,W$1)=O45,$AZ$1,LEFT($A45,W$1)) -> " " | X45: =IF(OR(LEFT($A45,X$1)=W45,W45=$AZ$1),$AZ$1,LEFT($A45,X$1)) -> " " | Y45: =IF(OR(LEFT($A45,Y$1)=X45,X45=$AZ$1),$AZ$1,LEFT($A45,Y$1)) -> " " | Z45: =IF(OR(LEFT($A45,Z$1)=Y45,Y45=$AZ$1),$AZ$1,LEFT($A45,Z$1)) -> " " | AA45: =IF(OR(LEFT($A45,AA$1)=Z45,Z45=$AZ$1),$AZ$1,LEFT($A45,AA$1)) -> " " | AB45: =IFERROR(VLOOKUP(ABS(W45),$A:$C,3,FALSE),$AZ$1) -> " " | AC45: =IFERROR(VLOOKUP(ABS(X45),$A:$C,3,FALSE),$AZ$1) -> " " | AD45: =IFERROR(VLOOKUP(ABS(Y45),$A:$C,3,FALSE),$AZ$1) -> " " | AE45: =IFERROR(VLOOKUP(ABS(Z45),$A:$C,3,FALSE),$AZ$1) -> " " | AF45: =IFERROR(VLOOKUP(ABS(AA45),$A:$C,3,FALSE),$AZ$1) -> " " | AI45: Other inventory (fuel, tare) | AJ45: entry account | AV45: Other inventory (fuel, tare) | AW45: =LEN(AV45) -> 28
A46: 1700 | B46: Prepaid expenses | C46: =CONCATENATE(A46," ",B46) -> 1700 Prepaid expenses | D46: General | E46: 07 Prepaid expenses | F46: 0 | G46: 2Headings | H46: =VLOOKUP(I46,'heading tables'!$G$3:$H$9,2,FALSE) -> M | I46: =LEN(A46) -> 4 | J46: =IF(ABS(M46)>5,"Income statement","Balance Sheet") -> Balance Sheet | K46: =COUNTIF(O:O,O46) -> 42 | L46: =RIGHT(A46,2) -> 00 | M46: =LEFT($A46,1) -> 1 | N46: =LEFT($A46,2) -> 17 | O46: Not include | P46: =CONCATENATE(M46," ",VLOOKUP(M46,'heading tables'!$A:$C,2,FALSE)) -> 1 Current Assets | Q46: =CONCATENATE(N46," ",VLOOKUP(N46,'heading tables'!$A:$C,2,FALSE)) -> 17 Prepaid expenses | R46: Not include | S46: =N46 -> 17 | T46: =O46 -> Not include | U46: =CONCATENATE(S46," ",VLOOKUP(S46,'heading tables'!$A:$C,2,FALSE)) -> 17 Prepaid expenses | V46: Not Include | W46: =IF(LEFT($A46,W$1)=O46,$AZ$1,LEFT($A46,W$1)) -> 1700 | X46: =IF(OR(LEFT($A46,X$1)=W46,W46=$AZ$1),$AZ$1,LEFT($A46,X$1)) -> " " | Y46: =IF(OR(LEFT($A46,Y$1)=X46,X46=$AZ$1),$AZ$1,LEFT($A46,Y$1)) -> " " | Z46: =IF(OR(LEFT($A46,Z$1)=Y46,Y46=$AZ$1),$AZ$1,LEFT($A46,Z$1)) -> " " | AA46: =IF(OR(LEFT($A46,AA$1)=Z46,Z46=$AZ$1),$AZ$1,LEFT($A46,AA$1)) -> " " | AB46: =IFERROR(VLOOKUP(ABS(W46),$A:$C,3,FALSE),$AZ$1) -> 1700 Prepaid expenses | AC46: =IFERROR(VLOOKUP(ABS(X46),$A:$C,3,FALSE),$AZ$1) -> " " | AD46: =IFERROR(VLOOKUP(ABS(Y46),$A:$C,3,FALSE),$AZ$1) -> " " | AE46: =IFERROR(VLOOKUP(ABS(Z46),$A:$C,3,FALSE),$AZ$1) -> " " | AF46: =IFERROR(VLOOKUP(ABS(AA46),$A:$C,3,FALSE),$AZ$1) -> " " | AI46: Prepaid expenses | AJ46: Main | AV46: Prepaid expenses | AW46: =LEN(AV46) -> 16
A47: 1710 | B47: Prepaid services | C47: =CONCATENATE(A47," ",B47) -> 1710 Prepaid services | D47: General | E47: 07 Prepaid expenses | F47: 1710 Prepaid services | G47: Heading & Entry Account | H47: =VLOOKUP(I47,'heading tables'!$G$3:$H$9,2,FALSE) -> M | I47: =LEN(A47) -> 4 | J47: =IF(ABS(M47)>5,"Income statement","Balance Sheet") -> Balance Sheet | K47: =COUNTIF(O:O,O47) -> 1 | L47: =RIGHT(A47,2) -> 10 | M47: =LEFT($A47,1) -> 1 | N47: =LEFT($A47,2) -> 17 | O47: =LEFT($A47,4) -> 1710 | P47: =CONCATENATE(M47," ",VLOOKUP(M47,'heading tables'!$A:$C,2,FALSE)) -> 1 Current Assets | Q47: =CONCATENATE(N47," ",VLOOKUP(N47,'heading tables'!$A:$C,2,FALSE)) -> 17 Prepaid expenses | R47: =CONCATENATE(O47," ",VLOOKUP(ABS(O47),'heading tables'!$A:$C,2,FALSE)) -> 1710 Prepaid services | S47: =N47 -> 17 | T47: =O47 -> 1710 | U47: =CONCATENATE(S47," ",VLOOKUP(S47,'heading tables'!$A:$C,2,FALSE)) -> 17 Prepaid expenses | V47: =CONCATENATE(T47," ",VLOOKUP(ABS(T47),'heading tables'!$A:$C,2,FALSE)) -> 1710 Prepaid services | W47: =IF(LEFT($A47,W$1)=O47,$AZ$1,LEFT($A47,W$1)) -> " " | X47: =IF(OR(LEFT($A47,X$1)=W47,W47=$AZ$1),$AZ$1,LEFT($A47,X$1)) -> " " | Y47: =IF(OR(LEFT($A47,Y$1)=X47,X47=$AZ$1),$AZ$1,LEFT($A47,Y$1)) -> " " | Z47: =IF(OR(LEFT($A47,Z$1)=Y47,Y47=$AZ$1),$AZ$1,LEFT($A47,Z$1)) -> " " | AA47: =IF(OR(LEFT($A47,AA$1)=Z47,Z47=$AZ$1),$AZ$1,LEFT($A47,AA$1)) -> " " | AB47: =IFERROR(VLOOKUP(ABS(W47),$A:$C,3,FALSE),$AZ$1) -> " " | AC47: =IFERROR(VLOOKUP(ABS(X47),$A:$C,3,FALSE),$AZ$1) -> " " | AD47: =IFERROR(VLOOKUP(ABS(Y47),$A:$C,3,FALSE),$AZ$1) -> " " | AE47: =IFERROR(VLOOKUP(ABS(Z47),$A:$C,3,FALSE),$AZ$1) -> " " | AF47: =IFERROR(VLOOKUP(ABS(AA47),$A:$C,3,FALSE),$AZ$1) -> " " | AI47: Prepaid services | AJ47: entry account | AV47: Prepaid services | AW47: =LEN(AV47) -> 16
A48: 1720 | B48: Prepaid lease | C48: =CONCATENATE(A48," ",B48) -> 1720 Prepaid lease | D48: General | E48: 07 Prepaid expenses | F48: 1720 Prepaid lease | G48: Heading & Entry Account | H48: =VLOOKUP(I48,'heading tables'!$G$3:$H$9,2,FALSE) -> M | I48: =LEN(A48) -> 4 | J48: =IF(ABS(M48)>5,"Income statement","Balance Sheet") -> Balance Sheet | K48: =COUNTIF(O:O,O48) -> 1 | L48: =RIGHT(A48,2) -> 20 | M48: =LEFT($A48,1) -> 1 | N48: =LEFT($A48,2) -> 17 | O48: =LEFT($A48,4) -> 1720 | P48: =CONCATENATE(M48," ",VLOOKUP(M48,'heading tables'!$A:$C,2,FALSE)) -> 1 Current Assets | Q48: =CONCATENATE(N48," ",VLOOKUP(N48,'heading tables'!$A:$C,2,FALSE)) -> 17 Prepaid expenses | R48: =CONCATENATE(O48," ",VLOOKUP(ABS(O48),'heading tables'!$A:$C,2,FALSE)) -> 1720 Prepaid lease | S48: =N48 -> 17 | T48: =O48 -> 1720 | U48: =CONCATENATE(S48," ",VLOOKUP(S48,'heading tables'!$A:$C,2,FALSE)) -> 17 Prepaid expenses | V48: =CONCATENATE(T48," ",VLOOKUP(ABS(T48),'heading tables'!$A:$C,2,FALSE)) -> 1720 Prepaid lease | W48: =IF(LEFT($A48,W$1)=O48,$AZ$1,LEFT($A48,W$1)) -> " " | X48: =IF(OR(LEFT($A48,X$1)=W48,W48=$AZ$1),$AZ$1,LEFT($A48,X$1)) -> " " | Y48: =IF(OR(LEFT($A48,Y$1)=X48,X48=$AZ$1),$AZ$1,LEFT($A48,Y$1)) -> " " | Z48: =IF(OR(LEFT($A48,Z$1)=Y48,Y48=$AZ$1),$AZ$1,LEFT($A48,Z$1)) -> " " | AA48: =IF(OR(LEFT($A48,AA$1)=Z48,Z48=$AZ$1),$AZ$1,LEFT($A48,AA$1)) -> " " | AB48: =IFERROR(VLOOKUP(ABS(W48),$A:$C,3,FALSE),$AZ$1) -> " " | AC48: =IFERROR(VLOOKUP(ABS(X48),$A:$C,3,FALSE),$AZ$1) -> " " | AD48: =IFERROR(VLOOKUP(ABS(Y48),$A:$C,3,FALSE),$AZ$1) -> " " | AE48: =IFERROR(VLOOKUP(ABS(Z48),$A:$C,3,FALSE),$AZ$1) -> " " | AF48: =IFERROR(VLOOKUP(ABS(AA48),$A:$C,3,FALSE),$AZ$1) -> " " | AI48: Prepaid lease | AJ48: entry account | AV48: Prepaid lease | AW48: =LEN(AV48) -> 13
A49: 1790 | B49: Prepaid other | C49: =CONCATENATE(A49," ",B49) -> 1790 Prepaid other | D49: General | E49: 07 Prepaid expenses | F49: 1790 Prepaid other | G49: Heading & Entry Account | H49: =VLOOKUP(I49,'heading tables'!$G$3:$H$9,2,FALSE) -> M | I49: =LEN(A49) -> 4 | J49: =IF(ABS(M49)>5,"Income statement","Balance Sheet") -> Balance Sheet | K49: =COUNTIF(O:O,O49) -> 1 | L49: =RIGHT(A49,2) -> 90 | M49: =LEFT($A49,1) -> 1 | N49: =LEFT($A49,2) -> 17 | O49: =LEFT($A49,4) -> 1790 | P49: =CONCATENATE(M49," ",VLOOKUP(M49,'heading tables'!$A:$C,2,FALSE)) -> 1 Current Assets | Q49: =CONCATENATE(N49," ",VLOOKUP(N49,'heading tables'!$A:$C,2,FALSE)) -> 17 Prepaid expenses | R49: =CONCATENATE(O49," ",VLOOKUP(ABS(O49),'heading tables'!$A:$C,2,FALSE)) -> 1790 Prepaid other | S49: =N49 -> 17 | T49: =O49 -> 1790 | U49: =CONCATENATE(S49," ",VLOOKUP(S49,'heading tables'!$A:$C,2,FALSE)) -> 17 Prepaid expenses | V49: =CONCATENATE(T49," ",VLOOKUP(ABS(T49),'heading tables'!$A:$C,2,FALSE)) -> 1790 Prepaid other | W49: =IF(LEFT($A49,W$1)=O49,$AZ$1,LEFT($A49,W$1)) -> " " | X49: =IF(OR(LEFT($A49,X$1)=W49,W49=$AZ$1),$AZ$1,LEFT($A49,X$1)) -> " " | Y49: =IF(OR(LEFT($A49,Y$1)=X49,X49=$AZ$1),$AZ$1,LEFT($A49,Y$1)) -> " " | Z49: =IF(OR(LEFT($A49,Z$1)=Y49,Y49=$AZ$1),$AZ$1,LEFT($A49,Z$1)) -> " " | AA49: =IF(OR(LEFT($A49,AA$1)=Z49,Z49=$AZ$1),$AZ$1,LEFT($A49,AA$1)) -> " " | AB49: =IFERROR(VLOOKUP(ABS(W49),$A:$C,3,FALSE),$AZ$1) -> " " | AC49: =IFERROR(VLOOKUP(ABS(X49),$A:$C,3,FALSE),$AZ$1) -> " " | AD49: =IFERROR(VLOOKUP(ABS(Y49),$A:$C,3,FALSE),$AZ$1) -> " " | AE49: =IFERROR(VLOOKUP(ABS(Z49),$A:$C,3,FALSE),$AZ$1) -> " " | AF49: =IFERROR(VLOOKUP(ABS(AA49),$A:$C,3,FALSE),$AZ$1) -> " " | AI49: Prepaid other | AJ49: entry account | AV49: Prepaid other | AW49: =LEN(AV49) -> 13
A50: 1800 | B50: Accrued receivables | C50: =CONCATENATE(A50," ",B50) -> 1800 Accrued receivables | D50: General | E50: 08 Accrued receivables | F50: 0 | G50: 2Headings | H50: =VLOOKUP(I50,'heading tables'!$G$3:$H$9,2,FALSE) -> M | I50: =LEN(A50) -> 4 | J50: =IF(ABS(M50)>5,"Income statement","Balance Sheet") -> Balance Sheet | K50: =COUNTIF(O:O,O50) -> 42 | L50: =RIGHT(A50,2) -> 00 | M50: =LEFT($A50,1) -> 1 | N50: =LEFT($A50,2) -> 18 | O50: Not include | P50: =CONCATENATE(M50," ",VLOOKUP(M50,'heading tables'!$A:$C,2,FALSE)) -> 1 Current Assets | Q50: =CONCATENATE(N50," ",VLOOKUP(N50,'heading tables'!$A:$C,2,FALSE)) -> 18 Accrued receivables | R50: Not include | S50: =N50 -> 18 | T50: =O50 -> Not include | U50: =CONCATENATE(S50," ",VLOOKUP(S50,'heading tables'!$A:$C,2,FALSE)) -> 18 Accrued receivables | V50: Not Include | W50: =IF(LEFT($A50,W$1)=O50,$AZ$1,LEFT($A50,W$1)) -> 1800 | X50: =IF(OR(LEFT($A50,X$1)=W50,W50=$AZ$1),$AZ$1,LEFT($A50,X$1)) -> " " | Y50: =IF(OR(LEFT($A50,Y$1)=X50,X50=$AZ$1),$AZ$1,LEFT($A50,Y$1)) -> " " | Z50: =IF(OR(LEFT($A50,Z$1)=Y50,Y50=$AZ$1),$AZ$1,LEFT($A50,Z$1)) -> " " | AA50: =IF(OR(LEFT($A50,AA$1)=Z50,Z50=$AZ$1),$AZ$1,LEFT($A50,AA$1)) -> " " | AB50: =IFERROR(VLOOKUP(ABS(W50),$A:$C,3,FALSE),$AZ$1) -> 1800 Accrued receivables | AC50: =IFERROR(VLOOKUP(ABS(X50),$A:$C,3,FALSE),$AZ$1) -> " " | AD50: =IFERROR(VLOOKUP(ABS(Y50),$A:$C,3,FALSE),$AZ$1) -> " " | AE50: =IFERROR(VLOOKUP(ABS(Z50),$A:$C,3,FALSE),$AZ$1) -> " " | AF50: =IFERROR(VLOOKUP(ABS(AA50),$A:$C,3,FALSE),$AZ$1) -> " " | AI50: Accrued receivables | AJ50: Main | AV50: Accrued receivables | AW50: =LEN(AV50) -> 19
A51: 1810 | B51: Accrued dividends receivable | C51: =CONCATENATE(A51," ",B51) -> 1810 Accrued dividends receivable | D51: General | E51: 08 Accrued receivables | F51: 1810 Accrued dividends receivable | G51: Heading & Entry Account | H51: =VLOOKUP(I51,'heading tables'!$G$3:$H$9,2,FALSE) -> M | I51: =LEN(A51) -> 4 | J51: =IF(ABS(M51)>5,"Income statement","Balance Sheet") -> Balance Sheet | K51: =COUNTIF(O:O,O51) -> 1 | L51: =RIGHT(A51,2) -> 10 | M51: =LEFT($A51,1) -> 1 | N51: =LEFT($A51,2) -> 18 | O51: =LEFT($A51,4) -> 1810 | P51: =CONCATENATE(M51," ",VLOOKUP(M51,'heading tables'!$A:$C,2,FALSE)) -> 1 Current Assets | Q51: =CONCATENATE(N51," ",VLOOKUP(N51,'heading tables'!$A:$C,2,FALSE)) -> 18 Accrued receivables | R51: =CONCATENATE(O51," ",VLOOKUP(ABS(O51),'heading tables'!$A:$C,2,FALSE)) -> 1810 Accrued dividends receivable | S51: =N51 -> 18 | T51: =O51 -> 1810 | U51: =CONCATENATE(S51," ",VLOOKUP(S51,'heading tables'!$A:$C,2,FALSE)) -> 18 Accrued receivables | V51: =CONCATENATE(T51," ",VLOOKUP(ABS(T51),'heading tables'!$A:$C,2,FALSE)) -> 1810 Accrued dividends receivable | W51: =IF(LEFT($A51,W$1)=O51,$AZ$1,LEFT($A51,W$1)) -> " " | X51: =IF(OR(LEFT($A51,X$1)=W51,W51=$AZ$1),$AZ$1,LEFT($A51,X$1)) -> " " | Y51: =IF(OR(LEFT($A51,Y$1)=X51,X51=$AZ$1),$AZ$1,LEFT($A51,Y$1)) -> " " | Z51: =IF(OR(LEFT($A51,Z$1)=Y51,Y51=$AZ$1),$AZ$1,LEFT($A51,Z$1)) -> " " | AA51: =IF(OR(LEFT($A51,AA$1)=Z51,Z51=$AZ$1),$AZ$1,LEFT($A51,AA$1)) -> " " | AB51: =IFERROR(VLOOKUP(ABS(W51),$A:$C,3,FALSE),$AZ$1) -> " " | AC51: =IFERROR(VLOOKUP(ABS(X51),$A:$C,3,FALSE),$AZ$1) -> " " | AD51: =IFERROR(VLOOKUP(ABS(Y51),$A:$C,3,FALSE),$AZ$1) -> " " | AE51: =IFERROR(VLOOKUP(ABS(Z51),$A:$C,3,FALSE),$AZ$1) -> " " | AF51: =IFERROR(VLOOKUP(ABS(AA51),$A:$C,3,FALSE),$AZ$1) -> " " | AI51: Accrued dividends receivable | AJ51: entry account | AV51: Accrued dividends receivable | AW51: =LEN(AV51) -> 28
A52: 1820 | B52: Accrued interest receivable | C52: =CONCATENATE(A52," ",B52) -> 1820 Accrued interest receivable | D52: General | E52: 08 Accrued receivables | F52: 1820 Accrued interest receivable | G52: Heading & Entry Account | H52: =VLOOKUP(I52,'heading tables'!$G$3:$H$9,2,FALSE) -> M | I52: =LEN(A52) -> 4 | J52: =IF(ABS(M52)>5,"Income statement","Balance Sheet") -> Balance Sheet | K52: =COUNTIF(O:O,O52) -> 1 | L52: =RIGHT(A52,2) -> 20 | M52: =LEFT($A52,1) -> 1 | N52: =LEFT($A52,2) -> 18 | O52: =LEFT($A52,4) -> 1820 | P52: =CONCATENATE(M52," ",VLOOKUP(M52,'heading tables'!$A:$C,2,FALSE)) -> 1 Current Assets | Q52: =CONCATENATE(N52," ",VLOOKUP(N52,'heading tables'!$A:$C,2,FALSE)) -> 18 Accrued receivables | R52: =CONCATENATE(O52," ",VLOOKUP(ABS(O52),'heading tables'!$A:$C,2,FALSE)) -> 1820 Accrued interest receivable | S52: =N52 -> 18 | T52: =O52 -> 1820 | U52: =CONCATENATE(S52," ",VLOOKUP(S52,'heading tables'!$A:$C,2,FALSE)) -> 18 Accrued receivables | V52: =CONCATENATE(T52," ",VLOOKUP(ABS(T52),'heading tables'!$A:$C,2,FALSE)) -> 1820 Accrued interest receivable | W52: =IF(LEFT($A52,W$1)=O52,$AZ$1,LEFT($A52,W$1)) -> " " | X52: =IF(OR(LEFT($A52,X$1)=W52,W52=$AZ$1),$AZ$1,LEFT($A52,X$1)) -> " " | Y52: =IF(OR(LEFT($A52,Y$1)=X52,X52=$AZ$1),$AZ$1,LEFT($A52,Y$1)) -> " " | Z52: =IF(OR(LEFT($A52,Z$1)=Y52,Y52=$AZ$1),$AZ$1,LEFT($A52,Z$1)) -> " " | AA52: =IF(OR(LEFT($A52,AA$1)=Z52,Z52=$AZ$1),$AZ$1,LEFT($A52,AA$1)) -> " " | AB52: =IFERROR(VLOOKUP(ABS(W52),$A:$C,3,FALSE),$AZ$1) -> " " | AC52: =IFERROR(VLOOKUP(ABS(X52),$A:$C,3,FALSE),$AZ$1) -> " " | AD52: =IFERROR(VLOOKUP(ABS(Y52),$A:$C,3,FALSE),$AZ$1) -> " " | AE52: =IFERROR(VLOOKUP(ABS(Z52),$A:$C,3,FALSE),$AZ$1) -> " " | AF52: =IFERROR(VLOOKUP(ABS(AA52),$A:$C,3,FALSE),$AZ$1) -> " " | AI52: Accrued interest receivable | AJ52: entry account | AV52: Accrued interest receivable | AW52: =LEN(AV52) -> 27
A53: 1890 | B53: Other accrued receivables | C53: =CONCATENATE(A53," ",B53) -> 1890 Other accrued receivables | D53: General | E53: 08 Accrued receivables | F53: 1890 Other accrued receivables | G53: Heading & Entry Account | H53: =VLOOKUP(I53,'heading tables'!$G$3:$H$9,2,FALSE) -> M | I53: =LEN(A53) -> 4 | J53: =IF(ABS(M53)>5,"Income statement","Balance Sheet") -> Balance Sheet | K53: =COUNTIF(O:O,O53) -> 1 | L53: =RIGHT(A53,2) -> 90 | M53: =LEFT($A53,1) -> 1 | N53: =LEFT($A53,2) -> 18 | O53: =LEFT($A53,4) -> 1890 | P53: =CONCATENATE(M53," ",VLOOKUP(M53,'heading tables'!$A:$C,2,FALSE)) -> 1 Current Assets | Q53: =CONCATENATE(N53," ",VLOOKUP(N53,'heading tables'!$A:$C,2,FALSE)) -> 18 Accrued receivables | R53: =CONCATENATE(O53," ",VLOOKUP(ABS(O53),'heading tables'!$A:$C,2,FALSE)) -> 1890 Other accrued receivables | S53: =N53 -> 18 | T53: =O53 -> 1890 | U53: =CONCATENATE(S53," ",VLOOKUP(S53,'heading tables'!$A:$C,2,FALSE)) -> 18 Accrued receivables | V53: =CONCATENATE(T53," ",VLOOKUP(ABS(T53),'heading tables'!$A:$C,2,FALSE)) -> 1890 Other accrued receivables | W53: =IF(LEFT($A53,W$1)=O53,$AZ$1,LEFT($A53,W$1)) -> " " | X53: =IF(OR(LEFT($A53,X$1)=W53,W53=$AZ$1),$AZ$1,LEFT($A53,X$1)) -> " " | Y53: =IF(OR(LEFT($A53,Y$1)=X53,X53=$AZ$1),$AZ$1,LEFT($A53,Y$1)) -> " " | Z53: =IF(OR(LEFT($A53,Z$1)=Y53,Y53=$AZ$1),$AZ$1,LEFT($A53,Z$1)) -> " " | AA53: =IF(OR(LEFT($A53,AA$1)=Z53,Z53=$AZ$1),$AZ$1,LEFT($A53,AA$1)) -> " " | AB53: =IFERROR(VLOOKUP(ABS(W53),$A:$C,3,FALSE),$AZ$1) -> " " | AC53: =IFERROR(VLOOKUP(ABS(X53),$A:$C,3,FALSE),$AZ$1) -> " " | AD53: =IFERROR(VLOOKUP(ABS(Y53),$A:$C,3,FALSE),$AZ$1) -> " " | AE53: =IFERROR(VLOOKUP(ABS(Z53),$A:$C,3,FALSE),$AZ$1) -> " " | AF53: =IFERROR(VLOOKUP(ABS(AA53),$A:$C,3,FALSE),$AZ$1) -> " " | AI53: Other accrued receivables | AJ53: entry account | AV53: Other accrued receivables | AW53: =LEN(AV53) -> 25
A54: 1900 | B54: Other Current Assets | C54: =CONCATENATE(A54," ",B54) -> 1900 Other Current Assets | D54: General | E54: 09 Current assets - other | F54: 0 | G54: 2Headings | H54: =VLOOKUP(I54,'heading tables'!$G$3:$H$9,2,FALSE) -> M | I54: =LEN(A54) -> 4 | J54: =IF(ABS(M54)>5,"Income statement","Balance Sheet") -> Balance Sheet | K54: =COUNTIF(O:O,O54) -> 42 | L54: =RIGHT(A54,2) -> 00 | M54: =LEFT($A54,1) -> 1 | N54: =LEFT($A54,2) -> 19 | O54: Not include | P54: =CONCATENATE(M54," ",VLOOKUP(M54,'heading tables'!$A:$C,2,FALSE)) -> 1 Current Assets | Q54: =CONCATENATE(N54," ",VLOOKUP(N54,'heading tables'!$A:$C,2,FALSE)) -> 19 Other Current Assets | R54: Not include | S54: =N54 -> 19 | T54: =O54 -> Not include | U54: =CONCATENATE(S54," ",VLOOKUP(S54,'heading tables'!$A:$C,2,FALSE)) -> 19 Other Current Assets | V54: Not Include | W54: =IF(LEFT($A54,W$1)=O54,$AZ$1,LEFT($A54,W$1)) -> 1900 | X54: =IF(OR(LEFT($A54,X$1)=W54,W54=$AZ$1),$AZ$1,LEFT($A54,X$1)) -> " " | Y54: =IF(OR(LEFT($A54,Y$1)=X54,X54=$AZ$1),$AZ$1,LEFT($A54,Y$1)) -> " " | Z54: =IF(OR(LEFT($A54,Z$1)=Y54,Y54=$AZ$1),$AZ$1,LEFT($A54,Z$1)) -> " " | AA54: =IF(OR(LEFT($A54,AA$1)=Z54,Z54=$AZ$1),$AZ$1,LEFT($A54,AA$1)) -> " " | AB54: =IFERROR(VLOOKUP(ABS(W54),$A:$C,3,FALSE),$AZ$1) -> 1900 Other Current Assets | AC54: =IFERROR(VLOOKUP(ABS(X54),$A:$C,3,FALSE),$AZ$1) -> " " | AD54: =IFERROR(VLOOKUP(ABS(Y54),$A:$C,3,FALSE),$AZ$1) -> " " | AE54: =IFERROR(VLOOKUP(ABS(Z54),$A:$C,3,FALSE),$AZ$1) -> " " | AF54: =IFERROR(VLOOKUP(ABS(AA54),$A:$C,3,FALSE),$AZ$1) -> " " | AI54: Other Current Assets | AJ54: Main | AV54: Other Current Assets | AW54: =LEN(AV54) -> 20
A55: 1910 | B55: Other Current Assets | C55: =CONCATENATE(A55," ",B55) -> 1910 Other Current Assets | D55: General | E55: 09 Current assets - other | F55: 1910 Current assets - other | G55: Head accounts | H55: =VLOOKUP(I55,'heading tables'!$G$3:$H$9,2,FALSE) -> M | I55: =LEN(A55) -> 4 | J55: =IF(ABS(M55)>5,"Income statement","Balance Sheet") -> Balance Sheet | K55: =COUNTIF(O:O,O55) -> 3 | L55: =RIGHT(A55,2) -> 10 | M55: =LEFT($A55,1) -> 1 | N55: =LEFT($A55,2) -> 19 | O55: =LEFT($A55,4) -> 1910 | P55: =CONCATENATE(M55," ",VLOOKUP(M55,'heading tables'!$A:$C,2,FALSE)) -> 1 Current Assets | Q55: =CONCATENATE(N55," ",VLOOKUP(N55,'heading tables'!$A:$C,2,FALSE)) -> 19 Other Current Assets | R55: =CONCATENATE(O55," ",VLOOKUP(ABS(O55),'heading tables'!$A:$C,2,FALSE)) -> 1910 Other Current Assets | S55: =N55 -> 19 | T55: =O55 -> 1910 | U55: =CONCATENATE(S55," ",VLOOKUP(S55,'heading tables'!$A:$C,2,FALSE)) -> 19 Other Current Assets | V55: =CONCATENATE(T55," ",VLOOKUP(ABS(T55),'heading tables'!$A:$C,2,FALSE)) -> 1910 Other Current Assets | W55: =IF(LEFT($A55,W$1)=O55,$AZ$1,LEFT($A55,W$1)) -> " " | X55: =IF(OR(LEFT($A55,X$1)=W55,W55=$AZ$1),$AZ$1,LEFT($A55,X$1)) -> " " | Y55: =IF(OR(LEFT($A55,Y$1)=X55,X55=$AZ$1),$AZ$1,LEFT($A55,Y$1)) -> " " | Z55: =IF(OR(LEFT($A55,Z$1)=Y55,Y55=$AZ$1),$AZ$1,LEFT($A55,Z$1)) -> " " | AA55: =IF(OR(LEFT($A55,AA$1)=Z55,Z55=$AZ$1),$AZ$1,LEFT($A55,AA$1)) -> " " | AB55: =IFERROR(VLOOKUP(ABS(W55),$A:$C,3,FALSE),$AZ$1) -> " " | AC55: =IFERROR(VLOOKUP(ABS(X55),$A:$C,3,FALSE),$AZ$1) -> " " | AD55: =IFERROR(VLOOKUP(ABS(Y55),$A:$C,3,FALSE),$AZ$1) -> " " | AE55: =IFERROR(VLOOKUP(ABS(Z55),$A:$C,3,FALSE),$AZ$1) -> " " | AF55: =IFERROR(VLOOKUP(ABS(AA55),$A:$C,3,FALSE),$AZ$1) -> " " | AI55: Other Current Assets | AJ55: cumulative | AV55: Other Current Assets | AW55: =LEN(AV55) -> 20
A56: 1910.1 | B56: Other Regulated Current Assets | C56: =CONCATENATE(A56," ",B56) -> 1910.1 Other Regulated Current Assets | D56: R.A. | E56: 09 Current assets - other | F56: 1910 Other Regulated Current Assets | G56: entry account l1 | H56: =VLOOKUP(I56,'heading tables'!$G$3:$H$9,2,FALSE) -> L1 | I56: =LEN(A56) -> 6 | J56: =IF(ABS(M56)>5,"Income statement","Balance Sheet") -> Balance Sheet | K56: =COUNTIF(O:O,O56) -> 3 | L56: =RIGHT(A56,2) -> .1 | M56: =LEFT($A56,1) -> 1 | N56: =LEFT($A56,2) -> 19 | O56: =LEFT($A56,4) -> 1910 | P56: =CONCATENATE(M56," ",VLOOKUP(M56,'heading tables'!$A:$C,2,FALSE)) -> 1 Current Assets | Q56: =CONCATENATE(N56," ",VLOOKUP(N56,'heading tables'!$A:$C,2,FALSE)) -> 19 Other Current Assets | R56: =CONCATENATE(O56," ",VLOOKUP(ABS(O56),'heading tables'!$A:$C,2,FALSE)) -> 1910 Other Current Assets | S56: =N56 -> 19 | T56: =O56 -> 1910 | U56: =CONCATENATE(S56," ",VLOOKUP(S56,'heading tables'!$A:$C,2,FALSE)) -> 19 Other Current Assets | V56: =CONCATENATE(T56," ",VLOOKUP(ABS(T56),'heading tables'!$A:$C,2,FALSE)) -> 1910 Other Current Assets | W56: =IF(LEFT($A56,W$1)=O56,$AZ$1,LEFT($A56,W$1)) -> 1910.1 | X56: =IF(OR(LEFT($A56,X$1)=W56,W56=$AZ$1),$AZ$1,LEFT($A56,X$1)) -> " " | Y56: =IF(OR(LEFT($A56,Y$1)=X56,X56=$AZ$1),$AZ$1,LEFT($A56,Y$1)) -> " " | Z56: =IF(OR(LEFT($A56,Z$1)=Y56,Y56=$AZ$1),$AZ$1,LEFT($A56,Z$1)) -> " " | AA56: =IF(OR(LEFT($A56,AA$1)=Z56,Z56=$AZ$1),$AZ$1,LEFT($A56,AA$1)) -> " " | AB56: =IFERROR(VLOOKUP(ABS(W56),$A:$C,3,FALSE),$AZ$1) -> 1910.1 Other Regulated Current Assets | AC56: =IFERROR(VLOOKUP(ABS(X56),$A:$C,3,FALSE),$AZ$1) -> " " | AD56: =IFERROR(VLOOKUP(ABS(Y56),$A:$C,3,FALSE),$AZ$1) -> " " | AE56: =IFERROR(VLOOKUP(ABS(Z56),$A:$C,3,FALSE),$AZ$1) -> " " | AF56: =IFERROR(VLOOKUP(ABS(AA56),$A:$C,3,FALSE),$AZ$1) -> " " | AI56: Other Regulated Current Assets | AJ56: entry account | AV56: Other Regulated Current Assets | AW56: =LEN(AV56) -> 30
A57: 1910.2 | B57: Other Non-Regulated Current Assets | C57: =CONCATENATE(A57," ",B57) -> 1910.2 Other Non-Regulated Current Assets | D57: non R.A. | E57: not defined in gnerc form | F57: not defined in gnerc form | G57: entry account l1 | H57: =VLOOKUP(I57,'heading tables'!$G$3:$H$9,2,FALSE) -> L1 | I57: =LEN(A57) -> 6 | J57: =IF(ABS(M57)>5,"Income statement","Balance Sheet") -> Balance Sheet | K57: =COUNTIF(O:O,O57) -> 3 | L57: =RIGHT(A57,2) -> .2 | M57: =LEFT($A57,1) -> 1 | N57: =LEFT($A57,2) -> 19 | O57: =LEFT($A57,4) -> 1910 | P57: =CONCATENATE(M57," ",VLOOKUP(M57,'heading tables'!$A:$C,2,FALSE)) -> 1 Current Assets | Q57: =CONCATENATE(N57," ",VLOOKUP(N57,'heading tables'!$A:$C,2,FALSE)) -> 19 Other Current Assets | R57: =CONCATENATE(O57," ",VLOOKUP(ABS(O57),'heading tables'!$A:$C,2,FALSE)) -> 1910 Other Current Assets | S57: =N57 -> 19 | T57: =O57 -> 1910 | U57: =CONCATENATE(S57," ",VLOOKUP(S57,'heading tables'!$A:$C,2,FALSE)) -> 19 Other Current Assets | V57: =CONCATENATE(T57," ",VLOOKUP(ABS(T57),'heading tables'!$A:$C,2,FALSE)) -> 1910 Other Current Assets | W57: =IF(LEFT($A57,W$1)=O57,$AZ$1,LEFT($A57,W$1)) -> 1910.2 | X57: =IF(OR(LEFT($A57,X$1)=W57,W57=$AZ$1),$AZ$1,LEFT($A57,X$1)) -> " " | Y57: =IF(OR(LEFT($A57,Y$1)=X57,X57=$AZ$1),$AZ$1,LEFT($A57,Y$1)) -> " " | Z57: =IF(OR(LEFT($A57,Z$1)=Y57,Y57=$AZ$1),$AZ$1,LEFT($A57,Z$1)) -> " " | AA57: =IF(OR(LEFT($A57,AA$1)=Z57,Z57=$AZ$1),$AZ$1,LEFT($A57,AA$1)) -> " " | AB57: =IFERROR(VLOOKUP(ABS(W57),$A:$C,3,FALSE),$AZ$1) -> 1910.2 Other Non-Regulated Current Assets | AC57: =IFERROR(VLOOKUP(ABS(X57),$A:$C,3,FALSE),$AZ$1) -> " " | AD57: =IFERROR(VLOOKUP(ABS(Y57),$A:$C,3,FALSE),$AZ$1) -> " " | AE57: =IFERROR(VLOOKUP(ABS(Z57),$A:$C,3,FALSE),$AZ$1) -> " " | AF57: =IFERROR(VLOOKUP(ABS(AA57),$A:$C,3,FALSE),$AZ$1) -> " " | AI57: Other Non-Regulated Current Assets | AJ57: entry account | AV57: Other Non-Regulated Current Assets | AW57: =LEN(AV57) -> 34
A58: 2000 | B58: Long-Term Assets | C58: =CONCATENATE(A58," ",B58) -> 2000 Long-Term Assets | D58: General | E58: 10 Fixed assets | F58: 0 | G58: 1Headings | H58: =VLOOKUP(I58,'heading tables'!$G$3:$H$9,2,FALSE) -> M | I58: =LEN(A58) -> 4 | J58: =IF(ABS(M58)>5,"Income statement","Balance Sheet") -> Balance Sheet | K58: =COUNTIF(O:O,O58) -> 42 | L58: =RIGHT(A58,2) -> 00 | M58: =LEFT($A58,1) -> 2 | N58: =LEFT($A58,2) -> 20 | O58: Not include | P58: =CONCATENATE(M58," ",VLOOKUP(M58,'heading tables'!$A:$C,2,FALSE)) -> 2 Non-current Assets | Q58: not include | R58: Not include | S58: =N58 -> 20 | T58: =O58 -> Not include | U58: Not Include | V58: Not Include | W58: =IF(LEFT($A58,W$1)=O58,$AZ$1,LEFT($A58,W$1)) -> 2000 | X58: =IF(OR(LEFT($A58,X$1)=W58,W58=$AZ$1),$AZ$1,LEFT($A58,X$1)) -> " " | Y58: =IF(OR(LEFT($A58,Y$1)=X58,X58=$AZ$1),$AZ$1,LEFT($A58,Y$1)) -> " " | Z58: =IF(OR(LEFT($A58,Z$1)=Y58,Y58=$AZ$1),$AZ$1,LEFT($A58,Z$1)) -> " " | AA58: =IF(OR(LEFT($A58,AA$1)=Z58,Z58=$AZ$1),$AZ$1,LEFT($A58,AA$1)) -> " " | AB58: =IFERROR(VLOOKUP(ABS(W58),$A:$C,3,FALSE),$AZ$1) -> 2000 Long-Term Assets | AC58: =IFERROR(VLOOKUP(ABS(X58),$A:$C,3,FALSE),$AZ$1) -> " " | AD58: =IFERROR(VLOOKUP(ABS(Y58),$A:$C,3,FALSE),$AZ$1) -> " " | AE58: =IFERROR(VLOOKUP(ABS(Z58),$A:$C,3,FALSE),$AZ$1) -> " " | AF58: =IFERROR(VLOOKUP(ABS(AA58),$A:$C,3,FALSE),$AZ$1) -> " " | AI58: Long-Term Assets | AJ58: Main | AK58: Not attributable by kv | AV58: Long-Term Assets | AW58: =LEN(AV58) -> 16
A59: 2100 | B59: Fixed Assets | C59: =CONCATENATE(A59," ",B59) -> 2100 Fixed Assets | D59: General | E59: 10 Fixed assets | F59: 0 | G59: 2Headings | H59: =VLOOKUP(I59,'heading tables'!$G$3:$H$9,2,FALSE) -> M | I59: =LEN(A59) -> 4 | J59: =IF(ABS(M59)>5,"Income statement","Balance Sheet") -> Balance Sheet | K59: =COUNTIF(O:O,O59) -> 42 | L59: =RIGHT(A59,2) -> 00 | M59: =LEFT($A59,1) -> 2 | N59: =LEFT($A59,2) -> 21 | O59: Not include | P59: =CONCATENATE(M59," ",VLOOKUP(M59,'heading tables'!$A:$C,2,FALSE)) -> 2 Non-current Assets | Q59: =CONCATENATE($N59," ",VLOOKUP($N59,'heading tables'!$A:$C,2,FALSE)) -> 21 Fixed Assets | R59: Not include | S59: =N59 -> 21 | T59: =O59 -> Not include | U59: =CONCATENATE(S59," ",VLOOKUP(S59,'heading tables'!$A:$C,2,FALSE)) -> 21 Fixed Assets | V59: Not Include | W59: =IF(LEFT($A59,W$1)=O59,$AZ$1,LEFT($A59,W$1)) -> 2100 | X59: =IF(OR(LEFT($A59,X$1)=W59,W59=$AZ$1),$AZ$1,LEFT($A59,X$1)) -> " " | Y59: =IF(OR(LEFT($A59,Y$1)=X59,X59=$AZ$1),$AZ$1,LEFT($A59,Y$1)) -> " " | Z59: =IF(OR(LEFT($A59,Z$1)=Y59,Y59=$AZ$1),$AZ$1,LEFT($A59,Z$1)) -> " " | AA59: =IF(OR(LEFT($A59,AA$1)=Z59,Z59=$AZ$1),$AZ$1,LEFT($A59,AA$1)) -> " " | AB59: =IFERROR(VLOOKUP(ABS(W59),$A:$C,3,FALSE),$AZ$1) -> 2100 Fixed Assets | AC59: =IFERROR(VLOOKUP(ABS(X59),$A:$C,3,FALSE),$AZ$1) -> " " | AD59: =IFERROR(VLOOKUP(ABS(Y59),$A:$C,3,FALSE),$AZ$1) -> " " | AE59: =IFERROR(VLOOKUP(ABS(Z59),$A:$C,3,FALSE),$AZ$1) -> " " | AF59: =IFERROR(VLOOKUP(ABS(AA59),$A:$C,3,FALSE),$AZ$1) -> " " | AI59: Fixed Assets | AJ59: Main | AK59: Not attributable by kv | AL59: 1 | AM59: 0 | AV59: Fixed Assets | AW59: =LEN(AV59) -> 12
A60: 2110 | B60: Land | C60: =CONCATENATE(A60," ",B60) -> 2110 Land | D60: General | E60: 10 Fixed assets | F60: 0 | G60: Head accounts | H60: =VLOOKUP(I60,'heading tables'!$G$3:$H$9,2,FALSE) -> M | I60: =LEN(A60) -> 4 | J60: =IF(ABS(M60)>5,"Income statement","Balance Sheet") -> Balance Sheet | K60: =COUNTIF(O:O,O60) -> 33 | L60: =RIGHT(A60,2) -> 10 | M60: =LEFT($A60,1) -> 2 | N60: =LEFT($A60,2) -> 21 | O60: =LEFT($A60,4) -> 2110 | P60: =CONCATENATE(M60," ",VLOOKUP(M60,'heading tables'!$A:$C,2,FALSE)) -> 2 Non-current Assets | Q60: =CONCATENATE(N60," ",VLOOKUP(N60,'heading tables'!$A:$C,2,FALSE)) -> 21 Fixed Assets | R60: =CONCATENATE(O60," ",VLOOKUP(ABS(O60),'heading tables'!$A:$C,2,FALSE)) -> 2110 Land | S60: =N60 -> 21 | T60: =O60 -> 2110 | U60: =CONCATENATE(S60," ",VLOOKUP(S60,'heading tables'!$A:$C,2,FALSE)) -> 21 Fixed Assets | V60: =CONCATENATE(T60," ",VLOOKUP(ABS(T60),'heading tables'!$A:$C,2,FALSE)) -> 2110 Land | W60: =IF(LEFT($A60,W$1)=O60,$AZ$1,LEFT($A60,W$1)) -> " " | X60: =IF(OR(LEFT($A60,X$1)=W60,W60=$AZ$1),$AZ$1,LEFT($A60,X$1)) -> " " | Y60: =IF(OR(LEFT($A60,Y$1)=X60,X60=$AZ$1),$AZ$1,LEFT($A60,Y$1)) -> " " | Z60: =IF(OR(LEFT($A60,Z$1)=Y60,Y60=$AZ$1),$AZ$1,LEFT($A60,Z$1)) -> " " | AA60: =IF(OR(LEFT($A60,AA$1)=Z60,Z60=$AZ$1),$AZ$1,LEFT($A60,AA$1)) -> " " | AB60: =IFERROR(VLOOKUP(ABS(W60),$A:$C,3,FALSE),$AZ$1) -> " " | AC60: =IFERROR(VLOOKUP(ABS(X60),$A:$C,3,FALSE),$AZ$1) -> " " | AD60: =IFERROR(VLOOKUP(ABS(Y60),$A:$C,3,FALSE),$AZ$1) -> " " | AE60: =IFERROR(VLOOKUP(ABS(Z60),$A:$C,3,FALSE),$AZ$1) -> " " | AF60: =IFERROR(VLOOKUP(ABS(AA60),$A:$C,3,FALSE),$AZ$1) -> " " | AI60: Land | AJ60: cumulative | AK60: Not attributable by kv | AL60: 2 | AM60: 0 | AV60: Land | AW60: =LEN(AV60) -> 4
A61: 2110.1 | B61: Land: Electricity Regulated Activity | C61: =CONCATENATE(A61," ",B61) -> 2110.1 Land: Electricity Regulated Activity | D61: General | E61: 10 Fixed assets | F61: 0 | G61: L1 cap account | H61: =VLOOKUP(I61,'heading tables'!$G$3:$H$9,2,FALSE) -> L1 | I61: =LEN(A61) -> 6 | J61: =IF(ABS(M61)>5,"Income statement","Balance Sheet") -> Balance Sheet | K61: =COUNTIF(O:O,O61) -> 33 | L61: =RIGHT(A61,2) -> .1 | M61: =LEFT($A61,1) -> 2 | N61: =LEFT($A61,2) -> 21 | O61: =LEFT($A61,4) -> 2110 | P61: =CONCATENATE(M61," ",VLOOKUP(M61,'heading tables'!$A:$C,2,FALSE)) -> 2 Non-current Assets | Q61: =CONCATENATE(N61," ",VLOOKUP(N61,'heading tables'!$A:$C,2,FALSE)) -> 21 Fixed Assets | R61: =CONCATENATE(O61," ",VLOOKUP(ABS(O61),'heading tables'!$A:$C,2,FALSE)) -> 2110 Land | S61: =N61 -> 21 | T61: =O61 -> 2110 | U61: =CONCATENATE(S61," ",VLOOKUP(S61,'heading tables'!$A:$C,2,FALSE)) -> 21 Fixed Assets | V61: =CONCATENATE(T61," ",VLOOKUP(ABS(T61),'heading tables'!$A:$C,2,FALSE)) -> 2110 Land | W61: =IF(LEFT($A61,W$1)=O61,$AZ$1,LEFT($A61,W$1)) -> 2110.1 | X61: =IF(OR(LEFT($A61,X$1)=W61,W61=$AZ$1),$AZ$1,LEFT($A61,X$1)) -> " " | Y61: =IF(OR(LEFT($A61,Y$1)=X61,X61=$AZ$1),$AZ$1,LEFT($A61,Y$1)) -> " " | Z61: =IF(OR(LEFT($A61,Z$1)=Y61,Y61=$AZ$1),$AZ$1,LEFT($A61,Z$1)) -> " " | AA61: =IF(OR(LEFT($A61,AA$1)=Z61,Z61=$AZ$1),$AZ$1,LEFT($A61,AA$1)) -> " " | AB61: =IFERROR(VLOOKUP(ABS(W61),$A:$C,3,FALSE),$AZ$1) -> 2110.1 Land: Electricity Regulated Activity | AC61: =IFERROR(VLOOKUP(ABS(X61),$A:$C,3,FALSE),$AZ$1) -> " " | AD61: =IFERROR(VLOOKUP(ABS(Y61),$A:$C,3,FALSE),$AZ$1) -> " " | AE61: =IFERROR(VLOOKUP(ABS(Z61),$A:$C,3,FALSE),$AZ$1) -> " " | AF61: =IFERROR(VLOOKUP(ABS(AA61),$A:$C,3,FALSE),$AZ$1) -> " " | AI61: Land: Electricity Regulated Activity | AJ61: cumulative | AK61: Not attributable by kv | AL61: 3 | AM61: 0 | AV61: Land: Electricity Regulated Activity | AW61: =LEN(AV61) -> 36
A62: 2110.11 | B62: Land: Electricity Regulated Activity, Dispatch | C62: =CONCATENATE(A62," ",B62) -> 2110.11 Land: Electricity Regulated Activity, Dispatch | D62: Dispatch | E62: 10 Fixed assets | F62: 2114 Land | G62: entry account l2 | H62: =VLOOKUP(I62,'heading tables'!$G$3:$H$9,2,FALSE) -> L2 | I62: =LEN(A62) -> 7 | J62: =IF(ABS(M62)>5,"Income statement","Balance Sheet") -> Balance Sheet | K62: =COUNTIF(O:O,O62) -> 33 | L62: =RIGHT(A62,2) -> 11 | M62: =LEFT($A62,1) -> 2 | N62: =LEFT($A62,2) -> 21 | O62: =LEFT($A62,4) -> 2110 | P62: =CONCATENATE(M62," ",VLOOKUP(M62,'heading tables'!$A:$C,2,FALSE)) -> 2 Non-current Assets | Q62: =CONCATENATE(N62," ",VLOOKUP(N62,'heading tables'!$A:$C,2,FALSE)) -> 21 Fixed Assets | R62: =CONCATENATE(O62," ",VLOOKUP(ABS(O62),'heading tables'!$A:$C,2,FALSE)) -> 2110 Land | S62: =N62 -> 21 | T62: =O62 -> 2110 | U62: =CONCATENATE(S62," ",VLOOKUP(S62,'heading tables'!$A:$C,2,FALSE)) -> 21 Fixed Assets | V62: =CONCATENATE(T62," ",VLOOKUP(ABS(T62),'heading tables'!$A:$C,2,FALSE)) -> 2110 Land | W62: =IF(LEFT($A62,W$1)=O62,$AZ$1,LEFT($A62,W$1)) -> 2110.1 | X62: =IF(OR(LEFT($A62,X$1)=W62,W62=$AZ$1),$AZ$1,LEFT($A62,X$1)) -> 2110.11 | Y62: =IF(OR(LEFT($A62,Y$1)=X62,X62=$AZ$1),$AZ$1,LEFT($A62,Y$1)) -> " " | Z62: =IF(OR(LEFT($A62,Z$1)=Y62,Y62=$AZ$1),$AZ$1,LEFT($A62,Z$1)) -> " " | AA62: =IF(OR(LEFT($A62,AA$1)=Z62,Z62=$AZ$1),$AZ$1,LEFT($A62,AA$1)) -> " " | AB62: =IFERROR(VLOOKUP(ABS(W62),$A:$C,3,FALSE),$AZ$1) -> 2110.1 Land: Electricity Regulated Activity | AC62: =IFERROR(VLOOKUP(ABS(X62),$A:$C,3,FALSE),$AZ$1) -> 2110.11 Land: Electricity Regulated Activity, Dispatch | AD62: =IFERROR(VLOOKUP(ABS(Y62),$A:$C,3,FALSE),$AZ$1) -> " " | AE62: =IFERROR(VLOOKUP(ABS(Z62),$A:$C,3,FALSE),$AZ$1) -> " " | AF62: =IFERROR(VLOOKUP(ABS(AA62),$A:$C,3,FALSE),$AZ$1) -> " " | AI62: Land: Electricity Regulated Activity, Dispatch | AJ62: entry account | AK62: Not attributable by kv | AL62: 4 | AM62: Dispatch Plant | AT62: Dispatch Plant | AV62: Land: Electricity Regulated Activity, Dispatch | AW62: =LEN(AV62) -> 46
A63: 2110.12 | B63: Land: Electricity Regulated Activity, Transmission | C63: =CONCATENATE(A63," ",B63) -> 2110.12 Land: Electricity Regulated Activity, Transmission | D63: TR. | E63: 10 Fixed assets | F63: 2113 Land | G63: L2 cap account | H63: =VLOOKUP(I63,'heading tables'!$G$3:$H$9,2,FALSE) -> L2 | I63: =LEN(A63) -> 7 | J63: =IF(ABS(M63)>5,"Income statement","Balance Sheet") -> Balance Sheet | K63: =COUNTIF(O:O,O63) -> 33 | L63: =RIGHT(A63,2) -> 12 | M63: =LEFT($A63,1) -> 2 | N63: =LEFT($A63,2) -> 21 | O63: =LEFT($A63,4) -> 2110 | P63: =CONCATENATE(M63," ",VLOOKUP(M63,'heading tables'!$A:$C,2,FALSE)) -> 2 Non-current Assets | Q63: =CONCATENATE(N63," ",VLOOKUP(N63,'heading tables'!$A:$C,2,FALSE)) -> 21 Fixed Assets | R63: =CONCATENATE(O63," ",VLOOKUP(ABS(O63),'heading tables'!$A:$C,2,FALSE)) -> 2110 Land | S63: =N63 -> 21 | T63: =O63 -> 2110 | U63: =CONCATENATE(S63," ",VLOOKUP(S63,'heading tables'!$A:$C,2,FALSE)) -> 21 Fixed Assets | V63: =CONCATENATE(T63," ",VLOOKUP(ABS(T63),'heading tables'!$A:$C,2,FALSE)) -> 2110 Land | W63: =IF(LEFT($A63,W$1)=O63,$AZ$1,LEFT($A63,W$1)) -> 2110.1 | X63: =IF(OR(LEFT($A63,X$1)=W63,W63=$AZ$1),$AZ$1,LEFT($A63,X$1)) -> 2110.12 | Y63: =IF(OR(LEFT($A63,Y$1)=X63,X63=$AZ$1),$AZ$1,LEFT($A63,Y$1)) -> " " | Z63: =IF(OR(LEFT($A63,Z$1)=Y63,Y63=$AZ$1),$AZ$1,LEFT($A63,Z$1)) -> " " | AA63: =IF(OR(LEFT($A63,AA$1)=Z63,Z63=$AZ$1),$AZ$1,LEFT($A63,AA$1)) -> " " | AB63: =IFERROR(VLOOKUP(ABS(W63),$A:$C,3,FALSE),$AZ$1) -> 2110.1 Land: Electricity Regulated Activity | AC63: =IFERROR(VLOOKUP(ABS(X63),$A:$C,3,FALSE),$AZ$1) -> 2110.12 Land: Electricity Regulated Activity, Transmission | AD63: =IFERROR(VLOOKUP(ABS(Y63),$A:$C,3,FALSE),$AZ$1) -> " " | AE63: =IFERROR(VLOOKUP(ABS(Z63),$A:$C,3,FALSE),$AZ$1) -> " " | AF63: =IFERROR(VLOOKUP(ABS(AA63),$A:$C,3,FALSE),$AZ$1) -> " " | AI63: Land: Electricity Regulated Activity, Transmission | AJ63: cumulative | AK63: Not attributable by kv | AL63: 5 | AM63: 0 | AV63: Land: Electricity Regulated Activity, Transmission | AW63: =LEN(AV63) -> 50
A64: 2110.121 | B64: Land: Electricity Regulated Activity, Transmission of 500 kV | C64: =CONCATENATE(A64," ",B64) -> 2110.121 Land: Electricity Regulated Activity, Transmission of 500 kV | D64: TR. | E64: 10 Fixed assets | F64: 2113 Land | G64: entry account l3 | H64: =VLOOKUP(I64,'heading tables'!$G$3:$H$9,2,FALSE) -> L3 | I64: =LEN(A64) -> 8 | J64: =IF(ABS(M64)>5,"Income statement","Balance Sheet") -> Balance Sheet | K64: =COUNTIF(O:O,O64) -> 33 | L64: =RIGHT(A64,2) -> 21 | M64: =LEFT($A64,1) -> 2 | N64: =LEFT($A64,2) -> 21 | O64: =LEFT($A64,4) -> 2110 | P64: =CONCATENATE(M64," ",VLOOKUP(M64,'heading tables'!$A:$C,2,FALSE)) -> 2 Non-current Assets | Q64: =CONCATENATE(N64," ",VLOOKUP(N64,'heading tables'!$A:$C,2,FALSE)) -> 21 Fixed Assets | R64: =CONCATENATE(O64," ",VLOOKUP(ABS(O64),'heading tables'!$A:$C,2,FALSE)) -> 2110 Land | S64: =N64 -> 21 | T64: =O64 -> 2110 | U64: =CONCATENATE(S64," ",VLOOKUP(S64,'heading tables'!$A:$C,2,FALSE)) -> 21 Fixed Assets | V64: =CONCATENATE(T64," ",VLOOKUP(ABS(T64),'heading tables'!$A:$C,2,FALSE)) -> 2110 Land | W64: =IF(LEFT($A64,W$1)=O64,$AZ$1,LEFT($A64,W$1)) -> 2110.1 | X64: =IF(OR(LEFT($A64,X$1)=W64,W64=$AZ$1),$AZ$1,LEFT($A64,X$1)) -> 2110.12 | Y64: =IF(OR(LEFT($A64,Y$1)=X64,X64=$AZ$1),$AZ$1,LEFT($A64,Y$1)) -> 2110.121 | Z64: =IF(OR(LEFT($A64,Z$1)=Y64,Y64=$AZ$1),$AZ$1,LEFT($A64,Z$1)) -> " " | AA64: =IF(OR(LEFT($A64,AA$1)=Z64,Z64=$AZ$1),$AZ$1,LEFT($A64,AA$1)) -> " " | AB64: =IFERROR(VLOOKUP(ABS(W64),$A:$C,3,FALSE),$AZ$1) -> 2110.1 Land: Electricity Regulated Activity | AC64: =IFERROR(VLOOKUP(ABS(X64),$A:$C,3,FALSE),$AZ$1) -> 2110.12 Land: Electricity Regulated Activity, Transmission | AD64: =IFERROR(VLOOKUP(ABS(Y64),$A:$C,3,FALSE),$AZ$1) -> 2110.121 Land: Electricity Regulated Activity, Transmission of 500 kV | AE64: =IFERROR(VLOOKUP(ABS(Z64),$A:$C,3,FALSE),$AZ$1) -> " " | AF64: =IFERROR(VLOOKUP(ABS(AA64),$A:$C,3,FALSE),$AZ$1) -> " " | AI64: Land: Electricity Regulated Activity, Transmission of 500 kV | AJ64: entry account | AK64: 500 | AL64: 6 | AM64: Transmission Plant 500 kV | AT64: Transmission Plant 500 kV | AV64: Land: Electricity Regulated Activity, Transmission of 500 kV | AW64: =LEN(AV64) -> 60
A65: 2110.122 | B65: Land: Electricity Regulated Activity, Transmission of 400 kV | C65: =CONCATENATE(A65," ",B65) -> 2110.122 Land: Electricity Regulated Activity, Transmission of 400 kV | D65: TR. | E65: 10 Fixed assets | F65: 2113 Land | G65: entry account l3 | H65: =VLOOKUP(I65,'heading tables'!$G$3:$H$9,2,FALSE) -> L3 | I65: =LEN(A65) -> 8 | J65: =IF(ABS(M65)>5,"Income statement","Balance Sheet") -> Balance Sheet | K65: =COUNTIF(O:O,O65) -> 33 | L65: =RIGHT(A65,2) -> 22 | M65: =LEFT($A65,1) -> 2 | N65: =LEFT($A65,2) -> 21 | O65: =LEFT($A65,4) -> 2110 | P65: =CONCATENATE(M65," ",VLOOKUP(M65,'heading tables'!$A:$C,2,FALSE)) -> 2 Non-current Assets | Q65: =CONCATENATE(N65," ",VLOOKUP(N65,'heading tables'!$A:$C,2,FALSE)) -> 21 Fixed Assets | R65: =CONCATENATE(O65," ",VLOOKUP(ABS(O65),'heading tables'!$A:$C,2,FALSE)) -> 2110 Land | S65: =N65 -> 21 | T65: =O65 -> 2110 | U65: =CONCATENATE(S65," ",VLOOKUP(S65,'heading tables'!$A:$C,2,FALSE)) -> 21 Fixed Assets | V65: =CONCATENATE(T65," ",VLOOKUP(ABS(T65),'heading tables'!$A:$C,2,FALSE)) -> 2110 Land | W65: =IF(LEFT($A65,W$1)=O65,$AZ$1,LEFT($A65,W$1)) -> 2110.1 | X65: =IF(OR(LEFT($A65,X$1)=W65,W65=$AZ$1),$AZ$1,LEFT($A65,X$1)) -> 2110.12 | Y65: =IF(OR(LEFT($A65,Y$1)=X65,X65=$AZ$1),$AZ$1,LEFT($A65,Y$1)) -> 2110.122 | Z65: =IF(OR(LEFT($A65,Z$1)=Y65,Y65=$AZ$1),$AZ$1,LEFT($A65,Z$1)) -> " " | AA65: =IF(OR(LEFT($A65,AA$1)=Z65,Z65=$AZ$1),$AZ$1,LEFT($A65,AA$1)) -> " " | AB65: =IFERROR(VLOOKUP(ABS(W65),$A:$C,3,FALSE),$AZ$1) -> 2110.1 Land: Electricity Regulated Activity | AC65: =IFERROR(VLOOKUP(ABS(X65),$A:$C,3,FALSE),$AZ$1) -> 2110.12 Land: Electricity Regulated Activity, Transmission | AD65: =IFERROR(VLOOKUP(ABS(Y65),$A:$C,3,FALSE),$AZ$1) -> 2110.122 Land: Electricity Regulated Activity, Transmission of 400 kV | AE65: =IFERROR(VLOOKUP(ABS(Z65),$A:$C,3,FALSE),$AZ$1) -> " " | AF65: =IFERROR(VLOOKUP(ABS(AA65),$A:$C,3,FALSE),$AZ$1) -> " " | AI65: Land: Electricity Regulated Activity, Transmission of 400 kV | AJ65: entry account | AK65: 400 | AL65: 7 | AM65: Transmission Plant 400 kV | AT65: Transmission Plant 400 kV | AV65: Land: Electricity Regulated Activity, Transmission of 400 kV | AW65: =LEN(AV65) -> 60
A66: 2110.123 | B66: Land: Electricity Regulated Activity, Transmission of 330 kV | C66: =CONCATENATE(A66," ",B66) -> 2110.123 Land: Electricity Regulated Activity, Transmission of 330 kV | D66: TR. | E66: 10 Fixed assets | F66: 2113 Land | G66: entry account l3 | H66: =VLOOKUP(I66,'heading tables'!$G$3:$H$9,2,FALSE) -> L3 | I66: =LEN(A66) -> 8 | J66: =IF(ABS(M66)>5,"Income statement","Balance Sheet") -> Balance Sheet | K66: =COUNTIF(O:O,O66) -> 33 | L66: =RIGHT(A66,2) -> 23 | M66: =LEFT($A66,1) -> 2 | N66: =LEFT($A66,2) -> 21 | O66: =LEFT($A66,4) -> 2110 | P66: =CONCATENATE(M66," ",VLOOKUP(M66,'heading tables'!$A:$C,2,FALSE)) -> 2 Non-current Assets | Q66: =CONCATENATE(N66," ",VLOOKUP(N66,'heading tables'!$A:$C,2,FALSE)) -> 21 Fixed Assets | R66: =CONCATENATE(O66," ",VLOOKUP(ABS(O66),'heading tables'!$A:$C,2,FALSE)) -> 2110 Land | S66: =N66 -> 21 | T66: =O66 -> 2110 | U66: =CONCATENATE(S66," ",VLOOKUP(S66,'heading tables'!$A:$C,2,FALSE)) -> 21 Fixed Assets | V66: =CONCATENATE(T66," ",VLOOKUP(ABS(T66),'heading tables'!$A:$C,2,FALSE)) -> 2110 Land | W66: =IF(LEFT($A66,W$1)=O66,$AZ$1,LEFT($A66,W$1)) -> 2110.1 | X66: =IF(OR(LEFT($A66,X$1)=W66,W66=$AZ$1),$AZ$1,LEFT($A66,X$1)) -> 2110.12 | Y66: =IF(OR(LEFT($A66,Y$1)=X66,X66=$AZ$1),$AZ$1,LEFT($A66,Y$1)) -> 2110.123 | Z66: =IF(OR(LEFT($A66,Z$1)=Y66,Y66=$AZ$1),$AZ$1,LEFT($A66,Z$1)) -> " " | AA66: =IF(OR(LEFT($A66,AA$1)=Z66,Z66=$AZ$1),$AZ$1,LEFT($A66,AA$1)) -> " " | AB66: =IFERROR(VLOOKUP(ABS(W66),$A:$C,3,FALSE),$AZ$1) -> 2110.1 Land: Electricity Regulated Activity | AC66: =IFERROR(VLOOKUP(ABS(X66),$A:$C,3,FALSE),$AZ$1) -> 2110.12 Land: Electricity Regulated Activity, Transmission | AD66: =IFERROR(VLOOKUP(ABS(Y66),$A:$C,3,FALSE),$AZ$1) -> 2110.123 Land: Electricity Regulated Activity, Transmission of 330 kV | AE66: =IFERROR(VLOOKUP(ABS(Z66),$A:$C,3,FALSE),$AZ$1) -> " " | AF66: =IFERROR(VLOOKUP(ABS(AA66),$A:$C,3,FALSE),$AZ$1) -> " " | AI66: Land: Electricity Regulated Activity, Transmission of 330 kV | AJ66: entry account | AK66: 330 | AL66: 8 | AM66: Transmission Plant 330 kV | AT66: Transmission Plant 330 kV | AV66: Land: Electricity Regulated Activity, Transmission of 330 kV | AW66: =LEN(AV66) -> 60
A67: 2110.124 | B67: Land: Electricity Regulated Activity, Transmission of 220 kV | C67: =CONCATENATE(A67," ",B67) -> 2110.124 Land: Electricity Regulated Activity, Transmission of 220 kV | D67: TR. | E67: 10 Fixed assets | F67: 2113 Land | G67: entry account l3 | H67: =VLOOKUP(I67,'heading tables'!$G$3:$H$9,2,FALSE) -> L3 | I67: =LEN(A67) -> 8 | J67: =IF(ABS(M67)>5,"Income statement","Balance Sheet") -> Balance Sheet | K67: =COUNTIF(O:O,O67) -> 33 | L67: =RIGHT(A67,2) -> 24 | M67: =LEFT($A67,1) -> 2 | N67: =LEFT($A67,2) -> 21 | O67: =LEFT($A67,4) -> 2110 | P67: =CONCATENATE(M67," ",VLOOKUP(M67,'heading tables'!$A:$C,2,FALSE)) -> 2 Non-current Assets | Q67: =CONCATENATE(N67," ",VLOOKUP(N67,'heading tables'!$A:$C,2,FALSE)) -> 21 Fixed Assets | R67: =CONCATENATE(O67," ",VLOOKUP(ABS(O67),'heading tables'!$A:$C,2,FALSE)) -> 2110 Land | S67: =N67 -> 21 | T67: =O67 -> 2110 | U67: =CONCATENATE(S67," ",VLOOKUP(S67,'heading tables'!$A:$C,2,FALSE)) -> 21 Fixed Assets | V67: =CONCATENATE(T67," ",VLOOKUP(ABS(T67),'heading tables'!$A:$C,2,FALSE)) -> 2110 Land | W67: =IF(LEFT($A67,W$1)=O67,$AZ$1,LEFT($A67,W$1)) -> 2110.1 | X67: =IF(OR(LEFT($A67,X$1)=W67,W67=$AZ$1),$AZ$1,LEFT($A67,X$1)) -> 2110.12 | Y67: =IF(OR(LEFT($A67,Y$1)=X67,X67=$AZ$1),$AZ$1,LEFT($A67,Y$1)) -> 2110.124 | Z67: =IF(OR(LEFT($A67,Z$1)=Y67,Y67=$AZ$1),$AZ$1,LEFT($A67,Z$1)) -> " " | AA67: =IF(OR(LEFT($A67,AA$1)=Z67,Z67=$AZ$1),$AZ$1,LEFT($A67,AA$1)) -> " " | AB67: =IFERROR(VLOOKUP(ABS(W67),$A:$C,3,FALSE),$AZ$1) -> 2110.1 Land: Electricity Regulated Activity | AC67: =IFERROR(VLOOKUP(ABS(X67),$A:$C,3,FALSE),$AZ$1) -> 2110.12 Land: Electricity Regulated Activity, Transmission | AD67: =IFERROR(VLOOKUP(ABS(Y67),$A:$C,3,FALSE),$AZ$1) -> 2110.124 Land: Electricity Regulated Activity, Transmission of 220 kV | AE67: =IFERROR(VLOOKUP(ABS(Z67),$A:$C,3,FALSE),$AZ$1) -> " " | AF67: =IFERROR(VLOOKUP(ABS(AA67),$A:$C,3,FALSE),$AZ$1) -> " " | AI67: Land: Electricity Regulated Activity, Transmission of 220 kV | AJ67: entry account | AK67: 220 | AL67: 9 | AM67: Transmission Plant 220 kV | AT67: Transmission Plant 220 kV | AV67: Land: Electricity Regulated Activity, Transmission of 220 kV | AW67: =LEN(AV67) -> 60
A68: 2110.125 | B68: Land: Electricity Regulated Activity, Transmission of 110 kV | C68: =CONCATENATE(A68," ",B68) -> 2110.125 Land: Electricity Regulated Activity, Transmission of 110 kV | D68: TR. | E68: 10 Fixed assets | F68: 2113 Land | G68: entry account l3 | H68: =VLOOKUP(I68,'heading tables'!$G$3:$H$9,2,FALSE) -> L3 | I68: =LEN(A68) -> 8 | J68: =IF(ABS(M68)>5,"Income statement","Balance Sheet") -> Balance Sheet | K68: =COUNTIF(O:O,O68) -> 33 | L68: =RIGHT(A68,2) -> 25 | M68: =LEFT($A68,1) -> 2 | N68: =LEFT($A68,2) -> 21 | O68: =LEFT($A68,4) -> 2110 | P68: =CONCATENATE(M68," ",VLOOKUP(M68,'heading tables'!$A:$C,2,FALSE)) -> 2 Non-current Assets | Q68: =CONCATENATE(N68," ",VLOOKUP(N68,'heading tables'!$A:$C,2,FALSE)) -> 21 Fixed Assets | R68: =CONCATENATE(O68," ",VLOOKUP(ABS(O68),'heading tables'!$A:$C,2,FALSE)) -> 2110 Land | S68: =N68 -> 21 | T68: =O68 -> 2110 | U68: =CONCATENATE(S68," ",VLOOKUP(S68,'heading tables'!$A:$C,2,FALSE)) -> 21 Fixed Assets | V68: =CONCATENATE(T68," ",VLOOKUP(ABS(T68),'heading tables'!$A:$C,2,FALSE)) -> 2110 Land | W68: =IF(LEFT($A68,W$1)=O68,$AZ$1,LEFT($A68,W$1)) -> 2110.1 | X68: =IF(OR(LEFT($A68,X$1)=W68,W68=$AZ$1),$AZ$1,LEFT($A68,X$1)) -> 2110.12 | Y68: =IF(OR(LEFT($A68,Y$1)=X68,X68=$AZ$1),$AZ$1,LEFT($A68,Y$1)) -> 2110.125 | Z68: =IF(OR(LEFT($A68,Z$1)=Y68,Y68=$AZ$1),$AZ$1,LEFT($A68,Z$1)) -> " " | AA68: =IF(OR(LEFT($A68,AA$1)=Z68,Z68=$AZ$1),$AZ$1,LEFT($A68,AA$1)) -> " " | AB68: =IFERROR(VLOOKUP(ABS(W68),$A:$C,3,FALSE),$AZ$1) -> 2110.1 Land: Electricity Regulated Activity | AC68: =IFERROR(VLOOKUP(ABS(X68),$A:$C,3,FALSE),$AZ$1) -> 2110.12 Land: Electricity Regulated Activity, Transmission | AD68: =IFERROR(VLOOKUP(ABS(Y68),$A:$C,3,FALSE),$AZ$1) -> 2110.125 Land: Electricity Regulated Activity, Transmission of 110 kV | AE68: =IFERROR(VLOOKUP(ABS(Z68),$A:$C,3,FALSE),$AZ$1) -> " " | AF68: =IFERROR(VLOOKUP(ABS(AA68),$A:$C,3,FALSE),$AZ$1) -> " " | AI68: Land: Electricity Regulated Activity, Transmission of 110 kV | AJ68: entry account | AK68: 110 | AL68: 10 | AM68: Transmission Plant 110 kV | AT68: Transmission Plant 110 kV | AV68: Land: Electricity Regulated Activity, Transmission of 110 kV | AW68: =LEN(AV68) -> 60
A69: 2110.126 | B69: Land: Electricity Regulated Activity, Transmission of 35 kV | C69: =CONCATENATE(A69," ",B69) -> 2110.126 Land: Electricity Regulated Activity, Transmission of 35 kV | D69: TR. | E69: 10 Fixed assets | F69: 2113 Land | G69: entry account l3 | H69: =VLOOKUP(I69,'heading tables'!$G$3:$H$9,2,FALSE) -> L3 | I69: =LEN(A69) -> 8 | J69: =IF(ABS(M69)>5,"Income statement","Balance Sheet") -> Balance Sheet | K69: =COUNTIF(O:O,O69) -> 33 | L69: =RIGHT(A69,2) -> 26 | M69: =LEFT($A69,1) -> 2 | N69: =LEFT($A69,2) -> 21 | O69: =LEFT($A69,4) -> 2110 | P69: =CONCATENATE(M69," ",VLOOKUP(M69,'heading tables'!$A:$C,2,FALSE)) -> 2 Non-current Assets | Q69: =CONCATENATE(N69," ",VLOOKUP(N69,'heading tables'!$A:$C,2,FALSE)) -> 21 Fixed Assets | R69: =CONCATENATE(O69," ",VLOOKUP(ABS(O69),'heading tables'!$A:$C,2,FALSE)) -> 2110 Land | S69: =N69 -> 21 | T69: =O69 -> 2110 | U69: =CONCATENATE(S69," ",VLOOKUP(S69,'heading tables'!$A:$C,2,FALSE)) -> 21 Fixed Assets | V69: =CONCATENATE(T69," ",VLOOKUP(ABS(T69),'heading tables'!$A:$C,2,FALSE)) -> 2110 Land | W69: =IF(LEFT($A69,W$1)=O69,$AZ$1,LEFT($A69,W$1)) -> 2110.1 | X69: =IF(OR(LEFT($A69,X$1)=W69,W69=$AZ$1),$AZ$1,LEFT($A69,X$1)) -> 2110.12 | Y69: =IF(OR(LEFT($A69,Y$1)=X69,X69=$AZ$1),$AZ$1,LEFT($A69,Y$1)) -> 2110.126 | Z69: =IF(OR(LEFT($A69,Z$1)=Y69,Y69=$AZ$1),$AZ$1,LEFT($A69,Z$1)) -> " " | AA69: =IF(OR(LEFT($A69,AA$1)=Z69,Z69=$AZ$1),$AZ$1,LEFT($A69,AA$1)) -> " " | AB69: =IFERROR(VLOOKUP(ABS(W69),$A:$C,3,FALSE),$AZ$1) -> 2110.1 Land: Electricity Regulated Activity | AC69: =IFERROR(VLOOKUP(ABS(X69),$A:$C,3,FALSE),$AZ$1) -> 2110.12 Land: Electricity Regulated Activity, Transmission | AD69: =IFERROR(VLOOKUP(ABS(Y69),$A:$C,3,FALSE),$AZ$1) -> 2110.126 Land: Electricity Regulated Activity, Transmission of 35 kV | AE69: =IFERROR(VLOOKUP(ABS(Z69),$A:$C,3,FALSE),$AZ$1) -> " " | AF69: =IFERROR(VLOOKUP(ABS(AA69),$A:$C,3,FALSE),$AZ$1) -> " " | AI69: Land: Electricity Regulated Activity, Transmission of 35 kV | AJ69: entry account | AK69: 35 | AL69: 11 | AM69: Transmission Plant 35 kV | AT69: Transmission Plant 35 kV | AV69: Land: Electricity Regulated Activity, Transmission of 35 kV | AW69: =LEN(AV69) -> 59
A70: 2110.127 | B70: Land: Electricity Regulated Activity, Transmission of 6/10 and below kV | C70: =CONCATENATE(A70," ",B70) -> 2110.127 Land: Electricity Regulated Activity, Transmission of 6/10 and below kV | D70: TR. | E70: 10 Fixed assets | F70: 2113 Land | G70: entry account l3 | H70: =VLOOKUP(I70,'heading tables'!$G$3:$H$9,2,FALSE) -> L3 | I70: =LEN(A70) -> 8 | J70: =IF(ABS(M70)>5,"Income statement","Balance Sheet") -> Balance Sheet | K70: =COUNTIF(O:O,O70) -> 33 | L70: =RIGHT(A70,2) -> 27 | M70: =LEFT($A70,1) -> 2 | N70: =LEFT($A70,2) -> 21 | O70: =LEFT($A70,4) -> 2110 | P70: =CONCATENATE(M70," ",VLOOKUP(M70,'heading tables'!$A:$C,2,FALSE)) -> 2 Non-current Assets | Q70: =CONCATENATE(N70," ",VLOOKUP(N70,'heading tables'!$A:$C,2,FALSE)) -> 21 Fixed Assets | R70: =CONCATENATE(O70," ",VLOOKUP(ABS(O70),'heading tables'!$A:$C,2,FALSE)) -> 2110 Land | S70: =N70 -> 21 | T70: =O70 -> 2110 | U70: =CONCATENATE(S70," ",VLOOKUP(S70,'heading tables'!$A:$C,2,FALSE)) -> 21 Fixed Assets | V70: =CONCATENATE(T70," ",VLOOKUP(ABS(T70),'heading tables'!$A:$C,2,FALSE)) -> 2110 Land | W70: =IF(LEFT($A70,W$1)=O70,$AZ$1,LEFT($A70,W$1)) -> 2110.1 | X70: =IF(OR(LEFT($A70,X$1)=W70,W70=$AZ$1),$AZ$1,LEFT($A70,X$1)) -> 2110.12 | Y70: =IF(OR(LEFT($A70,Y$1)=X70,X70=$AZ$1),$AZ$1,LEFT($A70,Y$1)) -> 2110.127 | Z70: =IF(OR(LEFT($A70,Z$1)=Y70,Y70=$AZ$1),$AZ$1,LEFT($A70,Z$1)) -> " " | AA70: =IF(OR(LEFT($A70,AA$1)=Z70,Z70=$AZ$1),$AZ$1,LEFT($A70,AA$1)) -> " " | AB70: =IFERROR(VLOOKUP(ABS(W70),$A:$C,3,FALSE),$AZ$1) -> 2110.1 Land: Electricity Regulated Activity | AC70: =IFERROR(VLOOKUP(ABS(X70),$A:$C,3,FALSE),$AZ$1) -> 2110.12 Land: Electricity Regulated Activity, Transmission | AD70: =IFERROR(VLOOKUP(ABS(Y70),$A:$C,3,FALSE),$AZ$1) -> 2110.127 Land: Electricity Regulated Activity, Transmission of 6/10 and below kV | AE70: =IFERROR(VLOOKUP(ABS(Z70),$A:$C,3,FALSE),$AZ$1) -> " " | AF70: =IFERROR(VLOOKUP(ABS(AA70),$A:$C,3,FALSE),$AZ$1) -> " " | AI70: Land: Electricity Regulated Activity, Transmission of 6/10 and below kV | AJ70: entry account | AK70: 6/10 | AL70: 12 | AM70: Transmission Plant 6/10 and below kV | AT70: Transmission Plant 6/10 and below kV | AV70: Land: Electricity Regulated Activity, Transmission of 6/10 and below kV | AW70: =LEN(AV70) -> 71
A71: 2110.128 | B71: Land: Electricity Regulated Activity, Transmission Technical Services | C71: =CONCATENATE(A71," ",B71) -> 2110.128 Land: Electricity Regulated Activity, Transmission Technical Services | D71: TR. | E71: 10 Fixed assets | F71: 2113 Land | G71: entry account l3 | H71: =VLOOKUP(I71,'heading tables'!$G$3:$H$9,2,FALSE) -> L3 | I71: =LEN(A71) -> 8 | J71: =IF(ABS(M71)>5,"Income statement","Balance Sheet") -> Balance Sheet | K71: =COUNTIF(O:O,O71) -> 33 | L71: =RIGHT(A71,2) -> 28 | M71: =LEFT($A71,1) -> 2 | N71: =LEFT($A71,2) -> 21 | O71: =LEFT($A71,4) -> 2110 | P71: =CONCATENATE(M71," ",VLOOKUP(M71,'heading tables'!$A:$C,2,FALSE)) -> 2 Non-current Assets | Q71: =CONCATENATE(N71," ",VLOOKUP(N71,'heading tables'!$A:$C,2,FALSE)) -> 21 Fixed Assets | R71: =CONCATENATE(O71," ",VLOOKUP(ABS(O71),'heading tables'!$A:$C,2,FALSE)) -> 2110 Land | S71: =N71 -> 21 | T71: =O71 -> 2110 | U71: =CONCATENATE(S71," ",VLOOKUP(S71,'heading tables'!$A:$C,2,FALSE)) -> 21 Fixed Assets | V71: =CONCATENATE(T71," ",VLOOKUP(ABS(T71),'heading tables'!$A:$C,2,FALSE)) -> 2110 Land | W71: =IF(LEFT($A71,W$1)=O71,$AZ$1,LEFT($A71,W$1)) -> 2110.1 | X71: =IF(OR(LEFT($A71,X$1)=W71,W71=$AZ$1),$AZ$1,LEFT($A71,X$1)) -> 2110.12 | Y71: =IF(OR(LEFT($A71,Y$1)=X71,X71=$AZ$1),$AZ$1,LEFT($A71,Y$1)) -> 2110.128 | Z71: =IF(OR(LEFT($A71,Z$1)=Y71,Y71=$AZ$1),$AZ$1,LEFT($A71,Z$1)) -> " " | AA71: =IF(OR(LEFT($A71,AA$1)=Z71,Z71=$AZ$1),$AZ$1,LEFT($A71,AA$1)) -> " " | AB71: =IFERROR(VLOOKUP(ABS(W71),$A:$C,3,FALSE),$AZ$1) -> 2110.1 Land: Electricity Regulated Activity | AC71: =IFERROR(VLOOKUP(ABS(X71),$A:$C,3,FALSE),$AZ$1) -> 2110.12 Land: Electricity Regulated Activity, Transmission | AD71: =IFERROR(VLOOKUP(ABS(Y71),$A:$C,3,FALSE),$AZ$1) -> 2110.128 Land: Electricity Regulated Activity, Transmission Technical Services | AE71: =IFERROR(VLOOKUP(ABS(Z71),$A:$C,3,FALSE),$AZ$1) -> " " | AF71: =IFERROR(VLOOKUP(ABS(AA71),$A:$C,3,FALSE),$AZ$1) -> " " | AI71: Land: Electricity Regulated Activity, Transmission Technical Services | AJ71: entry account | AK71: Not attributable by kv | AL71: 13 | AM71: Transmission / General Plant | AT71: Transmission / General Plant | AV71: Land: Electricity Regulated Activity, Transmission Technical Services | AW71: =LEN(AV71) -> 69
A72: 2110.129 | B72: Land: Electricity Regulated Activity, Transmission Administration | C72: =CONCATENATE(A72," ",B72) -> 2110.129 Land: Electricity Regulated Activity, Transmission Administration | D72: TR. | E72: 10 Fixed assets | F72: 2113 Land | G72: entry account l3 | H72: =VLOOKUP(I72,'heading tables'!$G$3:$H$9,2,FALSE) -> L3 | I72: =LEN(A72) -> 8 | J72: =IF(ABS(M72)>5,"Income statement","Balance Sheet") -> Balance Sheet | K72: =COUNTIF(O:O,O72) -> 33 | L72: =RIGHT(A72,2) -> 29 | M72: =LEFT($A72,1) -> 2 | N72: =LEFT($A72,2) -> 21 | O72: =LEFT($A72,4) -> 2110 | P72: =CONCATENATE(M72," ",VLOOKUP(M72,'heading tables'!$A:$C,2,FALSE)) -> 2 Non-current Assets | Q72: =CONCATENATE(N72," ",VLOOKUP(N72,'heading tables'!$A:$C,2,FALSE)) -> 21 Fixed Assets | R72: =CONCATENATE(O72," ",VLOOKUP(ABS(O72),'heading tables'!$A:$C,2,FALSE)) -> 2110 Land | S72: =N72 -> 21 | T72: =O72 -> 2110 | U72: =CONCATENATE(S72," ",VLOOKUP(S72,'heading tables'!$A:$C,2,FALSE)) -> 21 Fixed Assets | V72: =CONCATENATE(T72," ",VLOOKUP(ABS(T72),'heading tables'!$A:$C,2,FALSE)) -> 2110 Land | W72: =IF(LEFT($A72,W$1)=O72,$AZ$1,LEFT($A72,W$1)) -> 2110.1 | X72: =IF(OR(LEFT($A72,X$1)=W72,W72=$AZ$1),$AZ$1,LEFT($A72,X$1)) -> 2110.12 | Y72: =IF(OR(LEFT($A72,Y$1)=X72,X72=$AZ$1),$AZ$1,LEFT($A72,Y$1)) -> 2110.129 | Z72: =IF(OR(LEFT($A72,Z$1)=Y72,Y72=$AZ$1),$AZ$1,LEFT($A72,Z$1)) -> " " | AA72: =IF(OR(LEFT($A72,AA$1)=Z72,Z72=$AZ$1),$AZ$1,LEFT($A72,AA$1)) -> " " | AB72: =IFERROR(VLOOKUP(ABS(W72),$A:$C,3,FALSE),$AZ$1) -> 2110.1 Land: Electricity Regulated Activity | AC72: =IFERROR(VLOOKUP(ABS(X72),$A:$C,3,FALSE),$AZ$1) -> 2110.12 Land: Electricity Regulated Activity, Transmission | AD72: =IFERROR(VLOOKUP(ABS(Y72),$A:$C,3,FALSE),$AZ$1) -> 2110.129 Land: Electricity Regulated Activity, Transmission Administration | AE72: =IFERROR(VLOOKUP(ABS(Z72),$A:$C,3,FALSE),$AZ$1) -> " " | AF72: =IFERROR(VLOOKUP(ABS(AA72),$A:$C,3,FALSE),$AZ$1) -> " " | AI72: Land: Electricity Regulated Activity, Transmission Administration | AJ72: entry account | AK72: Not attributable by kv | AL72: 14 | AM72: Transmission / General Plant | AT72: Transmission / General Plant | AV72: Land: Electricity Regulated Activity, Transmission Administration | AW72: =LEN(AV72) -> 65
A73: 2110.13 | B73: Land: Electricity Regulated Activity, Distribution (Network) | C73: =CONCATENATE(A73," ",B73) -> 2110.13 Land: Electricity Regulated Activity, Distribution (Network) | D73: DIS. Network | E73: 10 Fixed assets | F73: 2115 Land | G73: L2 cap account | H73: =VLOOKUP(I73,'heading tables'!$G$3:$H$9,2,FALSE) -> L2 | I73: =LEN(A73) -> 7 | J73: =IF(ABS(M73)>5,"Income statement","Balance Sheet") -> Balance Sheet | K73: =COUNTIF(O:O,O73) -> 33 | L73: =RIGHT(A73,2) -> 13 | M73: =LEFT($A73,1) -> 2 | N73: =LEFT($A73,2) -> 21 | O73: =LEFT($A73,4) -> 2110 | P73: =CONCATENATE(M73," ",VLOOKUP(M73,'heading tables'!$A:$C,2,FALSE)) -> 2 Non-current Assets | Q73: =CONCATENATE(N73," ",VLOOKUP(N73,'heading tables'!$A:$C,2,FALSE)) -> 21 Fixed Assets | R73: =CONCATENATE(O73," ",VLOOKUP(ABS(O73),'heading tables'!$A:$C,2,FALSE)) -> 2110 Land | S73: =N73 -> 21 | T73: =O73 -> 2110 | U73: =CONCATENATE(S73," ",VLOOKUP(S73,'heading tables'!$A:$C,2,FALSE)) -> 21 Fixed Assets | V73: =CONCATENATE(T73," ",VLOOKUP(ABS(T73),'heading tables'!$A:$C,2,FALSE)) -> 2110 Land | W73: =IF(LEFT($A73,W$1)=O73,$AZ$1,LEFT($A73,W$1)) -> 2110.1 | X73: =IF(OR(LEFT($A73,X$1)=W73,W73=$AZ$1),$AZ$1,LEFT($A73,X$1)) -> 2110.13 | Y73: =IF(OR(LEFT($A73,Y$1)=X73,X73=$AZ$1),$AZ$1,LEFT($A73,Y$1)) -> " " | Z73: =IF(OR(LEFT($A73,Z$1)=Y73,Y73=$AZ$1),$AZ$1,LEFT($A73,Z$1)) -> " " | AA73: =IF(OR(LEFT($A73,AA$1)=Z73,Z73=$AZ$1),$AZ$1,LEFT($A73,AA$1)) -> " " | AB73: =IFERROR(VLOOKUP(ABS(W73),$A:$C,3,FALSE),$AZ$1) -> 2110.1 Land: Electricity Regulated Activity | AC73: =IFERROR(VLOOKUP(ABS(X73),$A:$C,3,FALSE),$AZ$1) -> 2110.13 Land: Electricity Regulated Activity, Distribution (Network) | AD73: =IFERROR(VLOOKUP(ABS(Y73),$A:$C,3,FALSE),$AZ$1) -> " " | AE73: =IFERROR(VLOOKUP(ABS(Z73),$A:$C,3,FALSE),$AZ$1) -> " " | AF73: =IFERROR(VLOOKUP(ABS(AA73),$A:$C,3,FALSE),$AZ$1) -> " " | AI73: Land: Electricity Regulated Activity, Distribution (Network) | AJ73: cumulative | AK73: Not attributable by kv | AL73: 15 | AM73: 0 | AV73: Land: Electricity Regulated Activity, Distribution (Network) | AW73: =LEN(AV73) -> 60
A74: 2110.131 | B74: Land: Electricity Regulated Activity, Distribution (Network) of 110 kV | C74: =CONCATENATE(A74," ",B74) -> 2110.131 Land: Electricity Regulated Activity, Distribution (Network) of 110 kV | D74: DIS. Network | E74: 10 Fixed assets | F74: 2115 Land | G74: entry account l3 | H74: =VLOOKUP(I74,'heading tables'!$G$3:$H$9,2,FALSE) -> L3 | I74: =LEN(A74) -> 8 | J74: =IF(ABS(M74)>5,"Income statement","Balance Sheet") -> Balance Sheet | K74: =COUNTIF(O:O,O74) -> 33 | L74: =RIGHT(A74,2) -> 31 | M74: =LEFT($A74,1) -> 2 | N74: =LEFT($A74,2) -> 21 | O74: =LEFT($A74,4) -> 2110 | P74: =CONCATENATE(M74," ",VLOOKUP(M74,'heading tables'!$A:$C,2,FALSE)) -> 2 Non-current Assets | Q74: =CONCATENATE(N74," ",VLOOKUP(N74,'heading tables'!$A:$C,2,FALSE)) -> 21 Fixed Assets | R74: =CONCATENATE(O74," ",VLOOKUP(ABS(O74),'heading tables'!$A:$C,2,FALSE)) -> 2110 Land | S74: =N74 -> 21 | T74: =O74 -> 2110 | U74: =CONCATENATE(S74," ",VLOOKUP(S74,'heading tables'!$A:$C,2,FALSE)) -> 21 Fixed Assets | V74: =CONCATENATE(T74," ",VLOOKUP(ABS(T74),'heading tables'!$A:$C,2,FALSE)) -> 2110 Land | W74: =IF(LEFT($A74,W$1)=O74,$AZ$1,LEFT($A74,W$1)) -> 2110.1 | X74: =IF(OR(LEFT($A74,X$1)=W74,W74=$AZ$1),$AZ$1,LEFT($A74,X$1)) -> 2110.13 | Y74: =IF(OR(LEFT($A74,Y$1)=X74,X74=$AZ$1),$AZ$1,LEFT($A74,Y$1)) -> 2110.131 | Z74: =IF(OR(LEFT($A74,Z$1)=Y74,Y74=$AZ$1),$AZ$1,LEFT($A74,Z$1)) -> " " | AA74: =IF(OR(LEFT($A74,AA$1)=Z74,Z74=$AZ$1),$AZ$1,LEFT($A74,AA$1)) -> " " | AB74: =IFERROR(VLOOKUP(ABS(W74),$A:$C,3,FALSE),$AZ$1) -> 2110.1 Land: Electricity Regulated Activity | AC74: =IFERROR(VLOOKUP(ABS(X74),$A:$C,3,FALSE),$AZ$1) -> 2110.13 Land: Electricity Regulated Activity, Distribution (Network) | AD74: =IFERROR(VLOOKUP(ABS(Y74),$A:$C,3,FALSE),$AZ$1) -> 2110.131 Land: Electricity Regulated Activity, Distribution (Network) of 110 kV | AE74: =IFERROR(VLOOKUP(ABS(Z74),$A:$C,3,FALSE),$AZ$1) -> " " | AF74: =IFERROR(VLOOKUP(ABS(AA74),$A:$C,3,FALSE),$AZ$1) -> " " | AI74: Land: Electricity Regulated Activity, Distribution (Network) of 110 kV | AJ74: entry account | AK74: 110 | AL74: 16 | AM74: Distribution (Network) Plant 110 kV | AT74: Distribution (Network) Plant 110 kV | AV74: Land: Electricity Regulated Activity, Distribution (Network) of 110 kV | AW74: =LEN(AV74) -> 70
A75: 2110.132 | B75: Land: Electricity Regulated Activity, Distribution (Network) of 35 kV | C75: =CONCATENATE(A75," ",B75) -> 2110.132 Land: Electricity Regulated Activity, Distribution (Network) of 35 kV | D75: DIS. Network | E75: 10 Fixed assets | F75: 2115 Land | G75: entry account l3 | H75: =VLOOKUP(I75,'heading tables'!$G$3:$H$9,2,FALSE) -> L3 | I75: =LEN(A75) -> 8 | J75: =IF(ABS(M75)>5,"Income statement","Balance Sheet") -> Balance Sheet | K75: =COUNTIF(O:O,O75) -> 33 | L75: =RIGHT(A75,2) -> 32 | M75: =LEFT($A75,1) -> 2 | N75: =LEFT($A75,2) -> 21 | O75: =LEFT($A75,4) -> 2110 | P75: =CONCATENATE(M75," ",VLOOKUP(M75,'heading tables'!$A:$C,2,FALSE)) -> 2 Non-current Assets | Q75: =CONCATENATE(N75," ",VLOOKUP(N75,'heading tables'!$A:$C,2,FALSE)) -> 21 Fixed Assets | R75: =CONCATENATE(O75," ",VLOOKUP(ABS(O75),'heading tables'!$A:$C,2,FALSE)) -> 2110 Land | S75: =N75 -> 21 | T75: =O75 -> 2110 | U75: =CONCATENATE(S75," ",VLOOKUP(S75,'heading tables'!$A:$C,2,FALSE)) -> 21 Fixed Assets | V75: =CONCATENATE(T75," ",VLOOKUP(ABS(T75),'heading tables'!$A:$C,2,FALSE)) -> 2110 Land | W75: =IF(LEFT($A75,W$1)=O75,$AZ$1,LEFT($A75,W$1)) -> 2110.1 | X75: =IF(OR(LEFT($A75,X$1)=W75,W75=$AZ$1),$AZ$1,LEFT($A75,X$1)) -> 2110.13 | Y75: =IF(OR(LEFT($A75,Y$1)=X75,X75=$AZ$1),$AZ$1,LEFT($A75,Y$1)) -> 2110.132 | Z75: =IF(OR(LEFT($A75,Z$1)=Y75,Y75=$AZ$1),$AZ$1,LEFT($A75,Z$1)) -> " " | AA75: =IF(OR(LEFT($A75,AA$1)=Z75,Z75=$AZ$1),$AZ$1,LEFT($A75,AA$1)) -> " " | AB75: =IFERROR(VLOOKUP(ABS(W75),$A:$C,3,FALSE),$AZ$1) -> 2110.1 Land: Electricity Regulated Activity | AC75: =IFERROR(VLOOKUP(ABS(X75),$A:$C,3,FALSE),$AZ$1) -> 2110.13 Land: Electricity Regulated Activity, Distribution (Network) | AD75: =IFERROR(VLOOKUP(ABS(Y75),$A:$C,3,FALSE),$AZ$1) -> 2110.132 Land: Electricity Regulated Activity, Distribution (Network) of 35 kV | AE75: =IFERROR(VLOOKUP(ABS(Z75),$A:$C,3,FALSE),$AZ$1) -> " " | AF75: =IFERROR(VLOOKUP(ABS(AA75),$A:$C,3,FALSE),$AZ$1) -> " " | AI75: Land: Electricity Regulated Activity, Distribution (Network) of 35 kV | AJ75: entry account | AK75: 35 | AL75: 17 | AM75: Distribution (Network) Plant 35 kV | AT75: Distribution (Network) Plant 35 kV | AV75: Land: Electricity Regulated Activity, Distribution (Network) of 35 kV | AW75: =LEN(AV75) -> 69
A76: 2110.133 | B76: Land: Electricity Regulated Activity, Distribution (Network) of 10 kV | C76: =CONCATENATE(A76," ",B76) -> 2110.133 Land: Electricity Regulated Activity, Distribution (Network) of 10 kV | D76: DIS. Network | E76: 10 Fixed assets | F76: 2115 Land | G76: entry account l3 | H76: =VLOOKUP(I76,'heading tables'!$G$3:$H$9,2,FALSE) -> L3 | I76: =LEN(A76) -> 8 | J76: =IF(ABS(M76)>5,"Income statement","Balance Sheet") -> Balance Sheet | K76: =COUNTIF(O:O,O76) -> 33 | L76: =RIGHT(A76,2) -> 33 | M76: =LEFT($A76,1) -> 2 | N76: =LEFT($A76,2) -> 21 | O76: =LEFT($A76,4) -> 2110 | P76: =CONCATENATE(M76," ",VLOOKUP(M76,'heading tables'!$A:$C,2,FALSE)) -> 2 Non-current Assets | Q76: =CONCATENATE(N76," ",VLOOKUP(N76,'heading tables'!$A:$C,2,FALSE)) -> 21 Fixed Assets | R76: =CONCATENATE(O76," ",VLOOKUP(ABS(O76),'heading tables'!$A:$C,2,FALSE)) -> 2110 Land | S76: =N76 -> 21 | T76: =O76 -> 2110 | U76: =CONCATENATE(S76," ",VLOOKUP(S76,'heading tables'!$A:$C,2,FALSE)) -> 21 Fixed Assets | V76: =CONCATENATE(T76," ",VLOOKUP(ABS(T76),'heading tables'!$A:$C,2,FALSE)) -> 2110 Land | W76: =IF(LEFT($A76,W$1)=O76,$AZ$1,LEFT($A76,W$1)) -> 2110.1 | X76: =IF(OR(LEFT($A76,X$1)=W76,W76=$AZ$1),$AZ$1,LEFT($A76,X$1)) -> 2110.13 | Y76: =IF(OR(LEFT($A76,Y$1)=X76,X76=$AZ$1),$AZ$1,LEFT($A76,Y$1)) -> 2110.133 | Z76: =IF(OR(LEFT($A76,Z$1)=Y76,Y76=$AZ$1),$AZ$1,LEFT($A76,Z$1)) -> " " | AA76: =IF(OR(LEFT($A76,AA$1)=Z76,Z76=$AZ$1),$AZ$1,LEFT($A76,AA$1)) -> " " | AB76: =IFERROR(VLOOKUP(ABS(W76),$A:$C,3,FALSE),$AZ$1) -> 2110.1 Land: Electricity Regulated Activity | AC76: =IFERROR(VLOOKUP(ABS(X76),$A:$C,3,FALSE),$AZ$1) -> 2110.13 Land: Electricity Regulated Activity, Distribution (Network) | AD76: =IFERROR(VLOOKUP(ABS(Y76),$A:$C,3,FALSE),$AZ$1) -> 2110.133 Land: Electricity Regulated Activity, Distribution (Network) of 10 kV | AE76: =IFERROR(VLOOKUP(ABS(Z76),$A:$C,3,FALSE),$AZ$1) -> " " | AF76: =IFERROR(VLOOKUP(ABS(AA76),$A:$C,3,FALSE),$AZ$1) -> " " | AI76: Land: Electricity Regulated Activity, Distribution (Network) of 10 kV | AJ76: entry account | AK76: 10 | AL76: 18 | AM76: Distribution (Network) Plant 10 kV | AT76: Distribution (Network) Plant 10 kV | AV76: Land: Electricity Regulated Activity, Distribution (Network) of 10 kV | AW76: =LEN(AV76) -> 69
A77: 2110.134 | B77: Land: Electricity Regulated Activity, Distribution (Network) of 6 kV | C77: =CONCATENATE(A77," ",B77) -> 2110.134 Land: Electricity Regulated Activity, Distribution (Network) of 6 kV | D77: DIS. Network | E77: 10 Fixed assets | F77: 2115 Land | G77: entry account l3 | H77: =VLOOKUP(I77,'heading tables'!$G$3:$H$9,2,FALSE) -> L3 | I77: =LEN(A77) -> 8 | J77: =IF(ABS(M77)>5,"Income statement","Balance Sheet") -> Balance Sheet | K77: =COUNTIF(O:O,O77) -> 33 | L77: =RIGHT(A77,2) -> 34 | M77: =LEFT($A77,1) -> 2 | N77: =LEFT($A77,2) -> 21 | O77: =LEFT($A77,4) -> 2110 | P77: =CONCATENATE(M77," ",VLOOKUP(M77,'heading tables'!$A:$C,2,FALSE)) -> 2 Non-current Assets | Q77: =CONCATENATE(N77," ",VLOOKUP(N77,'heading tables'!$A:$C,2,FALSE)) -> 21 Fixed Assets | R77: =CONCATENATE(O77," ",VLOOKUP(ABS(O77),'heading tables'!$A:$C,2,FALSE)) -> 2110 Land | S77: =N77 -> 21 | T77: =O77 -> 2110 | U77: =CONCATENATE(S77," ",VLOOKUP(S77,'heading tables'!$A:$C,2,FALSE)) -> 21 Fixed Assets | V77: =CONCATENATE(T77," ",VLOOKUP(ABS(T77),'heading tables'!$A:$C,2,FALSE)) -> 2110 Land | W77: =IF(LEFT($A77,W$1)=O77,$AZ$1,LEFT($A77,W$1)) -> 2110.1 | X77: =IF(OR(LEFT($A77,X$1)=W77,W77=$AZ$1),$AZ$1,LEFT($A77,X$1)) -> 2110.13 | Y77: =IF(OR(LEFT($A77,Y$1)=X77,X77=$AZ$1),$AZ$1,LEFT($A77,Y$1)) -> 2110.134 | Z77: =IF(OR(LEFT($A77,Z$1)=Y77,Y77=$AZ$1),$AZ$1,LEFT($A77,Z$1)) -> " " | AA77: =IF(OR(LEFT($A77,AA$1)=Z77,Z77=$AZ$1),$AZ$1,LEFT($A77,AA$1)) -> " " | AB77: =IFERROR(VLOOKUP(ABS(W77),$A:$C,3,FALSE),$AZ$1) -> 2110.1 Land: Electricity Regulated Activity | AC77: =IFERROR(VLOOKUP(ABS(X77),$A:$C,3,FALSE),$AZ$1) -> 2110.13 Land: Electricity Regulated Activity, Distribution (Network) | AD77: =IFERROR(VLOOKUP(ABS(Y77),$A:$C,3,FALSE),$AZ$1) -> 2110.134 Land: Electricity Regulated Activity, Distribution (Network) of 6 kV | AE77: =IFERROR(VLOOKUP(ABS(Z77),$A:$C,3,FALSE),$AZ$1) -> " " | AF77: =IFERROR(VLOOKUP(ABS(AA77),$A:$C,3,FALSE),$AZ$1) -> " " | AI77: Land: Electricity Regulated Activity, Distribution (Network) of 6 kV | AJ77: entry account | AK77: 6 | AL77: 19 | AM77: Distribution (Network) Plant 6 and below kV | AT77: Distribution (Network) Plant 6 and below kV | AV77: Land: Electricity Regulated Activity, Distribution (Network) of 6 kV | AW77: =LEN(AV77) -> 68
A78: 2110.135 | B78: Land: Electricity Regulated Activity, Distribution (Network) of 220/380 kV | C78: =CONCATENATE(A78," ",B78) -> 2110.135 Land: Electricity Regulated Activity, Distribution (Network) of 220/380 kV | D78: DIS. Network | E78: 10 Fixed assets | F78: 2115 Land | G78: entry account l3 | H78: =VLOOKUP(I78,'heading tables'!$G$3:$H$9,2,FALSE) -> L3 | I78: =LEN(A78) -> 8 | J78: =IF(ABS(M78)>5,"Income statement","Balance Sheet") -> Balance Sheet | K78: =COUNTIF(O:O,O78) -> 33 | L78: =RIGHT(A78,2) -> 35 | M78: =LEFT($A78,1) -> 2 | N78: =LEFT($A78,2) -> 21 | O78: =LEFT($A78,4) -> 2110 | P78: =CONCATENATE(M78," ",VLOOKUP(M78,'heading tables'!$A:$C,2,FALSE)) -> 2 Non-current Assets | Q78: =CONCATENATE(N78," ",VLOOKUP(N78,'heading tables'!$A:$C,2,FALSE)) -> 21 Fixed Assets | R78: =CONCATENATE(O78," ",VLOOKUP(ABS(O78),'heading tables'!$A:$C,2,FALSE)) -> 2110 Land | S78: =N78 -> 21 | T78: =O78 -> 2110 | U78: =CONCATENATE(S78," ",VLOOKUP(S78,'heading tables'!$A:$C,2,FALSE)) -> 21 Fixed Assets | V78: =CONCATENATE(T78," ",VLOOKUP(ABS(T78),'heading tables'!$A:$C,2,FALSE)) -> 2110 Land | W78: =IF(LEFT($A78,W$1)=O78,$AZ$1,LEFT($A78,W$1)) -> 2110.1 | X78: =IF(OR(LEFT($A78,X$1)=W78,W78=$AZ$1),$AZ$1,LEFT($A78,X$1)) -> 2110.13 | Y78: =IF(OR(LEFT($A78,Y$1)=X78,X78=$AZ$1),$AZ$1,LEFT($A78,Y$1)) -> 2110.135 | Z78: =IF(OR(LEFT($A78,Z$1)=Y78,Y78=$AZ$1),$AZ$1,LEFT($A78,Z$1)) -> " " | AA78: =IF(OR(LEFT($A78,AA$1)=Z78,Z78=$AZ$1),$AZ$1,LEFT($A78,AA$1)) -> " " | AB78: =IFERROR(VLOOKUP(ABS(W78),$A:$C,3,FALSE),$AZ$1) -> 2110.1 Land: Electricity Regulated Activity | AC78: =IFERROR(VLOOKUP(ABS(X78),$A:$C,3,FALSE),$AZ$1) -> 2110.13 Land: Electricity Regulated Activity, Distribution (Network) | AD78: =IFERROR(VLOOKUP(ABS(Y78),$A:$C,3,FALSE),$AZ$1) -> 2110.135 Land: Electricity Regulated Activity, Distribution (Network) of 220/380 kV | AE78: =IFERROR(VLOOKUP(ABS(Z78),$A:$C,3,FALSE),$AZ$1) -> " " | AF78: =IFERROR(VLOOKUP(ABS(AA78),$A:$C,3,FALSE),$AZ$1) -> " " | AI78: Land: Electricity Regulated Activity, Distribution (Network) of 220/380 kV | AJ78: entry account | AK78: 220/380 | AL78: 20 | AM78: Distribution (Network) Plant 0,4 kV | AT78: Distribution (Network) Plant 0,4 kV | AV78: Land: Electricity Regulated Activity, Distribution (Network) of 220/380 kV | AW78: =LEN(AV78) -> 74
A79: 2110.137 | B79: Land: Electricity Regulated Activity, Distribution (Network) Dispatch | C79: =CONCATENATE(A79," ",B79) -> 2110.137 Land: Electricity Regulated Activity, Distribution (Network) Dispatch | D79: DIS. Network | E79: 10 Fixed assets | F79: 2115 Land | G79: entry account l3 | H79: =VLOOKUP(I79,'heading tables'!$G$3:$H$9,2,FALSE) -> L3 | I79: =LEN(A79) -> 8 | J79: =IF(ABS(M79)>5,"Income statement","Balance Sheet") -> Balance Sheet | K79: =COUNTIF(O:O,O79) -> 33 | L79: =RIGHT(A79,2) -> 37 | M79: =LEFT($A79,1) -> 2 | N79: =LEFT($A79,2) -> 21 | O79: =LEFT($A79,4) -> 2110 | P79: =CONCATENATE(M79," ",VLOOKUP(M79,'heading tables'!$A:$C,2,FALSE)) -> 2 Non-current Assets | Q79: =CONCATENATE(N79," ",VLOOKUP(N79,'heading tables'!$A:$C,2,FALSE)) -> 21 Fixed Assets | R79: =CONCATENATE(O79," ",VLOOKUP(ABS(O79),'heading tables'!$A:$C,2,FALSE)) -> 2110 Land | S79: =N79 -> 21 | T79: =O79 -> 2110 | U79: =CONCATENATE(S79," ",VLOOKUP(S79,'heading tables'!$A:$C,2,FALSE)) -> 21 Fixed Assets | V79: =CONCATENATE(T79," ",VLOOKUP(ABS(T79),'heading tables'!$A:$C,2,FALSE)) -> 2110 Land | W79: =IF(LEFT($A79,W$1)=O79,$AZ$1,LEFT($A79,W$1)) -> 2110.1 | X79: =IF(OR(LEFT($A79,X$1)=W79,W79=$AZ$1),$AZ$1,LEFT($A79,X$1)) -> 2110.13 | Y79: =IF(OR(LEFT($A79,Y$1)=X79,X79=$AZ$1),$AZ$1,LEFT($A79,Y$1)) -> 2110.137 | Z79: =IF(OR(LEFT($A79,Z$1)=Y79,Y79=$AZ$1),$AZ$1,LEFT($A79,Z$1)) -> " " | AA79: =IF(OR(LEFT($A79,AA$1)=Z79,Z79=$AZ$1),$AZ$1,LEFT($A79,AA$1)) -> " " | AB79: =IFERROR(VLOOKUP(ABS(W79),$A:$C,3,FALSE),$AZ$1) -> 2110.1 Land: Electricity Regulated Activity | AC79: =IFERROR(VLOOKUP(ABS(X79),$A:$C,3,FALSE),$AZ$1) -> 2110.13 Land: Electricity Regulated Activity, Distribution (Network) | AD79: =IFERROR(VLOOKUP(ABS(Y79),$A:$C,3,FALSE),$AZ$1) -> 2110.137 Land: Electricity Regulated Activity, Distribution (Network) Dispatch | AE79: =IFERROR(VLOOKUP(ABS(Z79),$A:$C,3,FALSE),$AZ$1) -> " " | AF79: =IFERROR(VLOOKUP(ABS(AA79),$A:$C,3,FALSE),$AZ$1) -> " " | AI79: Land: Electricity Regulated Activity, Distribution (Network) Dispatch | AJ79: entry account | AK79: Not attributable by kv | AL79: 21 | AM79: Distribution (Network) Dispatch Plant | AT79: Distribution (Network) Dispatch Plant | AV79: Land: Electricity Regulated Activity, Distribution (Network) Dispatch | AW79: =LEN(AV79) -> 70
A80: 2110.138 | B80: Land: Electricity Regulated Activity, Distribution (Network) Technical Services | C80: =CONCATENATE(A80," ",B80) -> 2110.138 Land: Electricity Regulated Activity, Distribution (Network) Technical Services | D80: DIS. Network | E80: 10 Fixed assets | F80: 2115 Land | G80: entry account l3 | H80: =VLOOKUP(I80,'heading tables'!$G$3:$H$9,2,FALSE) -> L3 | I80: =LEN(A80) -> 8 | J80: =IF(ABS(M80)>5,"Income statement","Balance Sheet") -> Balance Sheet | K80: =COUNTIF(O:O,O80) -> 33 | L80: =RIGHT(A80,2) -> 38 | M80: =LEFT($A80,1) -> 2 | N80: =LEFT($A80,2) -> 21 | O80: =LEFT($A80,4) -> 2110 | P80: =CONCATENATE(M80," ",VLOOKUP(M80,'heading tables'!$A:$C,2,FALSE)) -> 2 Non-current Assets | Q80: =CONCATENATE(N80," ",VLOOKUP(N80,'heading tables'!$A:$C,2,FALSE)) -> 21 Fixed Assets | R80: =CONCATENATE(O80," ",VLOOKUP(ABS(O80),'heading tables'!$A:$C,2,FALSE)) -> 2110 Land | S80: =N80 -> 21 | T80: =O80 -> 2110 | U80: =CONCATENATE(S80," ",VLOOKUP(S80,'heading tables'!$A:$C,2,FALSE)) -> 21 Fixed Assets | V80: =CONCATENATE(T80," ",VLOOKUP(ABS(T80),'heading tables'!$A:$C,2,FALSE)) -> 2110 Land | W80: =IF(LEFT($A80,W$1)=O80,$AZ$1,LEFT($A80,W$1)) -> 2110.1 | X80: =IF(OR(LEFT($A80,X$1)=W80,W80=$AZ$1),$AZ$1,LEFT($A80,X$1)) -> 2110.13 | Y80: =IF(OR(LEFT($A80,Y$1)=X80,X80=$AZ$1),$AZ$1,LEFT($A80,Y$1)) -> 2110.138 | Z80: =IF(OR(LEFT($A80,Z$1)=Y80,Y80=$AZ$1),$AZ$1,LEFT($A80,Z$1)) -> " " | AA80: =IF(OR(LEFT($A80,AA$1)=Z80,Z80=$AZ$1),$AZ$1,LEFT($A80,AA$1)) -> " " | AB80: =IFERROR(VLOOKUP(ABS(W80),$A:$C,3,FALSE),$AZ$1) -> 2110.1 Land: Electricity Regulated Activity | AC80: =IFERROR(VLOOKUP(ABS(X80),$A:$C,3,FALSE),$AZ$1) -> 2110.13 Land: Electricity Regulated Activity, Distribution (Network) | AD80: =IFERROR(VLOOKUP(ABS(Y80),$A:$C,3,FALSE),$AZ$1) -> 2110.138 Land: Electricity Regulated Activity, Distribution (Network) Technical Services | AE80: =IFERROR(VLOOKUP(ABS(Z80),$A:$C,3,FALSE),$AZ$1) -> " " | AF80: =IFERROR(VLOOKUP(ABS(AA80),$A:$C,3,FALSE),$AZ$1) -> " " | AI80: Land: Electricity Regulated Activity, Distribution (Network) Technical Services | AJ80: entry account | AK80: Not attributable by kv | AL80: 22 | AM80: Distribution (Network) /General Plant | AT80: Distribution (Network) /General Plant | AV80: Land: Electricity Regulated Activity, Distribution (Network) Technical Services | AW80: =LEN(AV80) -> 79
A81: 2110.139 | B81: Land: Electricity Regulated Activity, Distribution (Network) Administration | C81: =CONCATENATE(A81," ",B81) -> 2110.139 Land: Electricity Regulated Activity, Distribution (Network) Administration | D81: DIS. Network | E81: 10 Fixed assets | F81: 2115 Land | G81: entry account l3 | H81: =VLOOKUP(I81,'heading tables'!$G$3:$H$9,2,FALSE) -> L3 | I81: =LEN(A81) -> 8 | J81: =IF(ABS(M81)>5,"Income statement","Balance Sheet") -> Balance Sheet | K81: =COUNTIF(O:O,O81) -> 33 | L81: =RIGHT(A81,2) -> 39 | M81: =LEFT($A81,1) -> 2 | N81: =LEFT($A81,2) -> 21 | O81: =LEFT($A81,4) -> 2110 | P81: =CONCATENATE(M81," ",VLOOKUP(M81,'heading tables'!$A:$C,2,FALSE)) -> 2 Non-current Assets | Q81: =CONCATENATE(N81," ",VLOOKUP(N81,'heading tables'!$A:$C,2,FALSE)) -> 21 Fixed Assets | R81: =CONCATENATE(O81," ",VLOOKUP(ABS(O81),'heading tables'!$A:$C,2,FALSE)) -> 2110 Land | S81: =N81 -> 21 | T81: =O81 -> 2110 | U81: =CONCATENATE(S81," ",VLOOKUP(S81,'heading tables'!$A:$C,2,FALSE)) -> 21 Fixed Assets | V81: =CONCATENATE(T81," ",VLOOKUP(ABS(T81),'heading tables'!$A:$C,2,FALSE)) -> 2110 Land | W81: =IF(LEFT($A81,W$1)=O81,$AZ$1,LEFT($A81,W$1)) -> 2110.1 | X81: =IF(OR(LEFT($A81,X$1)=W81,W81=$AZ$1),$AZ$1,LEFT($A81,X$1)) -> 2110.13 | Y81: =IF(OR(LEFT($A81,Y$1)=X81,X81=$AZ$1),$AZ$1,LEFT($A81,Y$1)) -> 2110.139 | Z81: =IF(OR(LEFT($A81,Z$1)=Y81,Y81=$AZ$1),$AZ$1,LEFT($A81,Z$1)) -> " " | AA81: =IF(OR(LEFT($A81,AA$1)=Z81,Z81=$AZ$1),$AZ$1,LEFT($A81,AA$1)) -> " " | AB81: =IFERROR(VLOOKUP(ABS(W81),$A:$C,3,FALSE),$AZ$1) -> 2110.1 Land: Electricity Regulated Activity | AC81: =IFERROR(VLOOKUP(ABS(X81),$A:$C,3,FALSE),$AZ$1) -> 2110.13 Land: Electricity Regulated Activity, Distribution (Network) | AD81: =IFERROR(VLOOKUP(ABS(Y81),$A:$C,3,FALSE),$AZ$1) -> 2110.139 Land: Electricity Regulated Activity, Distribution (Network) Administration | AE81: =IFERROR(VLOOKUP(ABS(Z81),$A:$C,3,FALSE),$AZ$1) -> " " | AF81: =IFERROR(VLOOKUP(ABS(AA81),$A:$C,3,FALSE),$AZ$1) -> " " | AI81: Land: Electricity Regulated Activity, Distribution (Network) Administration | AJ81: entry account | AK81: Not attributable by kv | AL81: 23 | AM81: Distribution (Network) /General Plant | AT81: Distribution (Network) /General Plant | AV81: Land: Electricity Regulated Activity, Distribution (Network) Administration | AW81: =LEN(AV81) -> 75
A82: 2110.14 | B82: Land: Electricity Regulated Activity, Distribution (Supply) | C82: =CONCATENATE(A82," ",B82) -> 2110.14 Land: Electricity Regulated Activity, Distribution (Supply) | D82: DIS. (supply) | E82: 10 Fixed assets | F82: 2115 Land | G82: entry account l2 | H82: =VLOOKUP(I82,'heading tables'!$G$3:$H$9,2,FALSE) -> L2 | I82: =LEN(A82) -> 7 | J82: =IF(ABS(M82)>5,"Income statement","Balance Sheet") -> Balance Sheet | K82: =COUNTIF(O:O,O82) -> 33 | L82: =RIGHT(A82,2) -> 14 | M82: =LEFT($A82,1) -> 2 | N82: =LEFT($A82,2) -> 21 | O82: =LEFT($A82,4) -> 2110 | P82: =CONCATENATE(M82," ",VLOOKUP(M82,'heading tables'!$A:$C,2,FALSE)) -> 2 Non-current Assets | Q82: =CONCATENATE(N82," ",VLOOKUP(N82,'heading tables'!$A:$C,2,FALSE)) -> 21 Fixed Assets | R82: =CONCATENATE(O82," ",VLOOKUP(ABS(O82),'heading tables'!$A:$C,2,FALSE)) -> 2110 Land | S82: =N82 -> 21 | T82: =O82 -> 2110 | U82: =CONCATENATE(S82," ",VLOOKUP(S82,'heading tables'!$A:$C,2,FALSE)) -> 21 Fixed Assets | V82: =CONCATENATE(T82," ",VLOOKUP(ABS(T82),'heading tables'!$A:$C,2,FALSE)) -> 2110 Land | W82: =IF(LEFT($A82,W$1)=O82,$AZ$1,LEFT($A82,W$1)) -> 2110.1 | X82: =IF(OR(LEFT($A82,X$1)=W82,W82=$AZ$1),$AZ$1,LEFT($A82,X$1)) -> 2110.14 | Y82: =IF(OR(LEFT($A82,Y$1)=X82,X82=$AZ$1),$AZ$1,LEFT($A82,Y$1)) -> " " | Z82: =IF(OR(LEFT($A82,Z$1)=Y82,Y82=$AZ$1),$AZ$1,LEFT($A82,Z$1)) -> " " | AA82: =IF(OR(LEFT($A82,AA$1)=Z82,Z82=$AZ$1),$AZ$1,LEFT($A82,AA$1)) -> " " | AB82: =IFERROR(VLOOKUP(ABS(W82),$A:$C,3,FALSE),$AZ$1) -> 2110.1 Land: Electricity Regulated Activity | AC82: =IFERROR(VLOOKUP(ABS(X82),$A:$C,3,FALSE),$AZ$1) -> 2110.14 Land: Electricity Regulated Activity, Distribution (Supply) | AD82: =IFERROR(VLOOKUP(ABS(Y82),$A:$C,3,FALSE),$AZ$1) -> " " | AE82: =IFERROR(VLOOKUP(ABS(Z82),$A:$C,3,FALSE),$AZ$1) -> " " | AF82: =IFERROR(VLOOKUP(ABS(AA82),$A:$C,3,FALSE),$AZ$1) -> " " | AI82: Land: Electricity Regulated Activity, Distribution (Supply) | AJ82: entry account | AK82: Not attributable by kv | AL82: 24 | AM82: Distribution (Supply) / General Plant | AT82: Distribution (Supply) / General Plant | AV82: Land: Electricity Regulated Activity, Distribution (Supply) | AW82: =LEN(AV82) -> 59
A83: 2110.15 | B83: Land: Electricity Regulated Activity, Generation | C83: =CONCATENATE(A83," ",B83) -> 2110.15 Land: Electricity Regulated Activity, Generation | D83: Gen. | E83: 10 Fixed assets | F83: 2111/2112 Land | G83: L2 cap account | H83: =VLOOKUP(I83,'heading tables'!$G$3:$H$9,2,FALSE) -> L2 | I83: =LEN(A83) -> 7 | J83: =IF(ABS(M83)>5,"Income statement","Balance Sheet") -> Balance Sheet | K83: =COUNTIF(O:O,O83) -> 33 | L83: =RIGHT(A83,2) -> 15 | M83: =LEFT($A83,1) -> 2 | N83: =LEFT($A83,2) -> 21 | O83: =LEFT($A83,4) -> 2110 | P83: =CONCATENATE(M83," ",VLOOKUP(M83,'heading tables'!$A:$C,2,FALSE)) -> 2 Non-current Assets | Q83: =CONCATENATE(N83," ",VLOOKUP(N83,'heading tables'!$A:$C,2,FALSE)) -> 21 Fixed Assets | R83: =CONCATENATE(O83," ",VLOOKUP(ABS(O83),'heading tables'!$A:$C,2,FALSE)) -> 2110 Land | S83: =N83 -> 21 | T83: =O83 -> 2110 | U83: =CONCATENATE(S83," ",VLOOKUP(S83,'heading tables'!$A:$C,2,FALSE)) -> 21 Fixed Assets | V83: =CONCATENATE(T83," ",VLOOKUP(ABS(T83),'heading tables'!$A:$C,2,FALSE)) -> 2110 Land | W83: =IF(LEFT($A83,W$1)=O83,$AZ$1,LEFT($A83,W$1)) -> 2110.1 | X83: =IF(OR(LEFT($A83,X$1)=W83,W83=$AZ$1),$AZ$1,LEFT($A83,X$1)) -> 2110.15 | Y83: =IF(OR(LEFT($A83,Y$1)=X83,X83=$AZ$1),$AZ$1,LEFT($A83,Y$1)) -> " " | Z83: =IF(OR(LEFT($A83,Z$1)=Y83,Y83=$AZ$1),$AZ$1,LEFT($A83,Z$1)) -> " " | AA83: =IF(OR(LEFT($A83,AA$1)=Z83,Z83=$AZ$1),$AZ$1,LEFT($A83,AA$1)) -> " " | AB83: =IFERROR(VLOOKUP(ABS(W83),$A:$C,3,FALSE),$AZ$1) -> 2110.1 Land: Electricity Regulated Activity | AC83: =IFERROR(VLOOKUP(ABS(X83),$A:$C,3,FALSE),$AZ$1) -> 2110.15 Land: Electricity Regulated Activity, Generation | AD83: =IFERROR(VLOOKUP(ABS(Y83),$A:$C,3,FALSE),$AZ$1) -> " " | AE83: =IFERROR(VLOOKUP(ABS(Z83),$A:$C,3,FALSE),$AZ$1) -> " " | AF83: =IFERROR(VLOOKUP(ABS(AA83),$A:$C,3,FALSE),$AZ$1) -> " " | AI83: Land: Electricity Regulated Activity, Generation | AJ83: cumulative | AK83: Not attributable by kv | AL83: 25 | AM83: 0 | AV83: Land: Electricity Regulated Activity, Generation | AW83: =LEN(AV83) -> 48
A84: 2110.151 | B84: Land: Electricity Regulated Activity, Generation: Hydraulic Power Plants (HPP) | C84: =CONCATENATE(A84," ",B84) -> 2110.151 Land: Electricity Regulated Activity, Generation: Hydraulic Power Plants (HPP) | D84: Gen. | E84: 10 Fixed assets | F84: 2111 Land | G84: entry account l3 | H84: =VLOOKUP(I84,'heading tables'!$G$3:$H$9,2,FALSE) -> L3 | I84: =LEN(A84) -> 8 | J84: =IF(ABS(M84)>5,"Income statement","Balance Sheet") -> Balance Sheet | K84: =COUNTIF(O:O,O84) -> 33 | L84: =RIGHT(A84,2) -> 51 | M84: =LEFT($A84,1) -> 2 | N84: =LEFT($A84,2) -> 21 | O84: =LEFT($A84,4) -> 2110 | P84: =CONCATENATE(M84," ",VLOOKUP(M84,'heading tables'!$A:$C,2,FALSE)) -> 2 Non-current Assets | Q84: =CONCATENATE(N84," ",VLOOKUP(N84,'heading tables'!$A:$C,2,FALSE)) -> 21 Fixed Assets | R84: =CONCATENATE(O84," ",VLOOKUP(ABS(O84),'heading tables'!$A:$C,2,FALSE)) -> 2110 Land | S84: =N84 -> 21 | T84: =O84 -> 2110 | U84: =CONCATENATE(S84," ",VLOOKUP(S84,'heading tables'!$A:$C,2,FALSE)) -> 21 Fixed Assets | V84: =CONCATENATE(T84," ",VLOOKUP(ABS(T84),'heading tables'!$A:$C,2,FALSE)) -> 2110 Land | W84: =IF(LEFT($A84,W$1)=O84,$AZ$1,LEFT($A84,W$1)) -> 2110.1 | X84: =IF(OR(LEFT($A84,X$1)=W84,W84=$AZ$1),$AZ$1,LEFT($A84,X$1)) -> 2110.15 | Y84: =IF(OR(LEFT($A84,Y$1)=X84,X84=$AZ$1),$AZ$1,LEFT($A84,Y$1)) -> 2110.151 | Z84: =IF(OR(LEFT($A84,Z$1)=Y84,Y84=$AZ$1),$AZ$1,LEFT($A84,Z$1)) -> " " | AA84: =IF(OR(LEFT($A84,AA$1)=Z84,Z84=$AZ$1),$AZ$1,LEFT($A84,AA$1)) -> " " | AB84: =IFERROR(VLOOKUP(ABS(W84),$A:$C,3,FALSE),$AZ$1) -> 2110.1 Land: Electricity Regulated Activity | AC84: =IFERROR(VLOOKUP(ABS(X84),$A:$C,3,FALSE),$AZ$1) -> 2110.15 Land: Electricity Regulated Activity, Generation | AD84: =IFERROR(VLOOKUP(ABS(Y84),$A:$C,3,FALSE),$AZ$1) -> 2110.151 Land: Electricity Regulated Activity, Generation: Hydraulic Power Plants (HPP) | AE84: =IFERROR(VLOOKUP(ABS(Z84),$A:$C,3,FALSE),$AZ$1) -> " " | AF84: =IFERROR(VLOOKUP(ABS(AA84),$A:$C,3,FALSE),$AZ$1) -> " " | AI84: Land: Electricity Regulated Activity, Generation: Hydraulic Power Plants (HPP) | AJ84: entry account | AK84: Not attributable by kv | AL84: 26 | AM84: El-Production / Hydraulic Production Plant | AT84: El-Production/ / Hydraulic Production Plant | AV84: Land: Electricity Regulated Activity, Generation: Hydraulic Power Plants (HPP) | AW84: =LEN(AV84) -> 78
A85: 2110.152 | B85: Land: Electricity Regulated Activity, Generation: Steam Power Plants (Steam only) | C85: =CONCATENATE(A85," ",B85) -> 2110.152 Land: Electricity Regulated Activity, Generation: Steam Power Plants (Steam only) | D85: Gen. | E85: 10 Fixed assets | F85: 2112 Land | G85: entry account l3 | H85: =VLOOKUP(I85,'heading tables'!$G$3:$H$9,2,FALSE) -> L3 | I85: =LEN(A85) -> 8 | J85: =IF(ABS(M85)>5,"Income statement","Balance Sheet") -> Balance Sheet | K85: =COUNTIF(O:O,O85) -> 33 | L85: =RIGHT(A85,2) -> 52 | M85: =LEFT($A85,1) -> 2 | N85: =LEFT($A85,2) -> 21 | O85: =LEFT($A85,4) -> 2110 | P85: =CONCATENATE(M85," ",VLOOKUP(M85,'heading tables'!$A:$C,2,FALSE)) -> 2 Non-current Assets | Q85: =CONCATENATE(N85," ",VLOOKUP(N85,'heading tables'!$A:$C,2,FALSE)) -> 21 Fixed Assets | R85: =CONCATENATE(O85," ",VLOOKUP(ABS(O85),'heading tables'!$A:$C,2,FALSE)) -> 2110 Land | S85: =N85 -> 21 | T85: =O85 -> 2110 | U85: =CONCATENATE(S85," ",VLOOKUP(S85,'heading tables'!$A:$C,2,FALSE)) -> 21 Fixed Assets | V85: =CONCATENATE(T85," ",VLOOKUP(ABS(T85),'heading tables'!$A:$C,2,FALSE)) -> 2110 Land | W85: =IF(LEFT($A85,W$1)=O85,$AZ$1,LEFT($A85,W$1)) -> 2110.1 | X85: =IF(OR(LEFT($A85,X$1)=W85,W85=$AZ$1),$AZ$1,LEFT($A85,X$1)) -> 2110.15 | Y85: =IF(OR(LEFT($A85,Y$1)=X85,X85=$AZ$1),$AZ$1,LEFT($A85,Y$1)) -> 2110.152 | Z85: =IF(OR(LEFT($A85,Z$1)=Y85,Y85=$AZ$1),$AZ$1,LEFT($A85,Z$1)) -> " " | AA85: =IF(OR(LEFT($A85,AA$1)=Z85,Z85=$AZ$1),$AZ$1,LEFT($A85,AA$1)) -> " " | AB85: =IFERROR(VLOOKUP(ABS(W85),$A:$C,3,FALSE),$AZ$1) -> 2110.1 Land: Electricity Regulated Activity | AC85: =IFERROR(VLOOKUP(ABS(X85),$A:$C,3,FALSE),$AZ$1) -> 2110.15 Land: Electricity Regulated Activity, Generation | AD85: =IFERROR(VLOOKUP(ABS(Y85),$A:$C,3,FALSE),$AZ$1) -> 2110.152 Land: Electricity Regulated Activity, Generation: Steam Power Plants (Steam only) | AE85: =IFERROR(VLOOKUP(ABS(Z85),$A:$C,3,FALSE),$AZ$1) -> " " | AF85: =IFERROR(VLOOKUP(ABS(AA85),$A:$C,3,FALSE),$AZ$1) -> " " | AI85: Land: Electricity Regulated Activity, Generation: Steam Power Plants (Steam only) | AJ85: entry account | AK85: Not attributable by kv | AL85: 27 | AM85: El-Production / Steam Production Plant | AT85: El-Production/ / Steam Production Plant | AV85: Land: Electricity Regulated Activity, Generation: Steam Power Plants (Steam only) | AW85: =LEN(AV85) -> 81
A86: 2110.153 | B86: Land: Electricity Regulated Activity, Generation: Co-Generation Power Plants (Steam only for Electricity and Steam) | C86: =CONCATENATE(A86," ",B86) -> 2110.153 Land: Electricity Regulated Activity, Generation: Co-Generation Power Plants (Steam only for Electricity and Steam) | D86: Gen. | E86: 10 Fixed assets | F86: 2112 Land | G86: entry account l3 | H86: =VLOOKUP(I86,'heading tables'!$G$3:$H$9,2,FALSE) -> L3 | I86: =LEN(A86) -> 8 | J86: =IF(ABS(M86)>5,"Income statement","Balance Sheet") -> Balance Sheet | K86: =COUNTIF(O:O,O86) -> 33 | L86: =RIGHT(A86,2) -> 53 | M86: =LEFT($A86,1) -> 2 | N86: =LEFT($A86,2) -> 21 | O86: =LEFT($A86,4) -> 2110 | P86: =CONCATENATE(M86," ",VLOOKUP(M86,'heading tables'!$A:$C,2,FALSE)) -> 2 Non-current Assets | Q86: =CONCATENATE(N86," ",VLOOKUP(N86,'heading tables'!$A:$C,2,FALSE)) -> 21 Fixed Assets | R86: =CONCATENATE(O86," ",VLOOKUP(ABS(O86),'heading tables'!$A:$C,2,FALSE)) -> 2110 Land | S86: =N86 -> 21 | T86: =O86 -> 2110 | U86: =CONCATENATE(S86," ",VLOOKUP(S86,'heading tables'!$A:$C,2,FALSE)) -> 21 Fixed Assets | V86: =CONCATENATE(T86," ",VLOOKUP(ABS(T86),'heading tables'!$A:$C,2,FALSE)) -> 2110 Land | W86: =IF(LEFT($A86,W$1)=O86,$AZ$1,LEFT($A86,W$1)) -> 2110.1 | X86: =IF(OR(LEFT($A86,X$1)=W86,W86=$AZ$1),$AZ$1,LEFT($A86,X$1)) -> 2110.15 | Y86: =IF(OR(LEFT($A86,Y$1)=X86,X86=$AZ$1),$AZ$1,LEFT($A86,Y$1)) -> 2110.153 | Z86: =IF(OR(LEFT($A86,Z$1)=Y86,Y86=$AZ$1),$AZ$1,LEFT($A86,Z$1)) -> " " | AA86: =IF(OR(LEFT($A86,AA$1)=Z86,Z86=$AZ$1),$AZ$1,LEFT($A86,AA$1)) -> " " | AB86: =IFERROR(VLOOKUP(ABS(W86),$A:$C,3,FALSE),$AZ$1) -> 2110.1 Land: Electricity Regulated Activity | AC86: =IFERROR(VLOOKUP(ABS(X86),$A:$C,3,FALSE),$AZ$1) -> 2110.15 Land: Electricity Regulated Activity, Generation | AD86: =IFERROR(VLOOKUP(ABS(Y86),$A:$C,3,FALSE),$AZ$1) -> 2110.153 Land: Electricity Regulated Activity, Generation: Co-Generation Power Plants (Steam only for Electricity and Steam) | AE86: =IFERROR(VLOOKUP(ABS(Z86),$A:$C,3,FALSE),$AZ$1) -> " " | AF86: =IFERROR(VLOOKUP(ABS(AA86),$A:$C,3,FALSE),$AZ$1) -> " " | AI86: Land: Electricity Regulated Activity, Generation: Co-Generation Power Plants (Steam only for Electricity and Steam) | AJ86: entry account | AK86: Not attributable by kv | AL86: 28 | AM86: El-Production / Co. Generation / Plant | AT86: El-Production/ / Co. Generation / Plant | AV86: Land: Electricity Regulated Activity, Generation: Co-Generation Power Plants (Steam only for Electricity and Steam) | AW86: =LEN(AV86) -> 115
A87: 2110.154 | B87: Land: Electricity Regulated Activity, Generation: Gas Power Plants (Gas only) | C87: =CONCATENATE(A87," ",B87) -> 2110.154 Land: Electricity Regulated Activity, Generation: Gas Power Plants (Gas only) | D87: Gen. | E87: 10 Fixed assets | F87: 2112 Land | G87: entry account l3 | H87: =VLOOKUP(I87,'heading tables'!$G$3:$H$9,2,FALSE) -> L3 | I87: =LEN(A87) -> 8 | J87: =IF(ABS(M87)>5,"Income statement","Balance Sheet") -> Balance Sheet | K87: =COUNTIF(O:O,O87) -> 33 | L87: =RIGHT(A87,2) -> 54 | M87: =LEFT($A87,1) -> 2 | N87: =LEFT($A87,2) -> 21 | O87: =LEFT($A87,4) -> 2110 | P87: =CONCATENATE(M87," ",VLOOKUP(M87,'heading tables'!$A:$C,2,FALSE)) -> 2 Non-current Assets | Q87: =CONCATENATE(N87," ",VLOOKUP(N87,'heading tables'!$A:$C,2,FALSE)) -> 21 Fixed Assets | R87: =CONCATENATE(O87," ",VLOOKUP(ABS(O87),'heading tables'!$A:$C,2,FALSE)) -> 2110 Land | S87: =N87 -> 21 | T87: =O87 -> 2110 | U87: =CONCATENATE(S87," ",VLOOKUP(S87,'heading tables'!$A:$C,2,FALSE)) -> 21 Fixed Assets | V87: =CONCATENATE(T87," ",VLOOKUP(ABS(T87),'heading tables'!$A:$C,2,FALSE)) -> 2110 Land | W87: =IF(LEFT($A87,W$1)=O87,$AZ$1,LEFT($A87,W$1)) -> 2110.1 | X87: =IF(OR(LEFT($A87,X$1)=W87,W87=$AZ$1),$AZ$1,LEFT($A87,X$1)) -> 2110.15 | Y87: =IF(OR(LEFT($A87,Y$1)=X87,X87=$AZ$1),$AZ$1,LEFT($A87,Y$1)) -> 2110.154 | Z87: =IF(OR(LEFT($A87,Z$1)=Y87,Y87=$AZ$1),$AZ$1,LEFT($A87,Z$1)) -> " " | AA87: =IF(OR(LEFT($A87,AA$1)=Z87,Z87=$AZ$1),$AZ$1,LEFT($A87,AA$1)) -> " " | AB87: =IFERROR(VLOOKUP(ABS(W87),$A:$C,3,FALSE),$AZ$1) -> 2110.1 Land: Electricity Regulated Activity | AC87: =IFERROR(VLOOKUP(ABS(X87),$A:$C,3,FALSE),$AZ$1) -> 2110.15 Land: Electricity Regulated Activity, Generation | AD87: =IFERROR(VLOOKUP(ABS(Y87),$A:$C,3,FALSE),$AZ$1) -> 2110.154 Land: Electricity Regulated Activity, Generation: Gas Power Plants (Gas only) | AE87: =IFERROR(VLOOKUP(ABS(Z87),$A:$C,3,FALSE),$AZ$1) -> " " | AF87: =IFERROR(VLOOKUP(ABS(AA87),$A:$C,3,FALSE),$AZ$1) -> " " | AI87: Land: Electricity Regulated Activity, Generation: Gas Power Plants (Gas only) | AJ87: entry account | AK87: Not attributable by kv | AL87: 29 | AM87: El-Production / Gas Fired Plant | AT87: El-Production/ / Gas Fired Plant | AV87: Land: Electricity Regulated Activity, Generation: Gas Power Plants (Gas only) | AW87: =LEN(AV87) -> 77
A88: 2110.155 | B88: Land: Electricity Regulated Activity, Generation: Combined Cycle Power Plants (Gas and Steam) | C88: =CONCATENATE(A88," ",B88) -> 2110.155 Land: Electricity Regulated Activity, Generation: Combined Cycle Power Plants (Gas and Steam) | D88: Gen. | E88: 10 Fixed assets | F88: 2112 Land | G88: entry account l3 | H88: =VLOOKUP(I88,'heading tables'!$G$3:$H$9,2,FALSE) -> L3 | I88: =LEN(A88) -> 8 | J88: =IF(ABS(M88)>5,"Income statement","Balance Sheet") -> Balance Sheet | K88: =COUNTIF(O:O,O88) -> 33 | L88: =RIGHT(A88,2) -> 55 | M88: =LEFT($A88,1) -> 2 | N88: =LEFT($A88,2) -> 21 | O88: =LEFT($A88,4) -> 2110 | P88: =CONCATENATE(M88," ",VLOOKUP(M88,'heading tables'!$A:$C,2,FALSE)) -> 2 Non-current Assets | Q88: =CONCATENATE(N88," ",VLOOKUP(N88,'heading tables'!$A:$C,2,FALSE)) -> 21 Fixed Assets | R88: =CONCATENATE(O88," ",VLOOKUP(ABS(O88),'heading tables'!$A:$C,2,FALSE)) -> 2110 Land | S88: =N88 -> 21 | T88: =O88 -> 2110 | U88: =CONCATENATE(S88," ",VLOOKUP(S88,'heading tables'!$A:$C,2,FALSE)) -> 21 Fixed Assets | V88: =CONCATENATE(T88," ",VLOOKUP(ABS(T88),'heading tables'!$A:$C,2,FALSE)) -> 2110 Land | W88: =IF(LEFT($A88,W$1)=O88,$AZ$1,LEFT($A88,W$1)) -> 2110.1 | X88: =IF(OR(LEFT($A88,X$1)=W88,W88=$AZ$1),$AZ$1,LEFT($A88,X$1)) -> 2110.15 | Y88: =IF(OR(LEFT($A88,Y$1)=X88,X88=$AZ$1),$AZ$1,LEFT($A88,Y$1)) -> 2110.155 | Z88: =IF(OR(LEFT($A88,Z$1)=Y88,Y88=$AZ$1),$AZ$1,LEFT($A88,Z$1)) -> " " | AA88: =IF(OR(LEFT($A88,AA$1)=Z88,Z88=$AZ$1),$AZ$1,LEFT($A88,AA$1)) -> " " | AB88: =IFERROR(VLOOKUP(ABS(W88),$A:$C,3,FALSE),$AZ$1) -> 2110.1 Land: Electricity Regulated Activity | AC88: =IFERROR(VLOOKUP(ABS(X88),$A:$C,3,FALSE),$AZ$1) -> 2110.15 Land: Electricity Regulated Activity, Generation | AD88: =IFERROR(VLOOKUP(ABS(Y88),$A:$C,3,FALSE),$AZ$1) -> 2110.155 Land: Electricity Regulated Activity, Generation: Combined Cycle Power Plants (Gas and Steam) | AE88: =IFERROR(VLOOKUP(ABS(Z88),$A:$C,3,FALSE),$AZ$1) -> " " | AF88: =IFERROR(VLOOKUP(ABS(AA88),$A:$C,3,FALSE),$AZ$1) -> " " | AI88: Land: Electricity Regulated Activity, Generation: Combined Cycle Power Plants (Gas and Steam) | AJ88: entry account | AK88: Not attributable by kv | AL88: 30 | AM88: El-Production / Combined Cycle Plant | AT88: El-Production/ / Combined Cycle Plant | AV88: Land: Electricity Regulated Activity, Generation: Combined Cycle Power Plants (Gas and Steam) | AW88: =LEN(AV88) -> 93
A89: 2110.158 | B89: Land: Electricity Regulated Activity, Generation: Technical Services | C89: =CONCATENATE(A89," ",B89) -> 2110.158 Land: Electricity Regulated Activity, Generation: Technical Services | D89: Gen. | E89: 10 Fixed assets | F89: 2111/2112 Land | G89: entry account l3 | H89: =VLOOKUP(I89,'heading tables'!$G$3:$H$9,2,FALSE) -> L3 | I89: =LEN(A89) -> 8 | J89: =IF(ABS(M89)>5,"Income statement","Balance Sheet") -> Balance Sheet | K89: =COUNTIF(O:O,O89) -> 33 | L89: =RIGHT(A89,2) -> 58 | M89: =LEFT($A89,1) -> 2 | N89: =LEFT($A89,2) -> 21 | O89: =LEFT($A89,4) -> 2110 | P89: =CONCATENATE(M89," ",VLOOKUP(M89,'heading tables'!$A:$C,2,FALSE)) -> 2 Non-current Assets | Q89: =CONCATENATE(N89," ",VLOOKUP(N89,'heading tables'!$A:$C,2,FALSE)) -> 21 Fixed Assets | R89: =CONCATENATE(O89," ",VLOOKUP(ABS(O89),'heading tables'!$A:$C,2,FALSE)) -> 2110 Land | S89: =N89 -> 21 | T89: =O89 -> 2110 | U89: =CONCATENATE(S89," ",VLOOKUP(S89,'heading tables'!$A:$C,2,FALSE)) -> 21 Fixed Assets | V89: =CONCATENATE(T89," ",VLOOKUP(ABS(T89),'heading tables'!$A:$C,2,FALSE)) -> 2110 Land | W89: =IF(LEFT($A89,W$1)=O89,$AZ$1,LEFT($A89,W$1)) -> 2110.1 | X89: =IF(OR(LEFT($A89,X$1)=W89,W89=$AZ$1),$AZ$1,LEFT($A89,X$1)) -> 2110.15 | Y89: =IF(OR(LEFT($A89,Y$1)=X89,X89=$AZ$1),$AZ$1,LEFT($A89,Y$1)) -> 2110.158 | Z89: =IF(OR(LEFT($A89,Z$1)=Y89,Y89=$AZ$1),$AZ$1,LEFT($A89,Z$1)) -> " " | AA89: =IF(OR(LEFT($A89,AA$1)=Z89,Z89=$AZ$1),$AZ$1,LEFT($A89,AA$1)) -> " " | AB89: =IFERROR(VLOOKUP(ABS(W89),$A:$C,3,FALSE),$AZ$1) -> 2110.1 Land: Electricity Regulated Activity | AC89: =IFERROR(VLOOKUP(ABS(X89),$A:$C,3,FALSE),$AZ$1) -> 2110.15 Land: Electricity Regulated Activity, Generation | AD89: =IFERROR(VLOOKUP(ABS(Y89),$A:$C,3,FALSE),$AZ$1) -> 2110.158 Land: Electricity Regulated Activity, Generation: Technical Services | AE89: =IFERROR(VLOOKUP(ABS(Z89),$A:$C,3,FALSE),$AZ$1) -> " " | AF89: =IFERROR(VLOOKUP(ABS(AA89),$A:$C,3,FALSE),$AZ$1) -> " " | AI89: Land: Electricity Regulated Activity, Generation: Technical Services | AJ89: entry account | AK89: Not attributable by kv | AL89: 31 | AM89: El-Production / General Plant | AT89: El-Production / General Plant | AV89: Land: Electricity Regulated Activity, Generation: Technical Services | AW89: =LEN(AV89) -> 68
A90: 2110.159 | B90: Land: Electricity Regulated Activity, Generation: Administration | C90: =CONCATENATE(A90," ",B90) -> 2110.159 Land: Electricity Regulated Activity, Generation: Administration | D90: Gen. | E90: 10 Fixed assets | F90: 2111/2112 Land | G90: entry account l3 | H90: =VLOOKUP(I90,'heading tables'!$G$3:$H$9,2,FALSE) -> L3 | I90: =LEN(A90) -> 8 | J90: =IF(ABS(M90)>5,"Income statement","Balance Sheet") -> Balance Sheet | K90: =COUNTIF(O:O,O90) -> 33 | L90: =RIGHT(A90,2) -> 59 | M90: =LEFT($A90,1) -> 2 | N90: =LEFT($A90,2) -> 21 | O90: =LEFT($A90,4) -> 2110 | P90: =CONCATENATE(M90," ",VLOOKUP(M90,'heading tables'!$A:$C,2,FALSE)) -> 2 Non-current Assets | Q90: =CONCATENATE(N90," ",VLOOKUP(N90,'heading tables'!$A:$C,2,FALSE)) -> 21 Fixed Assets | R90: =CONCATENATE(O90," ",VLOOKUP(ABS(O90),'heading tables'!$A:$C,2,FALSE)) -> 2110 Land | S90: =N90 -> 21 | T90: =O90 -> 2110 | U90: =CONCATENATE(S90," ",VLOOKUP(S90,'heading tables'!$A:$C,2,FALSE)) -> 21 Fixed Assets | V90: =CONCATENATE(T90," ",VLOOKUP(ABS(T90),'heading tables'!$A:$C,2,FALSE)) -> 2110 Land | W90: =IF(LEFT($A90,W$1)=O90,$AZ$1,LEFT($A90,W$1)) -> 2110.1 | X90: =IF(OR(LEFT($A90,X$1)=W90,W90=$AZ$1),$AZ$1,LEFT($A90,X$1)) -> 2110.15 | Y90: =IF(OR(LEFT($A90,Y$1)=X90,X90=$AZ$1),$AZ$1,LEFT($A90,Y$1)) -> 2110.159 | Z90: =IF(OR(LEFT($A90,Z$1)=Y90,Y90=$AZ$1),$AZ$1,LEFT($A90,Z$1)) -> " " | AA90: =IF(OR(LEFT($A90,AA$1)=Z90,Z90=$AZ$1),$AZ$1,LEFT($A90,AA$1)) -> " " | AB90: =IFERROR(VLOOKUP(ABS(W90),$A:$C,3,FALSE),$AZ$1) -> 2110.1 Land: Electricity Regulated Activity | AC90: =IFERROR(VLOOKUP(ABS(X90),$A:$C,3,FALSE),$AZ$1) -> 2110.15 Land: Electricity Regulated Activity, Generation | AD90: =IFERROR(VLOOKUP(ABS(Y90),$A:$C,3,FALSE),$AZ$1) -> 2110.159 Land: Electricity Regulated Activity, Generation: Administration | AE90: =IFERROR(VLOOKUP(ABS(Z90),$A:$C,3,FALSE),$AZ$1) -> " " | AF90: =IFERROR(VLOOKUP(ABS(AA90),$A:$C,3,FALSE),$AZ$1) -> " " | AI90: Land: Electricity Regulated Activity, Generation: Administration | AJ90: entry account | AK90: Not attributable by kv | AL90: 32 | AM90: El-Production / General Plant | AT90: El-Production / General Plant | AV90: Land: Electricity Regulated Activity, Generation: Administration | AW90: =LEN(AV90) -> 64
A91: 2110.19 | B91: Land: Electricity Regulated Activity, Other | C91: =CONCATENATE(A91," ",B91) -> 2110.19 Land: Electricity Regulated Activity, Other | D91: Other regulated activities | E91: not defined in gnerc form | F91: not defined in gnerc form | G91: entry account l2 | H91: =VLOOKUP(I91,'heading tables'!$G$3:$H$9,2,FALSE) -> L2 | I91: =LEN(A91) -> 7 | J91: =IF(ABS(M91)>5,"Income statement","Balance Sheet") -> Balance Sheet | K91: =COUNTIF(O:O,O91) -> 33 | L91: =RIGHT(A91,2) -> 19 | M91: =LEFT($A91,1) -> 2 | N91: =LEFT($A91,2) -> 21 | O91: =LEFT($A91,4) -> 2110 | P91: =CONCATENATE(M91," ",VLOOKUP(M91,'heading tables'!$A:$C,2,FALSE)) -> 2 Non-current Assets | Q91: =CONCATENATE(N91," ",VLOOKUP(N91,'heading tables'!$A:$C,2,FALSE)) -> 21 Fixed Assets | R91: =CONCATENATE(O91," ",VLOOKUP(ABS(O91),'heading tables'!$A:$C,2,FALSE)) -> 2110 Land | S91: =N91 -> 21 | T91: =O91 -> 2110 | U91: =CONCATENATE(S91," ",VLOOKUP(S91,'heading tables'!$A:$C,2,FALSE)) -> 21 Fixed Assets | V91: =CONCATENATE(T91," ",VLOOKUP(ABS(T91),'heading tables'!$A:$C,2,FALSE)) -> 2110 Land | W91: =IF(LEFT($A91,W$1)=O91,$AZ$1,LEFT($A91,W$1)) -> 2110.1 | X91: =IF(OR(LEFT($A91,X$1)=W91,W91=$AZ$1),$AZ$1,LEFT($A91,X$1)) -> 2110.19 | Y91: =IF(OR(LEFT($A91,Y$1)=X91,X91=$AZ$1),$AZ$1,LEFT($A91,Y$1)) -> " " | Z91: =IF(OR(LEFT($A91,Z$1)=Y91,Y91=$AZ$1),$AZ$1,LEFT($A91,Z$1)) -> " " | AA91: =IF(OR(LEFT($A91,AA$1)=Z91,Z91=$AZ$1),$AZ$1,LEFT($A91,AA$1)) -> " " | AB91: =IFERROR(VLOOKUP(ABS(W91),$A:$C,3,FALSE),$AZ$1) -> 2110.1 Land: Electricity Regulated Activity | AC91: =IFERROR(VLOOKUP(ABS(X91),$A:$C,3,FALSE),$AZ$1) -> 2110.19 Land: Electricity Regulated Activity, Other | AD91: =IFERROR(VLOOKUP(ABS(Y91),$A:$C,3,FALSE),$AZ$1) -> " " | AE91: =IFERROR(VLOOKUP(ABS(Z91),$A:$C,3,FALSE),$AZ$1) -> " " | AF91: =IFERROR(VLOOKUP(ABS(AA91),$A:$C,3,FALSE),$AZ$1) -> " " | AI91: Land: Electricity Regulated Activity, Other | AJ91: entry account | AK91: Not attributable by kv | AL91: 33 | AM91: Other Regulated PP&E | AT91: Other Regulated PP&E | AV91: Land: Electricity Regulated Activity, Other | AW91: =LEN(AV91) -> 43
A92: 2110.9 | B92: Land: Non-Regulated Activity | C92: =CONCATENATE(A92," ",B92) -> 2110.9 Land: Non-Regulated Activity | D92: non R.A. | E92: not defined in gnerc form | F92: not defined in gnerc form | G92: entry account l1 | H92: =VLOOKUP(I92,'heading tables'!$G$3:$H$9,2,FALSE) -> L1 | I92: =LEN(A92) -> 6 | J92: =IF(ABS(M92)>5,"Income statement","Balance Sheet") -> Balance Sheet | K92: =COUNTIF(O:O,O92) -> 33 | L92: =RIGHT(A92,2) -> .9 | M92: =LEFT($A92,1) -> 2 | N92: =LEFT($A92,2) -> 21 | O92: =LEFT($A92,4) -> 2110 | P92: =CONCATENATE(M92," ",VLOOKUP(M92,'heading tables'!$A:$C,2,FALSE)) -> 2 Non-current Assets | Q92: =CONCATENATE(N92," ",VLOOKUP(N92,'heading tables'!$A:$C,2,FALSE)) -> 21 Fixed Assets | R92: =CONCATENATE(O92," ",VLOOKUP(ABS(O92),'heading tables'!$A:$C,2,FALSE)) -> 2110 Land | S92: =N92 -> 21 | T92: =O92 -> 2110 | U92: =CONCATENATE(S92," ",VLOOKUP(S92,'heading tables'!$A:$C,2,FALSE)) -> 21 Fixed Assets | V92: =CONCATENATE(T92," ",VLOOKUP(ABS(T92),'heading tables'!$A:$C,2,FALSE)) -> 2110 Land | W92: =IF(LEFT($A92,W$1)=O92,$AZ$1,LEFT($A92,W$1)) -> 2110.9 | X92: =IF(OR(LEFT($A92,X$1)=W92,W92=$AZ$1),$AZ$1,LEFT($A92,X$1)) -> " " | Y92: =IF(OR(LEFT($A92,Y$1)=X92,X92=$AZ$1),$AZ$1,LEFT($A92,Y$1)) -> " " | Z92: =IF(OR(LEFT($A92,Z$1)=Y92,Y92=$AZ$1),$AZ$1,LEFT($A92,Z$1)) -> " " | AA92: =IF(OR(LEFT($A92,AA$1)=Z92,Z92=$AZ$1),$AZ$1,LEFT($A92,AA$1)) -> " " | AB92: =IFERROR(VLOOKUP(ABS(W92),$A:$C,3,FALSE),$AZ$1) -> 2110.9 Land: Non-Regulated Activity | AC92: =IFERROR(VLOOKUP(ABS(X92),$A:$C,3,FALSE),$AZ$1) -> " " | AD92: =IFERROR(VLOOKUP(ABS(Y92),$A:$C,3,FALSE),$AZ$1) -> " " | AE92: =IFERROR(VLOOKUP(ABS(Z92),$A:$C,3,FALSE),$AZ$1) -> " " | AF92: =IFERROR(VLOOKUP(ABS(AA92),$A:$C,3,FALSE),$AZ$1) -> " " | AI92: Land: Non-Regulated Activity | AJ92: entry account | AK92: Not attributable by kv | AL92: 34 | AM92: Non Regulated | AT92: Non Regulated | AV92: Land: Non-Regulated Activity | AW92: =LEN(AV92) -> 28
A93: 2120 | B93: Construction in progress | C93: =CONCATENATE(A93," ",B93) -> 2120 Construction in progress | D93: General | E93: 10 Fixed assets | F93: 0 | G93: Head accounts | H93: =VLOOKUP(I93,'heading tables'!$G$3:$H$9,2,FALSE) -> M | I93: =LEN(A93) -> 4 | J93: =IF(ABS(M93)>5,"Income statement","Balance Sheet") -> Balance Sheet | K93: =COUNTIF(O:O,O93) -> 9 | L93: =RIGHT(A93,2) -> 20 | M93: =LEFT($A93,1) -> 2 | N93: =LEFT($A93,2) -> 21 | O93: =LEFT($A93,4) -> 2120 | P93: =CONCATENATE(M93," ",VLOOKUP(M93,'heading tables'!$A:$C,2,FALSE)) -> 2 Non-current Assets | Q93: =CONCATENATE(N93," ",VLOOKUP(N93,'heading tables'!$A:$C,2,FALSE)) -> 21 Fixed Assets | R93: =CONCATENATE(O93," ",VLOOKUP(ABS(O93),'heading tables'!$A:$C,2,FALSE)) -> 2120 Construction in progress | S93: =N93 -> 21 | T93: =O93 -> 2120 | U93: =CONCATENATE(S93," ",VLOOKUP(S93,'heading tables'!$A:$C,2,FALSE)) -> 21 Fixed Assets | V93: =CONCATENATE(T93," ",VLOOKUP(ABS(T93),'heading tables'!$A:$C,2,FALSE)) -> 2120 Construction in progress | W93: =IF(LEFT($A93,W$1)=O93,$AZ$1,LEFT($A93,W$1)) -> " " | X93: =IF(OR(LEFT($A93,X$1)=W93,W93=$AZ$1),$AZ$1,LEFT($A93,X$1)) -> " " | Y93: =IF(OR(LEFT($A93,Y$1)=X93,X93=$AZ$1),$AZ$1,LEFT($A93,Y$1)) -> " " | Z93: =IF(OR(LEFT($A93,Z$1)=Y93,Y93=$AZ$1),$AZ$1,LEFT($A93,Z$1)) -> " " | AA93: =IF(OR(LEFT($A93,AA$1)=Z93,Z93=$AZ$1),$AZ$1,LEFT($A93,AA$1)) -> " " | AB93: =IFERROR(VLOOKUP(ABS(W93),$A:$C,3,FALSE),$AZ$1) -> " " | AC93: =IFERROR(VLOOKUP(ABS(X93),$A:$C,3,FALSE),$AZ$1) -> " " | AD93: =IFERROR(VLOOKUP(ABS(Y93),$A:$C,3,FALSE),$AZ$1) -> " " | AE93: =IFERROR(VLOOKUP(ABS(Z93),$A:$C,3,FALSE),$AZ$1) -> " " | AF93: =IFERROR(VLOOKUP(ABS(AA93),$A:$C,3,FALSE),$AZ$1) -> " " | AI93: Construction in progress | AJ93: cumulative | AK93: Not attributable by kv | AL93: 35 | AM93: 0 | AV93: Construction in progress | AW93: =LEN(AV93) -> 24
